Workbook

Sheet BI
A1: BI (Basic Information) | Valuation Basic Information
A3: Valuation Reference Date
A4: Base Year | B4: Base Month | C4: Date
A5: 2025 | B5: 6 | C5: 45838
A7: Projection End
A8: Year | B8: Fiscal Month | C8: End Date
A9: 2029 | B9: 12 | C9: 47483
A11: Valuation Period
A12: Duration | B12: Mid/End
A13: 5 | B13: Mid
A15: Company
A16: Company Name

Sheet WACC
A1: WACC | Weighted Average Cost of Capital Estimation
A3: WACC | F3: Discounted Cash Flow (DCF) and Weighted Average Cost of Capital (WACC)
A4: Risk-Free Rate (Rf) | B4: 0.02859 | F4: In the DCF method, the cost of capital must be determined by considering all the capital invested to generate corporate cash flows. Investors include both equity (shareholders) and debt (borrowed capital).
A5: Market Risk Premium (MRP) | B5: 0.08 | F5: If there are other forms of capital with different claims, such as preferred stock, they must also be included. The cost of each capital component is weighted based on the market value of the invested capital to derive the Weighted Average Cost of Capital (WACC), which is used to discount corporate cash flows.
A6: Unlevered Beta | B6: 1 | F6: WACC represents the discount rate used to convert the expected future free cash flows of a business or operation into their present value, allocated to all capital providers, including shareholders and creditors.
A7: Equity Beta | B7: =(1+(1-$B$11)*$B$13)*$B$6 -> 2 | C7: → Automatically or manually inputtable | F7: Here, debt capital refers to interest-bearing liabilities. Liabilities such as accounts payable are generally classified as operating liabilities and reflected in free cash flow (FCF) as changes in working capital, so they are excluded from debt capital.
A8: Size Risk Premium | B8: 0.0375 | F8: The basic structure for calculating WACC is as follows:
A9: Cost of Equity (Ke) | B9: =B4+B5*B7+B8 -> 0.22609 | F9: WACC = Kd(1-tax) x D/(E+D) + Ke x E/(E+D)
A10: Cost of Debt (Kd) | B10: 0.04446 | F10: Kd = Cost of Debt
A11: Tax Rate | B11: =TAX!B12 -> 0 | C11: → Automatically calculated based on projected operating income. | F11: Ke = Cost of Equity
A12: After-Tax Cost of Debt | B12: =B10*(1-B11) -> 0.04446 | F12: D = Debt
A13: Debt-to-Equity Ratio (D/E) | B13: 1 | F13: E = Equity
A14: E/(E+D) | B14: =1/(1+B13) -> 0.5
A15: D/(E+D) | B15: =1-B14 -> 0.5
A16: Weighted Average Cost of Capital | B16: =ROUND($B$12*(1-(1/(1+$B$13)))+$B$9*(1/(1+$B$13)), 4) -> 0.1353 | C16: → Evaluation is possible even with a manually specified discount rate.

Sheet PL
A1: PL(Profit and Loss Statement)
A4: Main Category | B4: Medium Category | C4: Subcategory | D4: Detailed Category | E4: Sub-Detailed Category | F4: 2023 | G4: 2024 | H4: 01/2025-06/2025 | I4: Account Type | J4: Analysis Method | K4: Notes & References
A5: I. Revenue | B5: Product Revenue | F5: 168063711 | G5: 170880819 | H5: 89085937 | I5: Revenue | J5: Revenue Growth Rate
A6: I. Revenue | B6: Service Revenue | F6: 29083587 | G6: 31617233 | H6: 19292087 | I6: Revenue | J6: Market Share
A7: II. Cost of Goods Sold | B7: Labor Costs | F7: 22889937 | G7: 22775909 | H7: 11399548 | I7: COGS | J7: Labor Costs
A8: II. Cost of Goods Sold | B8: Retirement Benefits | F8: 2245173 | G8: 2231672 | H8: 1284506 | I8: COGS | J8: Labor Costs
A9: II. Cost of Goods Sold | B9: Material Cost | F9: 43512069 | G9: 43080381 | H9: 22570358 | I9: COGS | J9: Variable Costs
A10: II. Cost of Goods Sold | B10: Depreciation Expenses | F10: 6160194 | G10: 6160194 | H10: 3180097 | I10: COGS | J10: Depreciation and Amortization
A11: II. Cost of Goods Sold | B11: Rental Expense | F11: 785495 | G11: 833423 | H11: 482154 | I11: COGS | J11: Fixed Costs
A12: II. Cost of Goods Sold | B12: Repair Expense | F12: 0 | G12: 200000 | H12: 2500 | I12: COGS | J12: Fixed Costs
A13: II. Cost of Goods Sold | B13: Insurance Expense | F13: 1139403 | G13: 1255062 | H13: 605071 | I13: COGS | J13: Fixed Costs
A14: II. Cost of Goods Sold | B14: Freight Expense | F14: 399023 | G14: 734996 | H14: 404825 | I14: COGS | J14: Fixed Costs
A15: II. Cost of Goods Sold | B15: Amortization of Intangible Assets | F15: 400630 | G15: 400630 | H15: 200315 | I15: COGS | J15: Depreciation and Amortization
A16: IV. Selling & Administrative Expenses | B16: Employee Salary | F16: 21567004 | G16: 21670978 | H16: 10844209 | I16: SGA | J16: Labor Costs
... A35: V. Non-Operating Income & Expenses | B35: Interest Income | F35: 834356 | G35: 804784 | H35: 396278 | I35: NO | J35: Non-Operating

Sheet BS
A1: BS(Balance Sheet)
A4: Main Category | B4: Medium Category | C4: Subcategory | D4: Detailed Category | E4: Sub-Detailed Category | F4: 2023 | G4: 2024 | H4: 45838 | I4: Account Type | J4: Notes & References
A5: Assets | B5: I. Current Assets | C5: (1) Quick Assets | D5: Checking Deposits | F5: 6917692 | G5: 6093467 | H5: 8179986 | I5: NOA
A6: Assets | B6: I. Current Assets | C6: (1) Quick Assets | D6: Accounts Receivable | F6: 19199229 | G6: 26833964 | H6: 20012390 | I6: WC
A7: Assets | B7: I. Current Assets | C7: (1) Quick Assets | D7: Accrued Receivables | F7: 11000 | G7: 0 | H7: 0 | I7: OAL
A8: Assets | B8: I. Current Assets | C8: (1) Quick Assets | D8: Accrued Income | F8: 0 | G8: 0 | H8: 175208 | I8: OAL
A9: Assets | B9: I. Current Assets | C9: (1) Quick Assets | D9: Short-term Financial Products | F9: 0 | G9: 0 | H9: 8000000 | I9: NOA
A10: Assets | B10: I. Current Assets | C10: (1) Quick Assets | D10: Long-term Financial Products | F10: 0 | G10: 0 | H10: 10000000 | I10: NOA
A11: Assets | B11: I. Current Assets | C11: (1) Quick Assets | D11: Prepaid Expenses | F11: 5620521 | G11: 5704825 | H11: 0 | I11: OAL
A12: Assets | B12: I. Current Assets | C12: (2) Inventory Assets | D12: Finished Goods | F12: 5640062 | G12: 5031332 | H12: 2422232 | I12: WC
A13: Assets | B13: I. Current Assets | C13: (2) Inventory Assets | D13: Work in Progress | F13: 17147 | G13: 14051 | H13: 20563 | I13: WC
A14: Assets | B14: II. Non-Current Assets | C14: (1) Tangible Assets | D14: Land | F14: 2544067 | G14: 2544067 | H14: 2544067 | I14: FA
A15: Assets | B15: II. Non-Current Assets | C15: (1) Tangible Assets | D15: Building | E15: Building - Acquisition Cost | F15: 27174134 | G15: 27174134 | H15: 27174134 | I15: FA
A16: Assets | B16: II. Non-Current Assets | C16: (1) Tangible Assets | D16: Building | E16: Building - Accumulated Depreciation | F16: -5389028 | G16: -6747734 | H16: -7427088 | I16: FA
A17: Assets | B17: II. Non-Current Assets | C17: (1) Tangible Assets | D17: Machinery | E17: Machinery - Acquisition Cost | F17: 37395794 | G17: 37395794 | H17: 37395794 | I17: FA
A18: Assets | B18: II. Non-Current Assets | C18: (1) Tangible Assets | D18: Machinery | E18: Machinery - Accumulated Depreciation | F18: -7415501 | G18: -9285290 | H18: -10220185 | I18: FA
A19: Assets | B19: II. Non-Current Assets | C19: (2) Intangible Assets | D19: Patent Rights | F19: 3380178 | G19: 2979548 | H19: 2779233 | I19: FA
A20: Assets | B20: II. Non-Current Assets | C20: (3) Other Non-Current Assets | D20: Lease Deposits | F20: 1146200 | G20: 1146200 | H20: 1146200 | I20: OAL
A21: Assets | B21: II. Non-Current Assets | C21: (3) Other Non-Current Assets | D21: Long-term Prepaid Expenses | F21: 654158 | G21: 527063 | H21: 527063 | I21: OAL
A22: Liabilities | B22: I. Current Liabilities | C22: Accounts Payable | F22: 452900 | G22: 436583 | H22: 657908 | I22: WC
A23: Liabilities | B23: I. Current Liabilities | C23: Withholding Deposits | F23: 17793 | G23: 18672 | H23: 20976 | I23: OAL
A24: Liabilities | B24: I. Current Liabilities | C24: Accrued Expenses | F24: 1599047 | G24: 1665678 | H24: 1637413 | I24: OAL
A25: Liabilities | B25: I. Current Liabilities | C25: Current Portion of Long-Term Debt | F25: 6024000 | G25: 6024000 | H25: 4024000 | I25: IBD
A26: Liabilities | B26: II. Non-Current Liabilities | C26: Provision for Retirement Benefits | F26: 459530 | G26: 656179 | H26: 656179 | I26: OAL
A27: Liabilities | B27: II. Non-Current Liabilities | C27: Convertible Bonds | F27: 10000000 | G27: 10000000 | H27: 10000000 | I27: IBD
A28: Equity | F28: 78342383 | G28: 80610309 | H28: 85733121 | I28: EQU

Sheet Data
A1: DATA: Basic Assumptions | Projected Indicators for Valuation (Inflation Rate, GDP Growth Rate, Wage Growth Rate)
A3: Congressional Budget Office(CBO) | C3: Edition : Jan 2025 | E3: International Monetary Fund(IMF) | G3: Edition : Apr 2025
A5: Country | B5: Source | C5: Indicator Description | D5: 2025 | E5: 2026 | F5: 2027 | G5: 2028 | H5: 2029 | I5: 2030 | J5: 2031 | K5: 2032 | L5: 2033 | M5: 2034 | N5: 2035 | O5: 2036 | P5: 2037 | Q5: 2038 | R5: 2039 | S5: 2040 | T5: 2041 | U5: 2042 | V5: 2043 | W5: 2044 | X5: 2045 | Y5: 2046 | Z5: 2047 | AA5: 2048 | AB5: 2049 | AC5: 2050 | AD5: 2051 | AE5: 2052 | AF5: 2053 | AG5: 2054
A6: United States of America | B6: CBO | C6: GDP price index, Percentage change | D6: 0.02198 | E6: 0.02075 | F6: 0.01995 | G6: 0.01988 | H6: 0.01992 | I6: 0.01987 | J6: 0.01986 | K6: 0.01987 | L6: 0.01991 | M6: 0.01989 | N6: 0.0199 | O6: 0.0199 | P6: 0.0199 | Q6: 0.0199 | R6: 0.0199 | S6: 0.0199 | T6: 0.0199 | U6: 0.0199 | V6: 0.0199 | W6: 0.0199 | X6: 0.0199 | Y6: 0.0199 | Z6: 0.0199 | AA6: 0.0199 | AB6: 0.0199 | AC6: 0.0199 | AD6: 0.0199 | AE6: 0.0199 | AF6: 0.0199 | AG6: 0.0199
A7: United States of America | B7: IMF | C7: Inflation, average consumer prices | D7: 0.02988 | E7: 0.02466 | F7: 0.0211 | G7: 0.02155 | H7: 0.02169 | I7: 0.02175 | J7: 0.02175 | K7: 0.02175 | L7: 0.02175 | M7: 0.02175 | N7: 0.02175 | O7: 0.02175 | P7: 0.02175 | Q7: 0.02175 | R7: 0.02175 | S7: 0.02175 | T7: 0.02175 | U7: 0.02175 | V7: 0.02175 | W7: 0.02175 | X7: 0.02175 | Y7: 0.02175 | Z7: 0.02175 | AA7: 0.02175 | AB7: 0.02175 | AC7: 0.02175 | AD7: 0.02175 | AE7: 0.02175 | AF7: 0.02175 | AG7: 0.02175
A8: United States of America | B8: CBO | C8: Gross domestic product (GDP), Percentage change | D8: 0.04371 | E8: 0.0394 | F8: 0.03793 | G8: 0.03767 | H8: 0.03814 | I8: 0.03845 | J8: 0.03844 | K8: 0.03867 | L8: 0.03854 | M8: 0.03823 | N8: 0.03786 | O8: 0.03786 | P8: 0.03786 | Q8: 0.03786 | R8: 0.03786 | S8: 0.03786 | T8: 0.03786 | U8: 0.03786 | V8: 0.03786 | W8: 0.03786 | X8: 0.03786 | Y8: 0.03786 | Z8: 0.03786 | AA8: 0.03786 | AB8: 0.03786 | AC8: 0.03786 | AD8: 0.03786 | AE8: 0.03786 | AF8: 0.03786 | AG8: 0.03786
A9: United States of America | B9: CBO | C9: Employment cost index (ECI), private wages and salaries, Percentage change | D9: 0.03485 | E9: 0.03355 | F9: 0.03204 | G9: 0.03099 | H9: 0.03027 | I9: 0.02983 | J9: 0.02956 | K9: 0.02944 | L9: 0.02941 | M9: 0.02935 | N9: 0.02929 | O9: 0.02929 | P9: 0.02929 | Q9: 0.02929 | R9: 0.02929 | S9: 0.02929 | T9: 0.02929 | U9: 0.02929 | V9: 0.02929 | W9: 0.02929 | X9: 0.02929 | Y9: 0.02929 | Z9: 0.02929 | AA9: 0.02929 | AB9: 0.02929 | AC9: 0.02929 | AD9: 0.02929 | AE9: 0.02929 | AF9: 0.02929 | AG9: 0.02929
B11: : If no projection data is available, it is assumed that the growth rate from the previous year continues (shaded in gray).

Sheet PL_A
A1: PL_Adjustment
A2: ※ Enter any adjustments to the financial statements
A4: Main Category | B4: Medium Category | C4: Subcategory | D4: Detailed Category | E4: Sub-Detailed Category | F4: 2023 | G4: 2024 | H4: 01/2025-06/2025 | I4: Account Type | J4: Analysis Method | K4: Notes & References
A5: I. Revenue | B5: Product Revenue | I5: Revenue | J5: Revenue Growth Rate
A6: I. Revenue | B6: Service Revenue | I6: Revenue | J6: Market Share
A7: II. Cost of Goods Sold | B7: Labor Costs | I7: COGS | J7: Labor Costs
A8: II. Cost of Goods Sold | B8: Retirement Benefits | I8: COGS | J8: Labor Costs
A9: II. Cost of Goods Sold | B9: Material Cost | I9: COGS | J9: Variable Costs
A10: II. Cost of Goods Sold | B10: Depreciation Expenses | I10: COGS | J10: Depreciation and Amortization
A11: II. Cost of Goods Sold | B11: Rental Expense | I11: COGS | J11: Fixed Costs
A12: II. Cost of Goods Sold | B12: Repair Expense | I12: COGS | J12: Fixed Costs
A13: II. Cost of Goods Sold | B13: Insurance Expense | I13: COGS | J13: Fixed Costs
A14: II. Cost of Goods Sold | B14: Freight Expense | I14: COGS | J14: Fixed Costs
A15: II. Cost of Goods Sold | B15: Amortization of Intangible Assets | I15: COGS | J15: Depreciation and Amortization
A16: IV. Selling & Administrative Expenses | B16: Employee Salary | I16: SGA | J16: Labor Costs
... A35: V. Non-Operating Income & Expenses | B35: Interest Income | I35: NO | J35: Non-Operating

Sheet BS_A
A1: BS_Adjustment
A2: ※ Enter any adjustments to the financial statements
A4: Main Category | B4: Medium Category | C4: Subcategory | D4: Detailed Category | E4: Sub-Detailed Category | F4: 2023 | G4: 2024 | H4: 45838 | I4: Account Type | J4: Notes & References
A5: Assets | B5: I. Current Assets | C5: (1) Quick Assets | D5: Checking Deposits | I5: NOA
A6: Assets | B6: I. Current Assets | C6: (1) Quick Assets | D6: Accounts Receivable | I6: WC
A7: Assets | B7: I. Current Assets | C7: (1) Quick Assets | D7: Accrued Receivables | I7: OAL
A8: Assets | B8: I. Current Assets | C8: (1) Quick Assets | D8: Accrued Income | I8: OAL
A9: Assets | B9: I. Current Assets | C9: (1) Quick Assets | D9: Short-term Financial Products | I9: NOA
A10: Assets | B10: I. Current Assets | C10: (1) Quick Assets | D10: Long-term Financial Products | I10: NOA
A11: Assets | B11: I. Current Assets | C11: (1) Quick Assets | D11: Prepaid Expenses | I11: OAL
A12: Assets | B12: I. Current Assets | C12: (2) Inventory Assets | D12: Finished Goods | I12: WC
A13: Assets | B13: I. Current Assets | C13: (2) Inventory Assets | D13: Work in Progress | I13: WC
A14: Assets | B14: II. Non-Current Assets | C14: (1) Tangible Assets | D14: Land | I14: FA
A15: Assets | B15: II. Non-Current Assets | C15: (1) Tangible Assets | D15: Building | E15: Building - Acquisition Cost | I15: FA
A16: Assets | B16: II. Non-Current Assets | C16: (1) Tangible Assets | D16: Building | E16: Building - Accumulated Depreciation | I16: FA
A17: Assets | B17: II. Non-Current Assets | C17: (1) Tangible Assets | D17: Machinery | E17: Machinery - Acquisition Cost | I17: FA
A18: Assets | B18: II. Non-Current Assets | C18: (1) Tangible Assets | D18: Machinery | E18: Machinery - Accumulated Depreciation | I18: FA
A19: Assets | B19: II. Non-Current Assets | C19: (2) Intangible Assets | D19: Patent Rights | I19: FA
A20: Assets | B20: II. Non-Current Assets | C20: (3) Other Non-Current Assets | D20: Lease Deposits | I20: OAL
A21: Assets | B21: II. Non-Current Assets | C21: (3) Other Non-Current Assets | D21: Long-term Prepaid Expenses | I21: OAL
A22: Liabilities | B22: I. Current Liabilities | C22: Accounts Payable | I22: WC
A23: Liabilities | B23: I. Current Liabilities | C23: Withholding Deposits | I23: OAL
A24: Liabilities | B24: I. Current Liabilities | C24: Accrued Expenses | I24: OAL
A25: Liabilities | B25: I. Current Liabilities | C25: Current Portion of Long-Term Debt | I25: IBD
A26: Liabilities | B26: II. Non-Current Liabilities | C26: Provision for Retirement Benefits | I26: OAL
A27: Liabilities | B27: II. Non-Current Liabilities | C27: Convertible Bonds | I27: IBD
A28: Equity | I28: EQU

Sheet PL_F
A1: PL_Final
A2: ※ Profit and Loss statement reflecting the financial-statement adjustments
A4: Main Category | B4: Medium Category | C4: Subcategory | D4: Detailed Category | E4: Sub-Detailed Category | F4: 2023 | G4: 2024 | H4: 01/2025-06/2025 | I4: Account Type | J4: Analysis Method | K4: Notes & References
A5: I. Revenue | B5: Product Revenue | C5: Product Revenue | D5: Product Revenue | E5: Product Revenue | F5: =PL!F5+PL_A!F5 -> 168063711 | G5: =PL!G5+PL_A!G5 -> 170880819 | H5: =PL!H5+PL_A!H5 -> 89085937 | I5: Revenue | J5: Revenue Growth Rate
A6: I. Revenue | B6: Service Revenue | C6: Service Revenue | D6: Service Revenue | E6: Service Revenue | F6: =PL!F6+PL_A!F6 -> 29083587 | G6: =PL!G6+PL_A!G6 -> 31617233 | H6: =PL!H6+PL_A!H6 -> 19292087 | I6: Revenue | J6: Market Share
A7: II. Cost of Goods Sold | B7: Labor Costs | C7: Labor Costs | D7: Labor Costs | E7: Labor Costs | F7: =PL!F7+PL_A!F7 -> 22889937 | G7: =PL!G7+PL_A!G7 -> 22775909 | H7: =PL!H7+PL_A!H7 -> 11399548 | I7: COGS | J7: Labor Costs
A8: II. Cost of Goods Sold | B8: Retirement Benefits | C8: Retirement Benefits | D8: Retirement Benefits | E8: Retirement Benefits | F8: =PL!F8+PL_A!F8 -> 2245173 | G8: =PL!G8+PL_A!G8 -> 2231672 | H8: =PL!H8+PL_A!H8 -> 1284506 | I8: COGS | J8: Labor Costs
A9: II. Cost of Goods Sold | B9: Material Cost | C9: Material Cost | D9: Material Cost | E9: Material Cost | F9: =PL!F9+PL_A!F9 -> 43512069 | G9: =PL!G9+PL_A!G9 -> 43080381 | H9: =PL!H9+PL_A!H9 -> 22570358 | I9: COGS | J9: Variable Costs
A10: II. Cost of Goods Sold | B10: Depreciation Expenses | C10: Depreciation Expenses | D10: Depreciation Expenses | E10: Depreciation Expenses | F10: =PL!F10+PL_A!F10 -> 6160194 | G10: =PL!G10+PL_A!G10 -> 6160194 | H10: =PL!H10+PL_A!H10 -> 3180097 | I10: COGS | J10: Depreciation and Amortization
A11: II. Cost of Goods Sold | B11: Rental Expense | C11: Rental Expense | D11: Rental Expense | E11: Rental Expense | F11: =PL!F11+PL_A!F11 -> 785495 | G11: =PL!G11+PL_A!G11 -> 833423 | H11: =PL!H11+PL_A!H11 -> 482154 | I11: COGS | J11: Fixed Costs
A12: II. Cost of Goods Sold | B12: Repair Expense | C12: Repair Expense | D12: Repair Expense | E12: Repair Expense | F12: =PL!F12+PL_A!F12 -> 0 | G12: =PL!G12+PL_A!G12 -> 200000 | H12: =PL!H12+PL_A!H12 -> 2500 | I12: COGS | J12: Fixed Costs
A13: II. Cost of Goods Sold | B13: Insurance Expense | C13: Insurance Expense | D13: Insurance Expense | E13: Insurance Expense | F13: =PL!F13+PL_A!F13 -> 1139403 | G13: =PL!G13+PL_A!G13 -> 1255062 | H13: =PL!H13+PL_A!H13 -> 605071 | I13: COGS | J13: Fixed Costs
A14: II. Cost of Goods Sold | B14: Freight Expense | C14: Freight Expense | D14: Freight Expense | E14: Freight Expense | F14: =PL!F14+PL_A!F14 -> 399023 | G14: =PL!G14+PL_A!G14 -> 734996 | H14: =PL!H14+PL_A!H14 -> 404825 | I14: COGS | J14: Fixed Costs
A15: II. Cost of Goods Sold | B15: Amortization of Intangible Assets | C15: Amortization of Intangible Assets | D15: Amortization of Intangible Assets | E15: Amortization of Intangible Assets | F15: =PL!F15+PL_A!F15 -> 400630 | G15: =PL!G15+PL_A!G15 -> 400630 | H15: =PL!H15+PL_A!H15 -> 200315 | I15: COGS | J15: Depreciation and Amortization
A16: IV. Selling & Administrative Expenses | B16: Employee Salary | C16: Employee Salary | D16: Employee Salary | E16: Employee Salary | F16: =PL!F16+PL_A!F16 -> 21567004 | G16: =PL!G16+PL_A!G16 -> 21670978 | H16: =PL!H16+PL_A!H16 -> 10844209 | I16: SGA | J16: Labor Costs
... A35: V. Non-Operating Income & Expenses | B35: Interest Income | C35: Interest Income | D35: Interest Income | E35: Interest Income | F35: =PL!F35+PL_A!F35 -> 834356 | G35: =PL!G35+PL_A!G35 -> 804784 | H35: =PL!H35+PL_A!H35 -> 396278 | I35: NO | J35: Non-Operating

Sheet BS_F
A1: BS_Final
A2: ※ Balance Sheet reflecting the financial-statement adjustments
A4: Main Category | B4: Medium Category | C4: Subcategory | D4: Detailed Category | E4: Sub-Detailed Category | F4: 2023 | G4: 2024 | H4: 45838 | I4: Account Type | J4: Notes & References
A5: Assets | B5: I. Current Assets | C5: (1) Quick Assets | D5: Checking Deposits | E5: Checking Deposits | F5: =BS!F5+BS_A!F5 -> 6917692 | G5: =BS!G5+BS_A!G5 -> 6093467 | H5: =BS!H5+BS_A!H5 -> 8179986 | I5: NOA
A6: Assets | B6: I. Current Assets | C6: (1) Quick Assets | D6: Accounts Receivable | E6: Accounts Receivable | F6: =BS!F6+BS_A!F6 -> 19199229 | G6: =BS!G6+BS_A!G6 -> 26833964 | H6: =BS!H6+BS_A!H6 -> 20012390 | I6: WC
A7: Assets | B7: I. Current Assets | C7: (1) Quick Assets | D7: Accrued Receivables | E7: Accrued Receivables | F7: =BS!F7+BS_A!F7 -> 11000 | G7: =BS!G7+BS_A!G7 -> 0 | H7: =BS!H7+BS_A!H7 -> 0 | I7: OAL
A8: Assets | B8: I. Current Assets | C8: (1) Quick Assets | D8: Accrued Income | E8: Accrued Income | F8: =BS!F8+BS_A!F8 -> 0 | G8: =BS!G8+BS_A!G8 -> 0 | H8: =BS!H8+BS_A!H8 -> 175208 | I8: OAL
A9: Assets | B9: I. Current Assets | C9: (1) Quick Assets | D9: Short-term Financial Products | E9: Short-term Financial Products | F9: =BS!F9+BS_A!F9 -> 0 | G9: =BS!G9+BS_A!G9 -> 0 | H9: =BS!H9+BS_A!H9 -> 8000000 | I9: NOA
A10: Assets | B10: I. Current Assets | C10: (1) Quick Assets | D10: Long-term Financial Products | E10: Long-term Financial Products | F10: =BS!F10+BS_A!F10 -> 0 | G10: =BS!G10+BS_A!G10 -> 0 | H10: =BS!H10+BS_A!H10 -> 10000000 | I10: NOA
A11: Assets | B11: I. Current Assets | C11: (1) Quick Assets | D11: Prepaid Expenses | E11: Prepaid Expenses | F11: =BS!F11+BS_A!F11 -> 5620521 | G11: =BS!G11+BS_A!G11 -> 5704825 | H11: =BS!H11+BS_A!H11 -> 0 | I11: OAL
A12: Assets | B12: I. Current Assets | C12: (2) Inventory Assets | D12: Finished Goods | E12: Finished Goods | F12: =BS!F12+BS_A!F12 -> 5640062 | G12: =BS!G12+BS_A!G12 -> 5031332 | H12: =BS!H12+BS_A!H12 -> 2422232 | I12: WC
A13: Assets | B13: I. Current Assets | C13: (2) Inventory Assets | D13: Work in Progress | E13: Work in Progress | F13: =BS!F13+BS_A!F13 -> 17147 | G13: =BS!G13+BS_A!G13 -> 14051 | H13: =BS!H13+BS_A!H13 -> 20563 | I13: WC
A14: Assets | B14: II. Non-Current Assets | C14: (1) Tangible Assets | D14: Land | E14: Land | F14: =BS!F14+BS_A!F14 -> 2544067 | G14: =BS!G14+BS_A!G14 -> 2544067 | H14: =BS!H14+BS_A!H14 -> 2544067 | I14: FA
A15: Assets | B15: II. Non-Current Assets | C15: (1) Tangible Assets | D15: Building | E15: Building - Acquisition Cost | F15: =BS!F15+BS_A!F15 -> 27174134 | G15: =BS!G15+BS_A!G15 -> 27174134 | H15: =BS!H15+BS_A!H15 -> 27174134 | I15: FA
A16: Assets | B16: II. Non-Current Assets | C16: (1) Tangible Assets | D16: Building | E16: Building - Accumulated Depreciation | F16: =BS!F16+BS_A!F16 -> -5389028 | G16: =BS!G16+BS_A!G16 -> -6747734 | H16: =BS!H16+BS_A!H16 -> -7427088 | I16: FA
... A28: Equity | B28: Equity | C28: Equity | D28: Equity | E28: Equity | F28: =BS!F28+BS_A!F28 -> 78342383 | G28: =BS!G28+BS_A!G28 -> 80610309 | H28: =BS!H28+BS_A!H28 -> 85733121 | I28: EQU

Sheet DCF >>>

Sheet Revenue
A1: Revenue | H1: DCF Value | I1: =DCF!I44 -> 5.3337033e+08 | J1: =DCF!J44 -> 1.0553496e+09 | K1: =DCF!K44 -> 1.0786351e+09 | L1: =DCF!L44 -> 1.1008666e+09 | M1: =DCF!M44 -> 1.1211167e+09
F3: Historical Performance | I3: Projection
A4: Main Category | B4: Medium Category | C4: Subcategory | D4: Detailed Category | E4: Category | F4: 2023 | G4: 2024 | H4: 01/2025-06/2025 | I4: 07/2025 - 12/2025 | J4: 2026 | K4: 2027 | L4: 2028 | M4: 2029 | N4: Analysis Method | O4: Notes & References
A5: I. Revenue | B5: Product Revenue | C5: Product Revenue | D5: Product Revenue | E5: Product Revenue | F5: =PL!F5+PL_A!F5 -> 168063711 | G5: =PL!G5+PL_A!G5 -> 170880819 | H5: =PL!H5+PL_A!H5 -> 89085937 | I5: =Revenue!I12 -> 89085937 | J5: =Revenue!J12 -> 1.8519185e+08 | K5: =Revenue!K12 -> 1.9221617e+08 | L5: =Revenue!L12 -> 1.9945696e+08 | M5: =Revenue!M12 -> 2.0706424e+08 | N5: Revenue Growth Rate
A6: I. Revenue | B6: Service Revenue | C6: Service Revenue | D6: Service Revenue | E6: Service Revenue | F6: =PL!F6+PL_A!F6 -> 29083587 | G6: =PL!G6+PL_A!G6 -> 31617233 | H6: =PL!H6+PL_A!H6 -> 19292087 | I6: =Revenue!I26 -> 0 | J6: =Revenue!J26 -> 0 | K6: =Revenue!K26 -> 0 | L6: =Revenue!L26 -> 0 | M6: =Revenue!M26 -> 0 | N6: Market Share
E7: Total | F7: =SUM(F5:F6) -> 197147298 | G7: =SUM(G5:G6) -> 202498052 | H7: =SUM(H5:H6) -> 108378024 | I7: =SUM(I5:I6) -> 89085937 | J7: =SUM(J5:J6) -> 1.8519185e+08 | K7: =SUM(K5:K6) -> 1.9221617e+08 | L7: =SUM(L5:L6) -> 1.9945696e+08 | M7: =SUM(M5:M6) -> 2.0706424e+08
E8: Revenue Growth Rate | F8: 0 | G8: =IFERROR(G7/F7-1,0) -> 0.027140894 | H8: 0 | I8: =IFERROR((H7+I7)/G7-1,0) -> -0.024859948 | J8: =IFERROR(J7/(H7+I7)-1,0) -> -0.062148633 | K8: =IFERROR(K7/J7-1,0) -> 0.03793 | L8: =IFERROR(L7/K7-1,0) -> 0.03767 | M8: =IFERROR(M7/L7-1,0) -> 0.03814
A10: Basis of Product Revenue Calculation | F10: Historical Performance | I10: Projection
D11: Analysis Method | E11: Category | F11: 2023 | G11: 2024 | H11: 01/2025-06/2025 | I11: 07/2025 - 12/2025 | J11: 2026 | K11: 2027 | L11: 2028 | M11: 2029 | N11: Analysis Method | O11: Notes & References
A12: Revenue Calculation for Remaining Months | D12: Monthly Revenue × Remaining Months | E12: Product Revenue | F12: =PL!F5+PL_A!F5 -> 168063711 | G12: =PL!G5+PL_A!G5 -> 170880819 | H12: =PL!H5+PL_A!H5 -> 89085937 | I12: =IF(D12="Deducted After Applying Growth Rate", G12*(1+I15)-H12, IF(D12="Monthly Revenue × Remaining Months", H12/6*(12-6),"")) -> 89085937 | J12: =(H12+I12)*(1+J15) -> 1.8519185e+08 | K12: =J12*(1+K15) -> 1.9221617e+08 | L12: =K12*(1+L15) -> 1.9945696e+08 | M12: =L12*(1+M15) -> 2.0706424e+08 | N12: Revenue Growth Rate
E13: Revenue Growth Rate | F13: 0 | G13: =IFERROR(G12/F12-1,0) -> 0.016762143 | I13: =IFERROR((H12+I12)/G12-1,0) -> 0.042667486 | J13: =IFERROR(J12/(H12+I12)-1,0) -> 0.0394 | K13: =IFERROR(K12/J12-1,0) -> 0.03793 | L13: =IFERROR(L12/K12-1,0) -> 0.03767 | M13: =IFERROR(M12/L12-1,0) -> 0.03814
G15: Revenue Growth Rate | H15: 2 | I15: =CHOOSE($H$15,I16,I17,I18,I19) -> 0.04371 | J15: =CHOOSE($H$15,J16,J17,J18,J19) -> 0.0394 | K15: =CHOOSE($H$15,K16,K17,K18,K19) -> 0.03793 | L15: =CHOOSE($H$15,L16,L17,L18,L19) -> 0.03767 | M15: =CHOOSE($H$15,M16,M17,M18,M19) -> 0.03814
H16: Research Analysis
H17: GDP Growth Rate | I17: =Data!D$8 -> 0.04371 | J17: =Data!E$8 -> 0.0394 | K17: =Data!F$8 -> 0.03793 | L17: =Data!G$8 -> 0.03767 | M17: =Data!H$8 -> 0.03814
H18: Inflation Rate | I18: =Data!D$6 -> 0.02198 | J18: =Data!E$6 -> 0.02075 | K18: =Data!F$6 -> 0.01995 | L18: =Data!G$6 -> 0.01988 | M18: =Data!H$6 -> 0.01992
H19: Internal Analysis
A21: Basis of Service Revenue Calculation | F21: Historical Performance | I21: Projection
D22: Analysis Method | E22: Category | F22: 2023 | G22: 2024 | H22: 01/2025-06/2025 | I22: 07/2025 - 12/2025 | J22: 2026 | K22: 2027 | L22: 2028 | M22: 2029 | N22: Analysis Method | O22: Notes & References
A23: Revenue Calculation for Remaining Months | D23: Remaining Market × Market Share | E23: Market Size | H23: =IF($D23="Annual Market × Market Share - Accumulated Revenue", 0, IF($D23="Remaining Market × Market Share", G23*(1+I24)/12*6, "")) -> 0 | I23: =IF($D23="Annual Market × Market Share - Accumulated Revenue", G23*(1+I24), IF($D23="Remaining Market × Market Share", G23*(1+I24)/12*(12-6), "")) -> 0 | J23: =IF($D23="Annual Market × Market Share - Accumulated Revenue", I23*(1+J24), IF($D23="Remaining Market × Market Share", (H23+I23)*(1+J24), "")) -> 0 | K23: =J23*(1+K24) -> 0 | L23: =K23*(1+L24) -> 0 | M23: =L23*(1+M24) -> 0
E24: Market Growth Rate | F24: 0 | G24: =IFERROR(G23/F23-1,0) -> 0 | I24: =I29 -> 0.04371 | J24: =J29 -> 0.0394 | K24: =K29 -> 0.03793 | L24: =L29 -> 0.03767 | M24: =M29 -> 0.03814
C25: Estimated Market Share | D25: Previous Year | E25: Market Share | F25: =IFERROR(F26/F23,0) -> 0 | G25: =IFERROR(G26/G23,0) -> 0 | H25: =IFERROR(IF($D23="Annual Market × Market Share - Accumulated Revenue", 0, IF($D23="Remaining Market × Market Share", H26/H23, "")),0) -> 0 | I25: =IF($D25="3-Year Average", IFERROR(($F25*12+$G25*12+$H25*6)/(12+12+6),0), IF($D25="2-Year Average", IFERROR(($G25*12+$H25*6)/(12+6),0), IF($D25="Previous Year", IFERROR($G25,0), IF($D25="Current Year", IFERROR($H25,0), "")))) -> 0 | J25: =I25 -> 0 | K25: =J25 -> 0 | L25: =K25 -> 0 | M25: =L25 -> 0
E26: Service Revenue | F26: =PL!F6+PL_A!F6 -> 29083587 | G26: =PL!G6+PL_A!G6 -> 31617233 | H26: =PL!H6+PL_A!H6 -> 19292087 | I26: =IF($D23="Annual Market × Market Share - Accumulated Revenue", IFERROR((H23+I23)*I25-H26,""), IF($D23="Remaining Market × Market Share", IFERROR(I23*I25,""), "")) -> 0 | J26: =J23*J25 -> 0 | K26: =K23*K25 -> 0 | L26: =L23*L25 -> 0 | M26: =M23*M25 -> 0 | N26: Market Share
E27: Revenue Growth Rate | F27: 0 | G27: =IFERROR(G26/F26-1,0) -> 0.087116008 | I27: =IFERROR((H26+I26)/G26-1,0) -> -0.38982368 | J27: =IFERROR(J26/(H26+I26)-1,0) -> -1 | K27: =IFERROR(K26/J26-1,0) -> 0 | L27: =IFERROR(L26/K26-1,0) -> 0 | M27: =IFERROR(M26/L26-1,0) -> 0
G29: Market Growth Rate | H29: 2 | I29: =CHOOSE($H$29,I30,I31,I32,I33) -> 0.04371 | J29: =CHOOSE($H$29,J30,J31,J32,J33) -> 0.0394 | K29: =CHOOSE($H$29,K30,K31,K32,K33) -> 0.03793 | L29: =CHOOSE($H$29,L30,L31,L32,L33) -> 0.03767 | M29: =CHOOSE($H$29,M30,M31,M32,M33) -> 0.03814
H30: Research Analysis
H31: GDP Growth Rate | I31: =Data!D$8 -> 0.04371 | J31: =Data!E$8 -> 0.0394 | K31: =Data!F$8 -> 0.03793 | L31: =Data!G$8 -> 0.03767 | M31: =Data!H$8 -> 0.03814
H32: Inflation Rate | I32: =Data!D$6 -> 0.02198 | J32: =Data!E$6 -> 0.02075 | K32: =Data!F$6 -> 0.01995 | L32: =Data!G$6 -> 0.01988 | M32: =Data!H$6 -> 0.01992
H33: Internal Analysis

Sheet COGS
A1: COGS | H1: DCF Value | I1: =DCF!I44 -> 5.3337033e+08 | J1: =DCF!J44 -> 1.0553496e+09 | K1: =DCF!K44 -> 1.0786351e+09 | L1: =DCF!L44 -> 1.1008666e+09 | M1: =DCF!M44 -> 1.1211167e+09
F3: Historical Performance | I3: Projection
E4: Category | F4: 2023 | G4: 2024 | H4: 01/2025-06/2025 | I4: 07/2025 - 12/2025 | J4: 2026 | K4: 2027 | L4: 2028 | M4: 2029 | N4: Analysis Method | O4: Notes & References
E5: Labor Costs | F5: =SUMIFS(F$19:F$27,$N$19:$N$27, $E5) -> 25135110 | G5: =SUMIFS(G$19:G$27,$N$19:$N$27, $E5) -> 25007581 | H5: =SUMIFS(H$19:H$27,$N$19:$N$27, $E5) -> 12684054 | I5: =SUMIFS(I$19:I$27,$N$19:$N$27, $E5) -> 0 | J5: =SUMIFS(J$19:J$27,$N$19:$N$27, $E5) -> 0 | K5: =SUMIFS(K$19:K$27,$N$19:$N$27, $E5) -> 0 | L5: =SUMIFS(L$19:L$27,$N$19:$N$27, $E5) -> 0 | M5: =SUMIFS(M$19:M$27,$N$19:$N$27, $E5) -> 0
E6: Ratio to Revenue | F6: =IFERROR(F5/F15,0) -> 0.12749406 | G6: =IFERROR(G5/G15,0) -> 0.12349542 | H6: =IFERROR(H5/H15,0) -> 0.11703529 | I6: =IFERROR(I5/I15,0) -> 0 | J6: =IFERROR(J5/J15,0) -> 0 | K6: =IFERROR(K5/K15,0) -> 0 | L6: =IFERROR(L5/L15,0) -> 0 | M6: =IFERROR(M5/M15,0) -> 0
E7: Variable Costs | F7: =SUMIFS(F$19:F$27,$N$19:$N$27, $E7) -> 43512069 | G7: =SUMIFS(G$19:G$27,$N$19:$N$27, $E7) -> 43080381 | H7: =SUMIFS(H$19:H$27,$N$19:$N$27, $E7) -> 22570358 | I7: =SUMIFS(I$19:I$27,$N$19:$N$27, $E7) -> 18552668 | J7: =SUMIFS(J$19:J$27,$N$19:$N$27, $E7) -> 38567286 | K7: =SUMIFS(K$19:K$27,$N$19:$N$27, $E7) -> 40030143 | L7: =SUMIFS(L$19:L$27,$N$19:$N$27, $E7) -> 41538079 | M7: =SUMIFS(M$19:M$27,$N$19:$N$27, $E7) -> 43122341
E8: Ratio to Revenue | F8: =IFERROR(F7/F15,0) -> 0.22070842 | G8: =IFERROR(G7/G15,0) -> 0.21274467 | H8: =IFERROR(H7/H15,0) -> 0.20825585 | I8: =IFERROR(I7/I15,0) -> 0.20825585 | J8: =IFERROR(J7/J15,0) -> 0.20825585 | K8: =IFERROR(K7/K15,0) -> 0.20825585 | L8: =IFERROR(L7/L15,0) -> 0.20825585 | M8: =IFERROR(M7/M15,0) -> 0.20825585
E9: Fixed Costs | F9: =SUMIFS(F$19:F$27,$N$19:$N$27, $E9) -> 2323921 | G9: =SUMIFS(G$19:G$27,$N$19:$N$27, $E9) -> 3023481 | H9: =SUMIFS(H$19:H$27,$N$19:$N$27, $E9) -> 1494550 | I9: =SUMIFS(I$19:I$27,$N$19:$N$27, $E9) -> 1494550 | J9: =SUMIFS(J$19:J$27,$N$19:$N$27, $E9) -> 3051123.8 | K9: =SUMIFS(K$19:K$27,$N$19:$N$27, $E9) -> 3111993.7 | L9: =SUMIFS(L$19:L$27,$N$19:$N$27, $E9) -> 3173860.2 | M9: =SUMIFS(M$19:M$27,$N$19:$N$27, $E9) -> 3237083.5
E10: Ratio to Revenue | F10: =IFERROR(F9/F15,0) -> 0.01178774 | G10: =IFERROR(G9/G15,0) -> 0.014930914 | H10: =IFERROR(H9/H15,0) -> 0.013790157 | I10: =IFERROR(I9/I15,0) -> 0.016776498 | J10: =IFERROR(J9/J15,0) -> 0.016475476 | K10: =IFERROR(K9/K15,0) -> 0.016190072 | L10: =IFERROR(L9/L15,0) -> 0.015912507 | M10: =IFERROR(M9/M15,0) -> 0.015633233
E11: Depreciation and Amortization | F11: =SUMIFS(F$19:F$27,$N$19:$N$27, $E11) -> 6560824 | G11: =SUMIFS(G$19:G$27,$N$19:$N$27, $E11) -> 6560824 | H11: =SUMIFS(H$19:H$27,$N$19:$N$27, $E11) -> 3380412 | I11: =SUMIFS(I$19:I$27,$N$19:$N$27, $E11) -> 670503.09 | J11: =SUMIFS(J$19:J$27,$N$19:$N$27, $E11) -> 1754503.3 | K11: =SUMIFS(K$19:K$27,$N$19:$N$27, $E11) -> 2346951.1 | L11: =SUMIFS(L$19:L$27,$N$19:$N$27, $E11) -> 2765262.5 | M11: =SUMIFS(M$19:M$27,$N$19:$N$27, $E11) -> 3286658
E12: Ratio to Revenue | F12: =IFERROR(F11/F15,0) -> 0.033278792 | G12: =IFERROR(G11/G15,0) -> 0.032399443 | H12: =IFERROR(H11/H15,0) -> 0.031190936 | I12: =IFERROR(I11/I15,0) -> 0.0075264752 | J12: =IFERROR(J11/J15,0) -> 0.0094739773 | K12: =IFERROR(K11/K15,0) -> 0.012209956 | L12: =IFERROR(L11/L15,0) -> 0.013863956 | M12: =IFERROR(M11/M15,0) -> 0.015872649
E13: Total COGS | F13: =SUM(IFERROR(F5,0), IFERROR(F7,0), IFERROR(F9,0), IFERROR(F11,0)) -> 77531924 | G13: =SUM(IFERROR(G5,0), IFERROR(G7,0), IFERROR(G9,0), IFERROR(G11,0)) -> 77672267 | H13: =SUM(IFERROR(H5,0), IFERROR(H7,0), IFERROR(H9,0), IFERROR(H11,0)) -> 40129374 | I13: =SUM(IFERROR(I5,0), IFERROR(I7,0), IFERROR(I9,0), IFERROR(I11,0)) -> 20717721 | J13: =SUM(IFERROR(J5,0), IFERROR(J7,0), IFERROR(J9,0), IFERROR(J11,0)) -> 43372913 | K13: =SUM(IFERROR(K5,0), IFERROR(K7,0), IFERROR(K9,0), IFERROR(K11,0)) -> 45489088 | L13: =SUM(IFERROR(L5,0), IFERROR(L7,0), IFERROR(L9,0), IFERROR(L11,0)) -> 47477201 | M13: =SUM(IFERROR(M5,0), IFERROR(M7,0), IFERROR(M9,0), IFERROR(M11,0)) -> 49646083
E14: Ratio to Revenue | F14: =IFERROR(F13/F15,0) -> 0.39326902 | G14: =IFERROR(G13/G15,0) -> 0.38357044 | H14: =IFERROR(H13/H15,0) -> 0.37027224 | I14: =IFERROR(I13/I15,0) -> 0.23255883 | J14: =IFERROR(J13/J15,0) -> 0.23420531 | K14: =IFERROR(K13/K15,0) -> 0.23665588 | L14: =IFERROR(L13/L15,0) -> 0.23803232 | M14: =IFERROR(M13/M15,0) -> 0.23976174
E15: Revenue | F15: =Revenue!F7 -> 197147298 | G15: =Revenue!G7 -> 202498052 | H15: =Revenue!H7 -> 108378024 | I15: =Revenue!I7 -> 89085937 | J15: =Revenue!J7 -> 1.8519185e+08 | K15: =Revenue!K7 -> 1.9221617e+08 | L15: =Revenue!L7 -> 1.9945696e+08 | M15: =Revenue!M7 -> 2.0706424e+08
F17: Historical Performance | I17: Projection
A18: Main Category | B18: Medium Category | C18: Subcategory | D18: Detailed Category | E18: Category | F18: 2023 | G18: 2024 | H18: 01/2025-06/2025 | I18: 07/2025 - 12/2025 | J18: 2026 | K18: 2027 | L18: 2028 | M18: 2029 | N18: Analysis Method | O18: Notes & References
A19: II. Cost of Goods Sold | B19: Labor Costs | C19: Labor Costs | D19: Labor Costs | E19: Labor Costs | F19: =F34 -> 22889937 | G19: =G34 -> 22775909 | H19: =H34 -> 11399548 | I19: =I34 -> 0 | J19: =J34 -> 0 | K19: =K34 -> 0 | L19: =L34 -> 0 | M19: =M34 -> 0 | N19: Labor Costs
A20: II. Cost of Goods Sold | B20: Retirement Benefits | C20: Retirement Benefits | D20: Retirement Benefits | E20: Retirement Benefits | F20: =F35 -> 2245173 | G20: =G35 -> 2231672 | H20: =H35 -> 1284506 | I20: =I35 -> 0 | J20: =J35 -> 0 | K20: =K35 -> 0 | L20: =L35 -> 0 | M20: =M35 -> 0 | N20: Labor Costs
A21: II. Cost of Goods Sold | B21: Material Cost | C21: Material Cost | D21: Material Cost | E21: Material Cost | F21: =F70 -> 43512069 | G21: =G70 -> 43080381 | H21: =H70 -> 22570358 | I21: =I70 -> 18552668 | J21: =J70 -> 38567286 | K21: =K70 -> 40030143 | L21: =L70 -> 41538079 | M21: =M70 -> 43122341 | N21: Variable Costs
A22: II. Cost of Goods Sold | B22: Depreciation Expenses | C22: Depreciation Expenses | D22: Depreciation Expenses | E22: Depreciation Expenses | F22: =F87 -> 6160194 | G22: =G87 -> 6160194 | H22: =H87 -> 3180097 | I22: =I87 -> 629559.51 | J22: =J87 -> 1647989.7 | K22: =K87 -> 2204947.1 | L22: =L87 -> 2597912 | M22: =M87 -> 3087756.3 | N22: Depreciation and Amortization
A23: II. Cost of Goods Sold | B23: Rental Expense | C23: Rental Expense | D23: Rental Expense | E23: Rental Expense | F23: =F76 -> 785495 | G23: =G76 -> 833423 | H23: =H76 -> 482154 | I23: =I76 -> 482154 | J23: =J76 -> 984317.39 | K23: =K76 -> 1003954.5 | L23: =L76 -> 1023913.1 | M23: =M76 -> 1044309.5 | N23: Fixed Costs
A24: II. Cost of Goods Sold | B24: Repair Expense | C24: Repair Expense | D24: Repair Expense | E24: Repair Expense | F24: =F77 -> 0 | G24: =G77 -> 200000 | H24: =H77 -> 2500 | I24: =I77 -> 2500 | J24: =J77 -> 5103.75 | K24: =K77 -> 5205.5698 | L24: =L77 -> 5309.0565 | M24: =M77 -> 5414.8129 | N24: Fixed Costs
A25: II. Cost of Goods Sold | B25: Insurance Expense | C25: Insurance Expense | D25: Insurance Expense | E25: Insurance Expense | F25: =F78 -> 1139403 | G25: =G78 -> 1255062 | H25: =H78 -> 605071 | I25: =I78 -> 605071 | J25: =J78 -> 1235252.4 | K25: =K78 -> 1259895.7 | L25: =L78 -> 1284942.5 | M25: =M78 -> 1310538.5 | N25: Fixed Costs
A26: II. Cost of Goods Sold | B26: Freight Expense | C26: Freight Expense | D26: Freight Expense | E26: Freight Expense | F26: =F79 -> 399023 | G26: =G79 -> 734996 | H26: =H79 -> 404825 | I26: =I79 -> 404825 | J26: =J79 -> 826450.24 | K26: =K79 -> 842937.92 | L26: =L79 -> 859695.53 | M26: =M79 -> 876820.66 | N26: Fixed Costs
A27: II. Cost of Goods Sold | B27: Amortization of Intangible Assets | C27: Amortization of Intangible Assets | D27: Amortization of Intangible Assets | E27: Amortization of Intangible Assets | F27: =F88 -> 400630 | G27: =G88 -> 400630 | H27: =H88 -> 200315 | I27: =I88 -> 40943.585 | J27: =J88 -> 106513.64 | K27: =K88 -> 142003.97 | L27: =L88 -> 167350.53 | M27: =M88 -> 198901.64 | N27: Depreciation and Amortization
E28: Total | F28: =SUM(F19:F27) -> 77531924 | G28: =SUM(G19:G27) -> 77672267 | H28: =SUM(H19:H27) -> 40129374 | I28: =SUM(I19:I27) -> 20717721 | J28: =SUM(J19:J27) -> 43372913 | K28: =SUM(K19:K27) -> 45489088 | L28: =SUM(L19:L27) -> 47477201 | M28: =SUM(M19:M27) -> 49646083
E29: Ratio to Revenue | F29: =IFERROR(F28/F30,0) -> 0.39326902 | G29: =IFERROR(G28/G30,0) -> 0.38357044 | H29: =IFERROR(H28/H30,0) -> 0.37027224 | I29: =IFERROR(I28/I30,0) -> 0.23255883 | J29: =IFERROR(J28/J30,0) -> 0.23420531 | K29: =IFERROR(K28/K30,0) -> 0.23665588 | L29: =IFERROR(L28/L30,0) -> 0.23803232 | M29: =IFERROR(M28/M30,0) -> 0.23976174
E30: Revenue | F30: =Revenue!F7 -> 197147298 | G30: =Revenue!G7 -> 202498052 | H30: =Revenue!H7 -> 108378024 | I30: =Revenue!I7 -> 89085937 | J30: =Revenue!J7 -> 1.8519185e+08 | K30: =Revenue!K7 -> 1.9221617e+08 | L30: =Revenue!L7 -> 1.9945696e+08 | M30: =Revenue!M7 -> 2.0706424e+08
A32: COGS: Labor Costs | F32: Historical Performance | I32: Projection
E33: Category | F33: 2023 | G33: 2024 | H33: 01/2025-06/2025 | I33: 07/2025 - 12/2025 | J33: 2026 | K33: 2027 | L33: 2028 | M33: 2029 | N33: Analysis Method | O33: Notes & References
E34: Labor Costs | F34: =PL!F7+PL_A!F7 -> 22889937 | G34: =PL!G7+PL_A!G7 -> 22775909 | H34: =PL!H7+PL_A!H7 -> 11399548 | N34: Labor Costs
E35: Retirement Benefits | F35: =PL!F8+PL_A!F8 -> 2245173 | G35: =PL!G8+PL_A!G8 -> 2231672 | H35: =PL!H8+PL_A!H8 -> 1284506 | N35: Labor Costs
E36: Total Labor Costs | F36: =SUM(F34:F35) -> 25135110 | G36: =SUM(G34:G35) -> 25007581 | H36: =SUM(H34:H35) -> 12684054 | I36: =SUM(I34:I35) -> 0 | J36: =SUM(J34:J35) -> 0 | K36: =SUM(K34:K35) -> 0 | L36: =SUM(L34:L35) -> 0 | M36: =SUM(M34:M35) -> 0
E37: Ratio to Revenue | F37: =IFERROR(F36/F38,0) -> 0.12749406 | G37: =IFERROR(G36/G38,0) -> 0.12349542 | H37: =IFERROR(H36/H38,0) -> 0.11703529 | I37: =IFERROR(I36/I38,0) -> 0 | J37: =IFERROR(J36/J38,0) -> 0 | K37: =IFERROR(K36/K38,0) -> 0 | L37: =IFERROR(L36/L38,0) -> 0 | M37: =IFERROR(M36/M38,0) -> 0
E38: Revenue | F38: =Revenue!F7 -> 197147298 | G38: =Revenue!G7 -> 202498052 | H38: =Revenue!H7 -> 108378024 | I38: =Revenue!I7 -> 89085937 | J38: =Revenue!J7 -> 1.8519185e+08 | K38: =Revenue!K7 -> 1.9221617e+08 | L38: =Revenue!L7 -> 1.9945696e+08 | M38: =Revenue!M7 -> 2.0706424e+08
A40: COGS: Basis of Labor Costs Calculation | F40: Historical Performance | I40: Projection
D41: Analysis Method | E41: Category | F41: 2023 | G41: 2024 | H41: 01/2025-06/2025 | I41: 07/2025 - 12/2025 | J41: 2026 | K41: 2027 | L41: 2028 | M41: 2029 | N41: Analysis Method | O41: Notes & References
C42: Estimated Wage Growth Rate | D42: Wage Growth Rate | E42: Fixed Salary | I42: =I43*I44/12*(12-6) -> 0 | J42: =J43*J44 -> 0 | K42: =K43*K44 -> 0 | L42: =L43*L44 -> 0 | M42: =M43*M44 -> 0
E43: Average Headcount
C44: Estimate of Wage Growth Adjustment for Remaining Months Compared to the Previous Year | D44: Same as the Previous Month | E44: Salary per Person (Annual Salary) | F44: =IFERROR(F42/F43,0) -> 0 | G44: =IFERROR(G42/G43,0) -> 0 | H44: =IFERROR(H42/H43/6*12,0) -> 0 | I44: =IF($D44="Same as the Previous Month", H44, IF($D44 = "Wage Increase Adjustment", $G44*(1+$I45), "")) -> 0 | J44: =I44*(1+J45) -> 0 | K44: =J44*(1+K45) -> 0 | L44: =K44*(1+L45) -> 0 | M44: =L44*(1+M45) -> 0
E45: Wage Growth Rate | F45: 0 | G45: =IFERROR(G44/F44-1,0) -> 0 | H45: =IFERROR(H44/G44-1,0) -> 0 | I45: =IF($D42="Wage Growth Rate", Data!D$9, IF($D42="Inflation Rate", Data!D$6, "")) -> 0.03485 | J45: =IF($D42="Wage Growth Rate", Data!E$9, IF($D42="Inflation Rate", Data!E$6, "")) -> 0.03355 | K45: =IF($D42="Wage Growth Rate", Data!F$9, IF($D42="Inflation Rate", Data!F$6, "")) -> 0.03204 | L45: =IF($D42="Wage Growth Rate", Data!G$9, IF($D42="Inflation Rate", Data!G$6, "")) -> 0.03099 | M45: =IF($D42="Wage Growth Rate", Data!H$9, IF($D42="Inflation Rate", Data!H$6, "")) -> 0.03027
C46: Estimated Ratio to Revenue | D46: Current Year | E46: Variable Pay | I46: =I47*I48 -> 0 | J46: =J47*J48 -> 0 | K46: =K47*K48 -> 0 | L46: =L47*L48 -> 0 | M46: =M47*M48 -> 0
E47: Revenue | F47: =Revenue!F7 -> 197147298 | G47: =Revenue!G7 -> 202498052 | H47: =Revenue!H7 -> 108378024 | I47: =Revenue!I7 -> 89085937 | J47: =Revenue!J7 -> 1.8519185e+08 | K47: =Revenue!K7 -> 1.9221617e+08 | L47: =Revenue!L7 -> 1.9945696e+08 | M47: =Revenue!M7 -> 2.0706424e+08
E48: Ratio to Revenue | F48: =IFERROR(F46/F47,0) -> 0 | G48: =IFERROR(G46/G47,0) -> 0 | H48: =IFERROR(H46/H47,0) -> 0 | I48: =IF($D46="3-Year Average", IFERROR(($F48*12+$G48*12+$H48*6)/(12+12+6),0), IF($D46="2-Year Average", IFERROR(($G48*12+$H48*6)/(12+6),0), IF($D46="Previous Year", IFERROR($G48,0), IF($D46="Current Year", IFERROR($H48,0), "")))) -> 0 | J48: =I48 -> 0 | K48: =J48 -> 0 | L48: =K48 -> 0 | M48: =L48 -> 0
C49: Estimated Ratio to (Fixed Salary + Variable Pay) | D49: Current Year | E49: Bonus | I49: =I50*(IFERROR(I42,0)+IFERROR(I46,0)) -> 0 | J49: =J50*(IFERROR(J42,0)+IFERROR(J46,0)) -> 0 | K49: =K50*(IFERROR(K42,0)+IFERROR(K46,0)) -> 0 | L49: =L50*(IFERROR(L42,0)+IFERROR(L46,0)) -> 0 | M49: =M50*(IFERROR(M42,0)+IFERROR(M46,0)) -> 0
E50: Ratio to (Fixed Salary and Variable Pay) | F50: =IFERROR(F49/(IFERROR(F$42,0)+IFERROR(F$46,0)),0) -> 0 | G50: =IFERROR(G49/(IFERROR(G$42,0)+IFERROR(G$46,0)),0) -> 0 | H50: =IFERROR(H49/(IFERROR(H$42,0)+IFERROR(H$46,0)),0) -> 0 | I50: =IF($D49="3-Year Average", IFERROR(($F50*12+$G50*12+$H50*6)/(12+12+6),0), IF($D49="2-Year Average", IFERROR(($G50*12+$H50*6)/(12+6),0), IF($D49="Previous Year", IFERROR($G50,0), IF($D49="Current Year", IFERROR($H50,0), "")))) -> 0 | J50: =I50 -> 0 | K50: =J50 -> 0 | L50: =K50 -> 0 | M50: =L50 -> 0
C51: Estimated Ratio to (Fixed Salary + Variable Pay) | D51: Current Year | E51: Allowances | I51: =(IFERROR(I42,0)+IFERROR(I46,0))*I52 -> 0 | J51: =(IFERROR(J42,0)+IFERROR(J46,0))*J52 -> 0 | K51: =(IFERROR(K42,0)+IFERROR(K46,0))*K52 -> 0 | L51: =(IFERROR(L42,0)+IFERROR(L46,0))*L52 -> 0 | M51: =(IFERROR(M42,0)+IFERROR(M46,0))*M52 -> 0
E52: Ratio to (Fixed Salary and Variable Pay) | F52: =IFERROR(F51/(IFERROR(F$42,0)+IFERROR(F$46,0)),0) -> 0 | G52: =IFERROR(G51/(IFERROR(G$42,0)+IFERROR(G$46,0)),0) -> 0 | H52: =IFERROR(H51/(IFERROR(H$42,0)+IFERROR(H$46,0)),0) -> 0 | I52: =IF($D51="3-Year Average", IFERROR(($F52*12+$G52*12+$H52*6)/(12+12+6),0), IF($D51="2-Year Average", IFERROR(($G52*12+$H52*6)/(12+6),0), IF($D51="Previous Year", IFERROR($G52,0), IF($D51="Current Year", IFERROR($H52,0), "")))) -> 0 | J52: =I52 -> 0 | K52: =J52 -> 0 | L52: =K52 -> 0 | M52: =L52 -> 0
C53: Estimated Ratio to (Fixed Salary + Variable Pay + Allowances) | D53: Current Year | E53: Retirement Benefits | I53: =(IFERROR(I42,0)+IFERROR(I46,0)+IFERROR(I51,0))*I54 -> 0 | J53: =(IFERROR(J42,0)+IFERROR(J46,0)+IFERROR(J51,0))*J54 -> 0 | K53: =(IFERROR(K42,0)+IFERROR(K46,0)+IFERROR(K51,0))*K54 -> 0 | L53: =(IFERROR(L42,0)+IFERROR(L46,0)+IFERROR(L51,0))*L54 -> 0 | M53: =(IFERROR(M42,0)+IFERROR(M46,0)+IFERROR(M51,0))*M54 -> 0
E54: Ratio to (Fixed Salary and Variable Pay) | F54: =IFERROR(F53/(IFERROR(F$42,0)+IFERROR(F$46,0)+IFERROR(F$51,0)),0) -> 0 | G54: =IFERROR(G53/(IFERROR(G$42,0)+IFERROR(G$46,0)+IFERROR(G$51,0)),0) -> 0 | H54: =IFERROR(H53/(IFERROR(H$42,0)+IFERROR(H$46,0)+IFERROR(H$51,0)),0) -> 0 | I54: =IF($D53="3-Year Average", IFERROR(($F54*12+$G54*12+$H54*6)/(12+12+6),0), IF($D53="2-Year Average", IFERROR(($G54*12+$H54*6)/(12+6),0), IF($D53="Previous Year", IFERROR($G54,0), IF($D53="Current Year", IFERROR($H54,0), "")))) -> 0 | J54: =I54 -> 0 | K54: =J54 -> 0 | L54: =K54 -> 0 | M54: =L54 -> 0
C55: Estimated Ratio to (Fixed Salary + Variable Pay) | D55: Current Year | E55: Employee Welfare Expenses | I55: =(IFERROR(I42,0)+IFERROR(I46,0))*I56 -> 0 | J55: =(IFERROR(J42,0)+IFERROR(J46,0))*J56 -> 0 | K55: =(IFERROR(K42,0)+IFERROR(K46,0))*K56 -> 0 | L55: =(IFERROR(L42,0)+IFERROR(L46,0))*L56 -> 0 | M55: =(IFERROR(M42,0)+IFERROR(M46,0))*M56 -> 0
E56: Ratio to (Fixed Salary and Variable Pay) | F56: =IFERROR(F55/(IFERROR(F$42,0)+IFERROR(F$46,0)),0) -> 0 | G56: =IFERROR(G55/(IFERROR(G$42,0)+IFERROR(G$46,0)),0) -> 0 | H56: =IFERROR(H55/(IFERROR(H$42,0)+IFERROR(H$46,0)),0) -> 0 | I56: =IF($D55="3-Year Average", IFERROR(($F56*12+$G56*12+$H56*6)/(12+12+6),0), IF($D55="2-Year Average", IFERROR(($G56*12+$H56*6)/(12+6),0), IF($D55="Previous Year", IFERROR($G56,0), IF($D55="Current Year", IFERROR($H56,0), "")))) -> 0 | J56: =I56 -> 0 | K56: =J56 -> 0 | L56: =K56 -> 0 | M56: =L56 -> 0
E57: Total Labor Costs | F57: =IFERROR(F42,0)+IFERROR(F46,0)+IFERROR(F49,0)+IFERROR(F51,0)+IFERROR(F53,0)+IFERROR(F55,0) -> 0 | G57: =IFERROR(G42,0)+IFERROR(G46,0)+IFERROR(G49,0)+IFERROR(G51,0)+IFERROR(G53,0)+IFERROR(G55,0) -> 0 | H57: =IFERROR(H42,0)+IFERROR(H46,0)+IFERROR(H49,0)+IFERROR(H51,0)+IFERROR(H53,0)+IFERROR(H55,0) -> 0 | I57: =IFERROR(I42,0)+IFERROR(I46,0)+IFERROR(I49,0)+IFERROR(I51,0)+IFERROR(I53,0)+IFERROR(I55,0) -> 0 | J57: =IFERROR(J42,0)+IFERROR(J46,0)+IFERROR(J49,0)+IFERROR(J51,0)+IFERROR(J53,0)+IFERROR(J55,0) -> 0 | K57: =IFERROR(K42,0)+IFERROR(K46,0)+IFERROR(K49,0)+IFERROR(K51,0)+IFERROR(K53,0)+IFERROR(K55,0) -> 0 | L57: =IFERROR(L42,0)+IFERROR(L46,0)+IFERROR(L49,0)+IFERROR(L51,0)+IFERROR(L53,0)+IFERROR(L55,0) -> 0 | M57: =IFERROR(M42,0)+IFERROR(M46,0)+IFERROR(M49,0)+IFERROR(M51,0)+IFERROR(M53,0)+IFERROR(M55,0) -> 0
E58: Ratio to Revenue | F58: =IFERROR(F57/F59,0) -> 0 | G58: =IFERROR(G57/G59,0) -> 0 | H58: =IFERROR(H57/H59,0) -> 0 | I58: =IFERROR(I57/I59,0) -> 0 | J58: =IFERROR(J57/J59,0) -> 0 | K58: =IFERROR(K57/K59,0) -> 0 | L58: =IFERROR(L57/L59,0) -> 0 | M58: =IFERROR(M57/M59,0) -> 0
E59: Revenue | F59: =Revenue!F7 -> 197147298 | G59: =Revenue!G7 -> 202498052 | H59: =Revenue!H7 -> 108378024 | I59: =Revenue!I7 -> 89085937 | J59: =Revenue!J7 -> 1.8519185e+08 | K59: =Revenue!K7 -> 1.9221617e+08 | L59: =Revenue!L7 -> 1.9945696e+08 | M59: =Revenue!M7 -> 2.0706424e+08
A61: COGS: Variable Costs | F61: Historical Performance | I61: Projection
E62: Category | F62: 2023 | G62: 2024 | H62: 01/2025-06/2025 | I62: 07/2025 - 12/2025 | J62: 2026 | K62: 2027 | L62: 2028 | M62: 2029 | N62: Analysis Method | O62: Notes & References
E63: Material Cost | F63: =PL!F9+PL_A!F9 -> 43512069 | G63: =PL!G9+PL_A!G9 -> 43080381 | H63: =PL!H9+PL_A!H9 -> 22570358 | I63: =COGS!I70 -> 18552668 | J63: =COGS!J70 -> 38567286 | K63: =COGS!K70 -> 40030143 | L63: =COGS!L70 -> 41538079 | M63: =COGS!M70 -> 43122341 | N63: Variable Costs
E64: Total Variable Costs | F64: =SUM(F63:F63) -> 43512069 | G64: =SUM(G63:G63) -> 43080381 | H64: =SUM(H63:H63) -> 22570358 | I64: =SUM(I63:I63) -> 18552668 | J64: =SUM(J63:J63) -> 38567286 | K64: =SUM(K63:K63) -> 40030143 | L64: =SUM(L63:L63) -> 41538079 | M64: =SUM(M63:M63) -> 43122341
E65: Ratio to Revenue | F65: =IFERROR(F64/F66,0) -> 0.22070842 | G65: =IFERROR(G64/G66,0) -> 0.21274467 | H65: =IFERROR(H64/H66,0) -> 0.20825585 | I65: =IFERROR(I64/I66,0) -> 0.20825585 | J65: =IFERROR(J64/J66,0) -> 0.20825585 | K65: =IFERROR(K64/K66,0) -> 0.20825585 | L65: =IFERROR(L64/L66,0) -> 0.20825585 | M65: =IFERROR(M64/M66,0) -> 0.20825585
E66: Revenue | F66: =Revenue!F7 -> 197147298 | G66: =Revenue!G7 -> 202498052 | H66: =Revenue!H7 -> 108378024 | I66: =Revenue!I7 -> 89085937 | J66: =Revenue!J7 -> 1.8519185e+08 | K66: =Revenue!K7 -> 1.9221617e+08 | L66: =Revenue!L7 -> 1.9945696e+08 | M66: =Revenue!M7 -> 2.0706424e+08
A68: COGS: Basis of Variable Costs Calculation | F68: Historical Performance | I68: Projection
D69: Analysis Method | E69: Category | F69: 2023 | G69: 2024 | H69: 01/2025-06/2025 | I69: 07/2025 - 12/2025 | J69: 2026 | K69: 2027 | L69: 2028 | M69: 2029 | N69: Analysis Method | O69: Notes & References
C70: Estimated Ratio to Revenue | D70: Current Year | E70: Material Cost | F70: =PL!F9+PL_A!F9 -> 43512069 | G70: =PL!G9+PL_A!G9 -> 43080381 | H70: =PL!H9+PL_A!H9 -> 22570358 | I70: =I71*I72 -> 18552668 | J70: =J71*J72 -> 38567286 | K70: =K71*K72 -> 40030143 | L70: =L71*L72 -> 41538079 | M70: =M71*M72 -> 43122341 | N70: Variable Costs
E71: Ratio to Revenue | F71: =IFERROR(F70/F72,0) -> 0.22070842 | G71: =IFERROR(G70/G72,0) -> 0.21274467 | H71: =IFERROR(H70/H72,0) -> 0.20825585 | I71: =IF($D70="3-Year Average", IFERROR(($F71*12+$G71*12+$H71*6)/(12+12+6),0), IF($D70="2-Year Average", IFERROR(($G71*12+$H71*6)/(12+6),0), IF($D70="Previous Year", IFERROR($G71,0), IF($D70="Current Year", IFERROR($H71,0), "")))) -> 0.20825585 | J71: =I71 -> 0.20825585 | K71: =J71 -> 0.20825585 | L71: =K71 -> 0.20825585 | M71: =L71 -> 0.20825585
E72: Revenue | F72: =Revenue!F7 -> 197147298 | G72: =Revenue!G7 -> 202498052 | H72: =Revenue!H7 -> 108378024 | I72: =Revenue!I7 -> 89085937 | J72: =Revenue!J7 -> 1.8519185e+08 | K72: =Revenue!K7 -> 1.9221617e+08 | L72: =Revenue!L7 -> 1.9945696e+08 | M72: =Revenue!M7 -> 2.0706424e+08
A74: COGS: Fixed Costs | F74: Historical Performance | I74: Projection
C75: Analytical Criteria for Remaining Months | D75: Analysis Method | E75: Category | F75: 2023 | G75: 2024 | H75: 01/2025-06/2025 | I75: 07/2025 - 12/2025 | J75: 2026 | K75: 2027 | L75: 2028 | M75: 2029 | N75: Analysis Method | O75: Notes & References
B76: Remaining Monthly Amount and Annual Growth Rate Estimation | C76: Apportionment | D76: Inflation Rate | E76: Rental Expense | F76: =PL!F11+PL_A!F11 -> 785495 | G76: =PL!G11+PL_A!G11 -> 833423 | H76: =PL!H11+PL_A!H11 -> 482154 | I76: =IF($C76="Apportionment", $H76/6*(12-6), (IF($D76="Inflation Rate", Data!D$6, IF($D76="GDP Growth Rate", Data!D$8, ""))+1)*G76-$H76) -> 482154 | J76: =(IF($D76="Inflation Rate", Data!E$6, IF($D76="GDP Growth Rate", Data!E$8, ""))+1)*(H76+I76) -> 984317.39 | K76: =(IF($D76="Inflation Rate", Data!F$6, IF($D76="GDP Growth Rate", Data!F$8, ""))+1)*J76 -> 1003954.5 | L76: =(IF($D76="Inflation Rate", Data!G$6, IF($D76="GDP Growth Rate", Data!G$8, ""))+1)*K76 -> 1023913.1 | M76: =(IF($D76="Inflation Rate", Data!H$6, IF($D76="GDP Growth Rate", Data!H$8, ""))+1)*L76 -> 1044309.5 | N76: Fixed Costs
C77: Apportionment | D77: Inflation Rate | E77: Repair Expense | F77: =PL!F12+PL_A!F12 -> 0 | G77: =PL!G12+PL_A!G12 -> 200000 | H77: =PL!H12+PL_A!H12 -> 2500 | I77: =IF($C77="Apportionment", $H77/6*(12-6), (IF($D77="Inflation Rate", Data!D$6, IF($D77="GDP Growth Rate", Data!D$8, ""))+1)*G77-$H77) -> 2500 | J77: =(IF($D77="Inflation Rate", Data!E$6, IF($D77="GDP Growth Rate", Data!E$8, ""))+1)*(H77+I77) -> 5103.75 | K77: =(IF($D77="Inflation Rate", Data!F$6, IF($D77="GDP Growth Rate", Data!F$8, ""))+1)*J77 -> 5205.5698 | L77: =(IF($D77="Inflation Rate", Data!G$6, IF($D77="GDP Growth Rate", Data!G$8, ""))+1)*K77 -> 5309.0565 | M77: =(IF($D77="Inflation Rate", Data!H$6, IF($D77="GDP Growth Rate", Data!H$8, ""))+1)*L77 -> 5414.8129 | N77: Fixed Costs
C78: Apportionment | D78: Inflation Rate | E78: Insurance Expense | F78: =PL!F13+PL_A!F13 -> 1139403 | G78: =PL!G13+PL_A!G13 -> 1255062 | H78: =PL!H13+PL_A!H13 -> 605071 | I78: =IF($C78="Apportionment", $H78/6*(12-6), (IF($D78="Inflation Rate", Data!D$6, IF($D78="GDP Growth Rate", Data!D$8, ""))+1)*G78-$H78) -> 605071 | J78: =(IF($D78="Inflation Rate", Data!E$6, IF($D78="GDP Growth Rate", Data!E$8, ""))+1)*(H78+I78) -> 1235252.4 | K78: =(IF($D78="Inflation Rate", Data!F$6, IF($D78="GDP Growth Rate", Data!F$8, ""))+1)*J78 -> 1259895.7 | L78: =(IF($D78="Inflation Rate", Data!G$6, IF($D78="GDP Growth Rate", Data!G$8, ""))+1)*K78 -> 1284942.5 | M78: =(IF($D78="Inflation Rate", Data!H$6, IF($D78="GDP Growth Rate", Data!H$8, ""))+1)*L78 -> 1310538.5 | N78: Fixed Costs
C79: Apportionment | D79: Inflation Rate | E79: Freight Expense | F79: =PL!F14+PL_A!F14 -> 399023 | G79: =PL!G14+PL_A!G14 -> 734996 | H79: =PL!H14+PL_A!H14 -> 404825 | I79: =IF($C79="Apportionment", $H79/6*(12-6), (IF($D79="Inflation Rate", Data!D$6, IF($D79="GDP Growth Rate", Data!D$8, ""))+1)*G79-$H79) -> 404825 | J79: =(IF($D79="Inflation Rate", Data!E$6, IF($D79="GDP Growth Rate", Data!E$8, ""))+1)*(H79+I79) -> 826450.24 | K79: =(IF($D79="Inflation Rate", Data!F$6, IF($D79="GDP Growth Rate", Data!F$8, ""))+1)*J79 -> 842937.92 | L79: =(IF($D79="Inflation Rate", Data!G$6, IF($D79="GDP Growth Rate", Data!G$8, ""))+1)*K79 -> 859695.53 | M79: =(IF($D79="Inflation Rate", Data!H$6, IF($D79="GDP Growth Rate", Data!H$8, ""))+1)*L79 -> 876820.66 | N79: Fixed Costs
E80: Total Fixed Costs | F80: =SUM(F76:F79) -> 2323921 | G80: =SUM(G76:G79) -> 3023481 | H80: =SUM(H76:H79) -> 1494550 | I80: =SUM(I76:I79) -> 1494550 | J80: =SUM(J76:J79) -> 3051123.8 | K80: =SUM(K76:K79) -> 3111993.7 | L80: =SUM(L76:L79) -> 3173860.2 | M80: =SUM(M76:M79) -> 3237083.5
C81: Basis for Estimating Annual Growth Rate | D81: Inflation Rate | E81: =(IF($D81="Inflation Rate", "Inflation Rate", IF($D81="GDP Growth Rate", "GDP Growth Rate", ""))) -> Inflation Rate | I81: =(IF($D81="Inflation Rate", Data!D$6, IF($D81="GDP Growth Rate", Data!D$8, ""))) -> 0.02198 | J81: =(IF($D81="Inflation Rate", Data!E$6, IF($D81="GDP Growth Rate", Data!E$8, ""))) -> 0.02075 | K81: =(IF($D81="Inflation Rate", Data!F$6, IF($D81="GDP Growth Rate", Data!F$8, ""))) -> 0.01995 | L81: =(IF($D81="Inflation Rate", Data!G$6, IF($D81="GDP Growth Rate", Data!G$8, ""))) -> 0.01988 | M81: =(IF($D81="Inflation Rate", Data!H$6, IF($D81="GDP Growth Rate", Data!H$8, ""))) -> 0.01992
E82: Ratio to Revenue | F82: =IFERROR(F80/F83,0) -> 0.01178774 | G82: =IFERROR(G80/G83,0) -> 0.014930914 | H82: =IFERROR(H80/H83,0) -> 0.013790157 | I82: =IFERROR(I80/I83,0) -> 0.016776498 | J82: =IFERROR(J80/J83,0) -> 0.016475476 | K82: =IFERROR(K80/K83,0) -> 0.016190072 | L82: =IFERROR(L80/L83,0) -> 0.015912507 | M82: =IFERROR(M80/M83,0) -> 0.015633233
E83: Revenue | F83: =Revenue!F7 -> 197147298 | G83: =Revenue!G7 -> 202498052 | H83: =Revenue!H7 -> 108378024 | I83: =Revenue!I7 -> 89085937 | J83: =Revenue!J7 -> 1.8519185e+08 | K83: =Revenue!K7 -> 1.9221617e+08 | L83: =Revenue!L7 -> 1.9945696e+08 | M83: =Revenue!M7 -> 2.0706424e+08
A85: COGS: Depreciation and Amortization Expense | F85: Historical Performance | I85: Projection
E86: Category | F86: 2023 | G86: 2024 | H86: 01/2025-06/2025 | I86: 07/2025 - 12/2025 | J86: 2026 | K86: 2027 | L86: 2028 | M86: 2029 | N86: Analysis Method | O86: Notes & References
E87: Depreciation Expenses | F87: =PL!F10+PL_A!F10 -> 6160194 | G87: =PL!G10+PL_A!G10 -> 6160194 | H87: =PL!H10+PL_A!H10 -> 3180097 | I87: =COGS!I110 -> 629559.51 | J87: =COGS!J110 -> 1647989.7 | K87: =COGS!K110 -> 2204947.1 | L87: =COGS!L110 -> 2597912 | M87: =COGS!M110 -> 3087756.3 | N87: Depreciation and Amortization
E88: Amortization of Intangible Assets | F88: =PL!F15+PL_A!F15 -> 400630 | G88: =PL!G15+PL_A!G15 -> 400630 | H88: =PL!H15+PL_A!H15 -> 200315 | I88: =COGS!I129 -> 40943.585 | J88: =COGS!J129 -> 106513.64 | K88: =COGS!K129 -> 142003.97 | L88: =COGS!L129 -> 167350.53 | M88: =COGS!M129 -> 198901.64 | N88: Depreciation and Amortization
E89: Total Depreciation and Amortization Expense | F89: =SUM(F87:F88) -> 6560824 | G89: =SUM(G87:G88) -> 6560824 | H89: =SUM(H87:H88) -> 3380412 | I89: =SUM(I87:I88) -> 670503.09 | J89: =SUM(J87:J88) -> 1754503.3 | K89: =SUM(K87:K88) -> 2346951.1 | L89: =SUM(L87:L88) -> 2765262.5 | M89: =SUM(M87:M88) -> 3286658
E90: Ratio to Revenue | F90: =IFERROR(F89/F91,0) -> 0.033278792 | G90: =IFERROR(G89/G91,0) -> 0.032399443 | H90: =IFERROR(H89/H91,0) -> 0.031190936 | I90: =IFERROR(I89/I91,0) -> 0.0075264752 | J90: =IFERROR(J89/J91,0) -> 0.0094739773 | K90: =IFERROR(K89/K91,0) -> 0.012209956 | L90: =IFERROR(L89/L91,0) -> 0.013863956 | M90: =IFERROR(M89/M91,0) -> 0.015872649
E91: Revenue | F91: =Revenue!F7 -> 197147298 | G91: =Revenue!G7 -> 202498052 | H91: =Revenue!H7 -> 108378024 | I91: =Revenue!I7 -> 89085937 | J91: =Revenue!J7 -> 1.8519185e+08 | K91: =Revenue!K7 -> 1.9221617e+08 | L91: =Revenue!L7 -> 1.9945696e+08 | M91: =Revenue!M7 -> 2.0706424e+08
A93: Depreciation Expenses Estimation
A94: New Investments Month (= Depreciation and Amortization Start Month) | B94: 7 | C94: Note: Enter a month (1-12). If the selected month is prior to the forecast start, treat the investment as occurring in Month 1 of the forecast.
A95: Service Life | B95: 5 | C95: Depreciation and Amortization Expense Reinvestment Ratio | D95: 1 | F95: Historical Performance | I95: Projection
E96: Category | F96: 2023 | G96: 2024 | H96: 01/2025-06/2025 | I96: 07/2025 - 12/2025 | J96: 2026 | K96: 2027 | L96: 2028 | M96: 2029 | N96: Analysis Method | O96: Notes & References
E97: Existing Assets Depreciation and Amortization Expense | F97: =PL!F10+PL_A!F10 -> 6160194 | G97: =PL!G10+PL_A!G10 -> 6160194 | H97: =PL!H10+PL_A!H10 -> 3180097 | N97: Depreciation and Amortization
E98: Acquisition Cost | I98: =H98+I101 -> 6295595.1 | J98: =I98+J101 -> 10184302 | K98: =J98+K101 -> 11865169 | L98: =K98+L101 -> 14113950 | M98: =L98+M101 -> 16763613
E99: Accumulated Depreciation and Amortization Expense | I99: =H99-I110 -> -629559.51 | J99: =I99-J110 -> -2277549.2 | K99: =J99-K110 -> -4482496.3 | L99: =K99-L110 -> -7080408.3 | M99: =L99-M110 -> -10168165
E100: Inflation Rate | I100: =Data!D$6 -> 0.02198 | J100: =Data!E$6 -> 0.02075 | K100: =Data!F$6 -> 0.01995 | L100: =Data!G$6 -> 0.01988 | M100: =Data!H$6 -> 0.01992
A101: The sum of the Depreciation and Amortization Expense on existing assets that will be reinvested and the planned investment amount | The total of New Investments is CAPEX (Capital Expenditure). | E101: New Investments | I101: =IF(I102+I103-H101>0, I102+I103-H101, 0) -> 6295595.1 | J101: =J102+J103 -> 3888706.9 | K101: =K102+K103 -> 1680867.1 | L101: =L102+L103 -> 2248781.4 | M101: =M102+M103 -> 2649662.4
A102: Assume that the amount increased by the Inflation Rate from the Previous Year Depreciation and Amortization Expense is reinvested. | E102: Existing Assets Depreciation and Amortization Expense | I102: =G110*(1+I100)*$D95 -> 6295595.1 | J102: =(H110+I110)*(1+J100)*$D95 -> 3888706.9 | K102: =J110*(1+K100)*$D95 -> 1680867.1 | L102: =K110*(1+L100)*$D95 -> 2248781.4 | M102: =L110*(1+M100)*$D95 -> 2649662.4
A103: Reflect the Company's New Investment Plans | E103: Investment Plan
E104: New Investments Depreciation and Amortization Expense | I104: =SUM(I105:I109) -> 629559.51 | J104: =SUM(J105:J109) -> 1647989.7 | K104: =SUM(K105:K109) -> 2204947.1 | L104: =SUM(L105:L109) -> 2597912 | M104: =SUM(M105:M109) -> 3087756.3
E105: ="Capex " & $I$96 -> Capex 07/2025 - 12/2025 | I105: =I101/$B95/12*MIN(12-$B94+1, 12-6) -> 629559.51 | J105: =IF(SUM($I105:I105)+$I101/$B95 > $I101, $I101 - SUM($I105:I105), $I101/$B95) -> 1259119 | K105: =IF(SUM($I105:J105)+$I101/$B95 > $I101, $I101 - SUM($I105:J105), $I101/$B95) -> 1259119 | L105: =IF(SUM($I105:K105)+$I101/$B95 > $I101, $I101 - SUM($I105:K105), $I101/$B95) -> 1259119 | M105: =IF(SUM($I105:L105)+$I101/$B95 > $I101, $I101 - SUM($I105:L105), $I101/$B95) -> 1259119
E106: ="Capex FY " & $J$96 -> Capex FY 2026 | J106: =J101/$B95/12*(12-$B94+1) -> 388870.69 | K106: =IF(SUM($J106:J106)+$J101/$B95 > $J101, $J101 - SUM($J106:J106), $J101/$B95) -> 777741.38 | L106: =IF(SUM($J106:K106)+$J101/$B95 > $J101, $J101 - SUM($J106:K106), $J101/$B95) -> 777741.38 | M106: =IF(SUM($J106:L106)+$J101/$B95 > $J101, $J101 - SUM($J106:L106), $J101/$B95) -> 777741.38
E107: ="Capex FY " & $K$96 -> Capex FY 2027 | K107: =K101/$B95/12*(12-$B94+1) -> 168086.71 | L107: =IF(SUM($K107:K107)+$K101/$B95 > $K101, $K101 - SUM($K107:K107), $K101/$B95) -> 336173.42 | M107: =IF(SUM($K107:L107)+$K101/$B95 > $K101, $K101 - SUM($K107:L107), $K101/$B95) -> 336173.42
E108: ="Capex FY " & $L$96 -> Capex FY 2028 | L108: =L101/$B95/12*(12-$B94+1) -> 224878.14 | M108: =IF(SUM($L108:L108)+$L101/$B95 > $L101, $L101 - SUM($L108:L108), $L101/$B95) -> 449756.29
E109: ="Capex FY " & $M$96 -> Capex FY 2029 | M109: =M101/$B95/12*(12-$B94+1) -> 264966.24
...

Sheet SGA
A1: SG&A | H1: DCF Value | I1: =DCF!I44 -> 5.3337033e+08 | J1: =DCF!J44 -> 1.0553496e+09 | K1: =DCF!K44 -> 1.0786351e+09 | L1: =DCF!L44 -> 1.1008666e+09 | M1: =DCF!M44 -> 1.1211167e+09
F3: Historical Performance | I3: Projection
E4: Category | F4: 2023 | G4: 2024 | H4: 01/2025-06/2025 | I4: 07/2025 - 12/2025 | J4: 2026 | K4: 2027 | L4: 2028 | M4: 2029 | N4: Analysis Method | O4: Notes & References
E5: Labor Costs | F5: =SUMIFS(F$19:F$37,$N$19:$N$37, $E5) -> 27117069 | G5: =SUMIFS(G$19:G$37,$N$19:$N$37, $E5) -> 27316924 | H5: =SUMIFS(H$19:H$37,$N$19:$N$37, $E5) -> 13155024 | I5: =SUMIFS(I$19:I$37,$N$19:$N$37, $E5) -> 0 | J5: =SUMIFS(J$19:J$37,$N$19:$N$37, $E5) -> 0 | K5: =SUMIFS(K$19:K$37,$N$19:$N$37, $E5) -> 0 | L5: =SUMIFS(L$19:L$37,$N$19:$N$37, $E5) -> 0 | M5: =SUMIFS(M$19:M$37,$N$19:$N$37, $E5) -> 0
E6: Ratio to Revenue | F6: =IFERROR(F5/F15,0) -> 0.13754725 | G6: =IFERROR(G5/G15,0) -> 0.13489969 | H6: =IFERROR(H5/H15,0) -> 0.12138092 | I6: =IFERROR(I5/I15,0) -> 0 | J6: =IFERROR(J5/J15,0) -> 0 | K6: =IFERROR(K5/K15,0) -> 0 | L6: =IFERROR(L5/L15,0) -> 0 | M6: =IFERROR(M5/M15,0) -> 0
E7: Variable Costs | F7: =SUMIFS(F$19:F$37,$N$19:$N$37, $E7) -> 10542 | G7: =SUMIFS(G$19:G$37,$N$19:$N$37, $E7) -> 22185 | H7: =SUMIFS(H$19:H$37,$N$19:$N$37, $E7) -> 7782 | I7: =SUMIFS(I$19:I$37,$N$19:$N$37, $E7) -> 6396.7466 | J7: =SUMIFS(J$19:J$37,$N$19:$N$37, $E7) -> 13297.557 | K7: =SUMIFS(K$19:K$37,$N$19:$N$37, $E7) -> 13801.933 | L7: =SUMIFS(L$19:L$37,$N$19:$N$37, $E7) -> 14321.852 | M7: =SUMIFS(M$19:M$37,$N$19:$N$37, $E7) -> 14868.088
E8: Ratio to Revenue | F8: =IFERROR(F7/F15,0) -> 5.3472709e-05 | G8: =IFERROR(G7/G15,0) -> 0.00010955661 | H8: =IFERROR(H7/H15,0) -> 7.1804225e-05 | I8: =IFERROR(I7/I15,0) -> 7.1804225e-05 | J8: =IFERROR(J7/J15,0) -> 7.1804225e-05 | K8: =IFERROR(K7/K15,0) -> 7.1804225e-05 | L8: =IFERROR(L7/L15,0) -> 7.1804225e-05 | M8: =IFERROR(M7/M15,0) -> 7.1804225e-05
E9: Fixed Costs | F9: =SUMIFS(F$19:F$37,$N$19:$N$37, $E9) -> 16882283 | G9: =SUMIFS(G$19:G$37,$N$19:$N$37, $E9) -> 17257093 | H9: =SUMIFS(H$19:H$37,$N$19:$N$37, $E9) -> 8615141 | I9: =SUMIFS(I$19:I$37,$N$19:$N$37, $E9) -> 8615141 | J9: =SUMIFS(J$19:J$37,$N$19:$N$37, $E9) -> 17587810 | K9: =SUMIFS(K$19:K$37,$N$19:$N$37, $E9) -> 17938687 | L9: =SUMIFS(L$19:L$37,$N$19:$N$37, $E9) -> 18295308 | M9: =SUMIFS(M$19:M$37,$N$19:$N$37, $E9) -> 18659751
E10: Ratio to Revenue | F10: =IFERROR(F9/F15,0) -> 0.08563284 | G10: =IFERROR(G9/G15,0) -> 0.085221032 | H10: =IFERROR(H9/H15,0) -> 0.079491586 | I10: =IFERROR(I9/I15,0) -> 0.096705959 | J10: =IFERROR(J9/J15,0) -> 0.09497076 | K10: =IFERROR(K9/K15,0) -> 0.093325587 | L10: =IFERROR(L9/L15,0) -> 0.091725597 | M10: =IFERROR(M9/M15,0) -> 0.090115756
E11: Depreciation and Amortization | F11: =SUMIFS(F$19:F$37,$N$19:$N$37, $E11) -> 34091 | G11: =SUMIFS(G$19:G$37,$N$19:$N$37, $E11) -> 32781 | H11: =SUMIFS(H$19:H$37,$N$19:$N$37, $E11) -> 13299 | I11: =SUMIFS(I$19:I$37,$N$19:$N$37, $E11) -> 3350.1526 | J11: =SUMIFS(J$19:J$37,$N$19:$N$37, $E11) -> 8399.7675 | K11: =SUMIFS(K$19:K$37,$N$19:$N$37, $E11) -> 10955.964 | L11: =SUMIFS(L$19:L$37,$N$19:$N$37, $E11) -> 12930.075 | M11: =SUMIFS(M$19:M$37,$N$19:$N$37, $E11) -> 15366.216
E12: Ratio to Revenue | F12: =IFERROR(F11/F15,0) -> 0.00017292147 | G12: =IFERROR(G11/G15,0) -> 0.00016188304 | H12: =IFERROR(H11/H15,0) -> 0.00012270938 | I12: =IFERROR(I11/I15,0) -> 3.7605853e-05 | J12: =IFERROR(J11/J15,0) -> 4.5357113e-05 | K12: =IFERROR(K11/K15,0) -> 5.6998139e-05 | L12: =IFERROR(L11/L15,0) -> 6.4826394e-05 | M12: =IFERROR(M11/M15,0) -> 7.4209897e-05
E13: Total SG&A | F13: =SUM(IFERROR(F5,0), IFERROR(F7,0), IFERROR(F9,0), IFERROR(F11,0)) -> 44043985 | G13: =SUM(IFERROR(G5,0), IFERROR(G7,0), IFERROR(G9,0), IFERROR(G11,0)) -> 44628983 | H13: =SUM(IFERROR(H5,0), IFERROR(H7,0), IFERROR(H9,0), IFERROR(H11,0)) -> 21791246 | I13: =SUM(IFERROR(I5,0), IFERROR(I7,0), IFERROR(I9,0), IFERROR(I11,0)) -> 8624887.9 | J13: =SUM(IFERROR(J5,0), IFERROR(J7,0), IFERROR(J9,0), IFERROR(J11,0)) -> 17609508 | K13: =SUM(IFERROR(K5,0), IFERROR(K7,0), IFERROR(K9,0), IFERROR(K11,0)) -> 17963445 | L13: =SUM(IFERROR(L5,0), IFERROR(L7,0), IFERROR(L9,0), IFERROR(L11,0)) -> 18322560 | M13: =SUM(IFERROR(M5,0), IFERROR(M7,0), IFERROR(M9,0), IFERROR(M11,0)) -> 18689985
E14: Ratio to Revenue | F14: =IFERROR(F13/F15,0) -> 0.22340649 | G14: =IFERROR(G13/G15,0) -> 0.22039216 | H14: =IFERROR(H13/H15,0) -> 0.20106702 | I14: =IFERROR(I13/I15,0) -> 0.096815369 | J14: =IFERROR(J13/J15,0) -> 0.095087921 | K14: =IFERROR(K13/K15,0) -> 0.09345439 | L14: =IFERROR(L13/L15,0) -> 0.091862227 | M14: =IFERROR(M13/M15,0) -> 0.09026177
E15: Revenue | F15: =Revenue!F7 -> 197147298 | G15: =Revenue!G7 -> 202498052 | H15: =Revenue!H7 -> 108378024 | I15: =Revenue!I7 -> 89085937 | J15: =Revenue!J7 -> 1.8519185e+08 | K15: =Revenue!K7 -> 1.9221617e+08 | L15: =Revenue!L7 -> 1.9945696e+08 | M15: =Revenue!M7 -> 2.0706424e+08
F17: Historical Performance | I17: Projection
A18: Main Category | B18: Medium Category | C18: Subcategory | D18: Detailed Category | E18: Category | F18: 2023 | G18: 2024 | H18: 01/2025-06/2025 | I18: 07/2025 - 12/2025 | J18: 2026 | K18: 2027 | L18: 2028 | M18: 2029 | N18: Analysis Method | O18: Notes & References
A19: IV. Selling & Administrative Expenses | B19: Employee Salary | C19: Employee Salary | D19: Employee Salary | E19: Employee Salary | F19: =F44 -> 21567004 | G19: =G44 -> 21670978 | H19: =H44 -> 10844209 | I19: =I44 -> 0 | J19: =J44 -> 0 | K19: =K44 -> 0 | L19: =L44 -> 0 | M19: =M44 -> 0 | N19: Labor Costs
A20: IV. Selling & Administrative Expenses | B20: Bonus | C20: Bonus | D20: Bonus | E20: Bonus | F20: =F45 -> 3138445 | G20: =G45 -> 3211345 | H20: =H45 -> 1109083 | I20: =I45 -> 0 | J20: =J45 -> 0 | K20: =K45 -> 0 | L20: =L45 -> 0 | M20: =M45 -> 0 | N20: Labor Costs
A21: IV. Selling & Administrative Expenses | B21: Retirement Benefits | C21: Retirement Benefits | D21: Retirement Benefits | E21: Retirement Benefits | F21: =F46 -> 2213123 | G21: =G46 -> 2196649 | H21: =H46 -> 1056179 | I21: =I46 -> 0 | J21: =J46 -> 0 | K21: =K46 -> 0 | L21: =L46 -> 0 | M21: =M46 -> 0 | N21: Labor Costs
A22: IV. Selling & Administrative Expenses | B22: Employee Welfare Expenses | C22: Employee Welfare Expenses | D22: Employee Welfare Expenses | E22: Employee Welfare Expenses | F22: =F47 -> 198497 | G22: =G47 -> 237952 | H22: =H47 -> 145553 | I22: =I47 -> 0 | J22: =J47 -> 0 | K22: =K47 -> 0 | L22: =L47 -> 0 | M22: =M47 -> 0 | N22: Labor Costs
A23: IV. Selling & Administrative Expenses | B23: Travel & Transportation Expenses | C23: Travel & Transportation Expenses | D23: Travel & Transportation Expenses | E23: Travel & Transportation Expenses | F23: =F82 -> 10542 | G23: =G82 -> 22185 | H23: =H82 -> 7782 | I23: =I82 -> 6396.7466 | J23: =J82 -> 13297.557 | K23: =K82 -> 13801.933 | L23: =L82 -> 14321.852 | M23: =M82 -> 14868.088 | N23: Variable Costs
A24: IV. Selling & Administrative Expenses | B24: Entertainment Expense | C24: Entertainment Expense | D24: Entertainment Expense | E24: Entertainment Expense | F24: =F88 -> 61990 | G24: =G88 -> 66652 | H24: =H88 -> 39114 | I24: =I88 -> 39114 | J24: =J88 -> 79851.231 | K24: =K88 -> 81444.263 | L24: =L88 -> 83063.375 | M24: =M88 -> 84717.997 | N24: Fixed Costs
A25: IV. Selling & Administrative Expenses | B25: Communication Expense | C25: Communication Expense | D25: Communication Expense | E25: Communication Expense | F25: =F89 -> 23373 | G25: =G89 -> 24840 | H25: =H89 -> 11962 | I25: =I89 -> 11962 | J25: =J89 -> 24420.423 | K25: =K89 -> 24907.61 | L25: =L89 -> 25402.774 | M25: =M89 -> 25908.797 | N25: Fixed Costs
A26: IV. Selling & Administrative Expenses | B26: Utilities Expense | C26: Utilities Expense | D26: Utilities Expense | E26: Utilities Expense | F26: =F90 -> 7076 | G26: =G90 -> 3323 | H26: =H90 -> 954 | I26: =I90 -> 954 | J26: =J90 -> 1947.591 | K26: =K90 -> 1986.4454 | L26: =L90 -> 2025.936 | M26: =M90 -> 2066.2926 | N26: Fixed Costs
A27: IV. Selling & Administrative Expenses | B27: Taxes & Dues | C27: Taxes & Dues | D27: Taxes & Dues | E27: Taxes & Dues | F27: =F91 -> 10171028 | G27: =G91 -> 10160672 | H27: =H91 -> 5086491 | I27: =I91 -> 5086491 | J27: =J91 -> 10384071 | K27: =K91 -> 10591234 | L27: =L91 -> 10801787 | M27: =M91 -> 11016959 | N27: Fixed Costs
A28: IV. Selling & Administrative Expenses | B28: Depreciation Expenses | C28: Depreciation Expenses | D28: Depreciation Expenses | E28: Depreciation Expenses | F28: =F108 -> 34091 | G28: =G108 -> 32781 | H28: =H108 -> 13299 | I28: =I108 -> 3350.1526 | J28: =J108 -> 8399.7675 | K28: =K108 -> 10955.964 | L28: =L108 -> 12930.075 | M28: =M108 -> 15366.216 | N28: Depreciation and Amortization
A29: IV. Selling & Administrative Expenses | B29: Rental Expense | C29: Rental Expense | D29: Rental Expense | E29: Rental Expense | F29: =F92 -> 1993980 | G29: =G92 -> 2000140 | H29: =H92 -> 1019680 | I29: =I92 -> 1019680 | J29: =J92 -> 2081676.7 | K29: =K92 -> 2123206.2 | L29: =L92 -> 2165415.5 | M29: =M92 -> 2208550.6 | N29: Fixed Costs
A30: IV. Selling & Administrative Expenses | B30: Insurance Expense | C30: Insurance Expense | D30: Insurance Expense | E30: Insurance Expense | F30: =F93 -> 404461 | G30: =G93 -> 404461 | H30: =H93 -> 202461 | I30: =I93 -> 202461 | J30: =J93 -> 413324.13 | K30: =K93 -> 421569.95 | L30: =L93 -> 429950.76 | M30: =M93 -> 438515.38 | N30: Fixed Costs
A31: IV. Selling & Administrative Expenses | B31: Vehicle Maintenance Expense | C31: Vehicle Maintenance Expense | D31: Vehicle Maintenance Expense | E31: Vehicle Maintenance Expense | F31: =F94 -> 247888 | G31: =G94 -> 253437 | H31: =H94 -> 134700 | I31: =I94 -> 134700 | J31: =J94 -> 274990.05 | K31: =K94 -> 280476.1 | L31: =L94 -> 286051.97 | M31: =M94 -> 291750.12 | N31: Fixed Costs
A32: IV. Selling & Administrative Expenses | B32: Freight Expense | C32: Freight Expense | D32: Freight Expense | E32: Freight Expense | F32: =F95 -> 829 | G32: =G95 -> 132 | H32: =H95 -> 900 | I32: =I95 -> 900 | J32: =J95 -> 1837.35 | K32: =K95 -> 1874.0051 | L32: =L95 -> 1911.2604 | M32: =M95 -> 1949.3327 | N32: Fixed Costs
A33: IV. Selling & Administrative Expenses | B33: Training Expense | C33: Training Expense | D33: Training Expense | E33: Training Expense | F33: =F96 -> 7540 | G33: =G96 -> 16740 | H33: =H96 -> 16510 | I33: =I96 -> 16510 | J33: =J96 -> 33705.165 | K33: =K96 -> 34377.583 | L33: =L96 -> 35061.009 | M33: =M96 -> 35759.425 | N33: Fixed Costs
A34: IV. Selling & Administrative Expenses | B34: Books & Printing Expense | C34: Books & Printing Expense | D34: Books & Printing Expense | E34: Books & Printing Expense | F34: =F97 -> 439 | G34: =G97 -> 2700 | H34: =H97 -> 0 | I34: =I97 -> 0 | J34: =J97 -> 0 | K34: =K97 -> 0 | L34: =L97 -> 0 | M34: =M97 -> 0 | N34: Fixed Costs
A35: IV. Selling & Administrative Expenses | B35: Office Supplies Expense | C35: Office Supplies Expense | D35: Office Supplies Expense | E35: Office Supplies Expense | F35: =F98 -> 156622 | G35: =G98 -> 150596 | H35: =H98 -> 241225 | I35: =I98 -> 241225 | J35: =J98 -> 492460.84 | K35: =K98 -> 502285.43 | L35: =L98 -> 512270.87 | M35: =M98 -> 522475.3 | N35: Fixed Costs
A36: IV. Selling & Administrative Expenses | B36: Service Fee Expense | C36: Service Fee Expense | D36: Service Fee Expense | E36: Service Fee Expense | F36: =F99 -> 3699844 | G36: =G99 -> 4060563 | H36: =H99 -> 1832194 | I36: =I99 -> 1832194 | J36: =J99 -> 3740424.1 | K36: =K99 -> 3815045.5 | L36: =L99 -> 3890888.6 | M36: =M99 -> 3968395.1 | N36: Fixed Costs
A37: IV. Selling & Administrative Expenses | B37: Advertising & Promotion Expense | C37: Advertising & Promotion Expense | D37: Advertising & Promotion Expense | E37: Advertising & Promotion Expense | F37: =F100 -> 107213 | G37: =G100 -> 112837 | H37: =H100 -> 28950 | I37: =I100 -> 28950 | J37: =J100 -> 59101.425 | K37: =K100 -> 60280.498 | L37: =L100 -> 61478.875 | M37: =M100 -> 62703.534 | N37: Fixed Costs
E38: Total | F38: =SUM(F19:F37) -> 44043985 | G38: =SUM(G19:G37) -> 44628983 | H38: =SUM(H19:H37) -> 21791246 | I38: =SUM(I19:I37) -> 8624887.9 | J38: =SUM(J19:J37) -> 17609508 | K38: =SUM(K19:K37) -> 17963445 | L38: =SUM(L19:L37) -> 18322560 | M38: =SUM(M19:M37) -> 18689985
E39: Ratio to Revenue | F39: =IFERROR(F38/F40,0) -> 0.22340649 | G39: =IFERROR(G38/G40,0) -> 0.22039216 | H39: =IFERROR(H38/H40,0) -> 0.20106702 | I39: =IFERROR(I38/I40,0) -> 0.096815369 | J39: =IFERROR(J38/J40,0) -> 0.095087921 | K39: =IFERROR(K38/K40,0) -> 0.09345439 | L39: =IFERROR(L38/L40,0) -> 0.091862227 | M39: =IFERROR(M38/M40,0) -> 0.09026177
E40: Revenue | F40: =Revenue!F7 -> 197147298 | G40: =Revenue!G7 -> 202498052 | H40: =Revenue!H7 -> 108378024 | I40: =Revenue!I7 -> 89085937 | J40: =Revenue!J7 -> 1.8519185e+08 | K40: =Revenue!K7 -> 1.9221617e+08 | L40: =Revenue!L7 -> 1.9945696e+08 | M40: =Revenue!M7 -> 2.0706424e+08
A42: SG&A: Labor Costs | F42: Historical Performance | I42: Projection
E43: Category | F43: 2023 | G43: 2024 | H43: 01/2025-06/2025 | I43: 07/2025 - 12/2025 | J43: 2026 | K43: 2027 | L43: 2028 | M43: 2029 | N43: Analysis Method | O43: Notes & References
E44: Employee Salary | F44: =PL!F16+PL_A!F16 -> 21567004 | G44: =PL!G16+PL_A!G16 -> 21670978 | H44: =PL!H16+PL_A!H16 -> 10844209 | N44: Labor Costs
E45: Bonus | F45: =PL!F17+PL_A!F17 -> 3138445 | G45: =PL!G17+PL_A!G17 -> 3211345 | H45: =PL!H17+PL_A!H17 -> 1109083 | N45: Labor Costs
E46: Retirement Benefits | F46: =PL!F18+PL_A!F18 -> 2213123 | G46: =PL!G18+PL_A!G18 -> 2196649 | H46: =PL!H18+PL_A!H18 -> 1056179 | N46: Labor Costs
E47: Employee Welfare Expenses | F47: =PL!F19+PL_A!F19 -> 198497 | G47: =PL!G19+PL_A!G19 -> 237952 | H47: =PL!H19+PL_A!H19 -> 145553 | N47: Labor Costs
E48: Total Labor Costs | F48: =SUM(F44:F47) -> 27117069 | G48: =SUM(G44:G47) -> 27316924 | H48: =SUM(H44:H47) -> 13155024 | I48: =SUM(I44:I47) -> 0 | J48: =SUM(J44:J47) -> 0 | K48: =SUM(K44:K47) -> 0 | L48: =SUM(L44:L47) -> 0 | M48: =SUM(M44:M47) -> 0
E49: Ratio to Revenue | F49: =IFERROR(F48/F50,0) -> 0.13754725 | G49: =IFERROR(G48/G50,0) -> 0.13489969 | H49: =IFERROR(H48/H50,0) -> 0.12138092 | I49: =IFERROR(I48/I50,0) -> 0 | J49: =IFERROR(J48/J50,0) -> 0 | K49: =IFERROR(K48/K50,0) -> 0 | L49: =IFERROR(L48/L50,0) -> 0 | M49: =IFERROR(M48/M50,0) -> 0
E50: Revenue | F50: =Revenue!F7 -> 197147298 | G50: =Revenue!G7 -> 202498052 | H50: =Revenue!H7 -> 108378024 | I50: =Revenue!I7 -> 89085937 | J50: =Revenue!J7 -> 1.8519185e+08 | K50: =Revenue!K7 -> 1.9221617e+08 | L50: =Revenue!L7 -> 1.9945696e+08 | M50: =Revenue!M7 -> 2.0706424e+08
A52: SG&A: Basis of Labor Costs Calculation | F52: Historical Performance | I52: Projection
D53: Analysis Method | E53: Category | F53: 2023 | G53: 2024 | H53: 01/2025-06/2025 | I53: 07/2025 - 12/2025 | J53: 2026 | K53: 2027 | L53: 2028 | M53: 2029 | N53: Analysis Method | O53: Notes & References
C54: Estimated Wage Growth Rate | D54: Wage Growth Rate | E54: Fixed Salary | I54: =I55*I56/12*(12-6) -> 0 | J54: =J55*J56 -> 0 | K54: =K55*K56 -> 0 | L54: =L55*L56 -> 0 | M54: =M55*M56 -> 0
E55: Average Headcount
C56: Estimate of Wage Growth Adjustment for Remaining Months Compared to the Previous Year | D56: Same as the Previous Month | E56: Salary per Person (Annual Salary) | F56: =IFERROR(F54/F55,0) -> 0 | G56: =IFERROR(G54/G55,0) -> 0 | H56: =IFERROR(H54/H55/6*12,0) -> 0 | I56: =IF($D56="Same as the Previous Month", H56, IF($D56 = "Wage Increase Adjustment", $G56*(1+$I57), "")) -> 0 | J56: =I56*(1+J57) -> 0 | K56: =J56*(1+K57) -> 0 | L56: =K56*(1+L57) -> 0 | M56: =L56*(1+M57) -> 0
E57: Wage Growth Rate | F57: 0 | G57: =IFERROR(G56/F56-1,0) -> 0 | H57: =IFERROR(H56/G56-1,0) -> 0 | I57: =IF($D54="Wage Growth Rate", Data!D$9, IF($D54="Inflation Rate", Data!D$6, "")) -> 0.03485 | J57: =IF($D54="Wage Growth Rate", Data!E$9, IF($D54="Inflation Rate", Data!E$6, "")) -> 0.03355 | K57: =IF($D54="Wage Growth Rate", Data!F$9, IF($D54="Inflation Rate", Data!F$6, "")) -> 0.03204 | L57: =IF($D54="Wage Growth Rate", Data!G$9, IF($D54="Inflation Rate", Data!G$6, "")) -> 0.03099 | M57: =IF($D54="Wage Growth Rate", Data!H$9, IF($D54="Inflation Rate", Data!H$6, "")) -> 0.03027
C58: Estimated Ratio to Revenue | D58: Current Year | E58: Variable Pay | I58: =I59*I60 -> 0 | J58: =J59*J60 -> 0 | K58: =K59*K60 -> 0 | L58: =L59*L60 -> 0 | M58: =M59*M60 -> 0
E59: Revenue | F59: =Revenue!F7 -> 197147298 | G59: =Revenue!G7 -> 202498052 | H59: =Revenue!H7 -> 108378024 | I59: =Revenue!I7 -> 89085937 | J59: =Revenue!J7 -> 1.8519185e+08 | K59: =Revenue!K7 -> 1.9221617e+08 | L59: =Revenue!L7 -> 1.9945696e+08 | M59: =Revenue!M7 -> 2.0706424e+08
E60: Ratio to Revenue | F60: =IFERROR(F58/F59,0) -> 0 | G60: =IFERROR(G58/G59,0) -> 0 | H60: =IFERROR(H58/H59,0) -> 0 | I60: =IF($D58="3-Year Average", IFERROR(($F60*12+$G60*12+$H60*6)/(12+12+6),0), IF($D58="2-Year Average", IFERROR(($G60*12+$H60*6)/(12+6),0), IF($D58="Previous Year", IFERROR($G60,0), IF($D58="Current Year", IFERROR($H60,0), "")))) -> 0 | J60: =I60 -> 0 | K60: =J60 -> 0 | L60: =K60 -> 0 | M60: =L60 -> 0
C61: Estimated Ratio to (Fixed Salary + Variable Pay) | D61: Current Year | E61: Bonus | I61: =I62*(IFERROR(I54,0)+IFERROR(I58,0)) -> 0 | J61: =J62*(IFERROR(J54,0)+IFERROR(J58,0)) -> 0 | K61: =K62*(IFERROR(K54,0)+IFERROR(K58,0)) -> 0 | L61: =L62*(IFERROR(L54,0)+IFERROR(L58,0)) -> 0 | M61: =M62*(IFERROR(M54,0)+IFERROR(M58,0)) -> 0
E62: Ratio to (Fixed Salary and Variable Pay) | F62: =IFERROR(F61/(IFERROR(F$54,0)+IFERROR(F$58,0)),0) -> 0 | G62: =IFERROR(G61/(IFERROR(G$54,0)+IFERROR(G$58,0)),0) -> 0 | H62: =IFERROR(H61/(IFERROR(H$54,0)+IFERROR(H$58,0)),0) -> 0 | I62: =IF($D61="3-Year Average", IFERROR(($F62*12+$G62*12+$H62*6)/(12+12+6),0), IF($D61="2-Year Average", IFERROR(($G62*12+$H62*6)/(12+6),0), IF($D61="Previous Year", IFERROR($G62,0), IF($D61="Current Year", IFERROR($H62,0), "")))) -> 0 | J62: =I62 -> 0 | K62: =J62 -> 0 | L62: =K62 -> 0 | M62: =L62 -> 0
C63: Estimated Ratio to (Fixed Salary + Variable Pay) | D63: Current Year | E63: Allowances | I63: =(IFERROR(I54,0)+IFERROR(I58,0))*I64 -> 0 | J63: =(IFERROR(J54,0)+IFERROR(J58,0))*J64 -> 0 | K63: =(IFERROR(K54,0)+IFERROR(K58,0))*K64 -> 0 | L63: =(IFERROR(L54,0)+IFERROR(L58,0))*L64 -> 0 | M63: =(IFERROR(M54,0)+IFERROR(M58,0))*M64 -> 0
E64: Ratio to (Fixed Salary and Variable Pay) | F64: =IFERROR(F63/(IFERROR(F$54,0)+IFERROR(F$58,0)),0) -> 0 | G64: =IFERROR(G63/(IFERROR(G$54,0)+IFERROR(G$58,0)),0) -> 0 | H64: =IFERROR(H63/(IFERROR(H$54,0)+IFERROR(H$58,0)),0) -> 0 | I64: =IF($D63="3-Year Average", IFERROR(($F64*12+$G64*12+$H64*6)/(12+12+6),0), IF($D63="2-Year Average", IFERROR(($G64*12+$H64*6)/(12+6),0), IF($D63="Previous Year", IFERROR($G64,0), IF($D63="Current Year", IFERROR($H64,0), "")))) -> 0 | J64: =I64 -> 0 | K64: =J64 -> 0 | L64: =K64 -> 0 | M64: =L64 -> 0
C65: Estimated Ratio to (Fixed Salary + Variable Pay + Allowances) | D65: Current Year | E65: Retirement Benefits | I65: =(IFERROR(I54,0)+IFERROR(I58,0)+IFERROR(I63,0))*I66 -> 0 | J65: =(IFERROR(J54,0)+IFERROR(J58,0)+IFERROR(J63,0))*J66 -> 0 | K65: =(IFERROR(K54,0)+IFERROR(K58,0)+IFERROR(K63,0))*K66 -> 0 | L65: =(IFERROR(L54,0)+IFERROR(L58,0)+IFERROR(L63,0))*L66 -> 0 | M65: =(IFERROR(M54,0)+IFERROR(M58,0)+IFERROR(M63,0))*M66 -> 0
E66: Ratio to (Fixed Salary and Variable Pay) | F66: =IFERROR(F65/(IFERROR(F$54,0)+IFERROR(F$58,0)+IFERROR(F$63,0)),0) -> 0 | G66: =IFERROR(G65/(IFERROR(G$54,0)+IFERROR(G$58,0)+IFERROR(G$63,0)),0) -> 0 | H66: =IFERROR(H65/(IFERROR(H$54,0)+IFERROR(H$58,0)+IFERROR(H$63,0)),0) -> 0 | I66: =IF($D65="3-Year Average", IFERROR(($F66*12+$G66*12+$H66*6)/(12+12+6),0), IF($D65="2-Year Average", IFERROR(($G66*12+$H66*6)/(12+6),0), IF($D65="Previous Year", IFERROR($G66,0), IF($D65="Current Year", IFERROR($H66,0), "")))) -> 0 | J66: =I66 -> 0 | K66: =J66 -> 0 | L66: =K66 -> 0 | M66: =L66 -> 0
C67: Estimated Ratio to (Fixed Salary + Variable Pay) | D67: Current Year | E67: Employee Welfare Expenses | I67: =(IFERROR(I54,0)+IFERROR(I58,0))*I68 -> 0 | J67: =(IFERROR(J54,0)+IFERROR(J58,0))*J68 -> 0 | K67: =(IFERROR(K54,0)+IFERROR(K58,0))*K68 -> 0 | L67: =(IFERROR(L54,0)+IFERROR(L58,0))*L68 -> 0 | M67: =(IFERROR(M54,0)+IFERROR(M58,0))*M68 -> 0
E68: Ratio to (Fixed Salary and Variable Pay) | F68: =IFERROR(F67/(IFERROR(F$54,0)+IFERROR(F$58,0)),0) -> 0 | G68: =IFERROR(G67/(IFERROR(G$54,0)+IFERROR(G$58,0)),0) -> 0 | H68: =IFERROR(H67/(IFERROR(H$54,0)+IFERROR(H$58,0)),0) -> 0 | I68: =IF($D67="3-Year Average", IFERROR(($F68*12+$G68*12+$H68*6)/(12+12+6),0), IF($D67="2-Year Average", IFERROR(($G68*12+$H68*6)/(12+6),0), IF($D67="Previous Year", IFERROR($G68,0), IF($D67="Current Year", IFERROR($H68,0), "")))) -> 0 | J68: =I68 -> 0 | K68: =J68 -> 0 | L68: =K68 -> 0 | M68: =L68 -> 0
E69: Total Labor Costs | F69: =IFERROR(F54,0)+IFERROR(F58,0)+IFERROR(F61,0)+IFERROR(F63,0)+IFERROR(F65,0)+IFERROR(F67,0) -> 0 | G69: =IFERROR(G54,0)+IFERROR(G58,0)+IFERROR(G61,0)+IFERROR(G63,0)+IFERROR(G65,0)+IFERROR(G67,0) -> 0 | H69: =IFERROR(H54,0)+IFERROR(H58,0)+IFERROR(H61,0)+IFERROR(H63,0)+IFERROR(H65,0)+IFERROR(H67,0) -> 0 | I69: =IFERROR(I54,0)+IFERROR(I58,0)+IFERROR(I61,0)+IFERROR(I63,0)+IFERROR(I65,0)+IFERROR(I67,0) -> 0 | J69: =IFERROR(J54,0)+IFERROR(J58,0)+IFERROR(J61,0)+IFERROR(J63,0)+IFERROR(J65,0)+IFERROR(J67,0) -> 0 | K69: =IFERROR(K54,0)+IFERROR(K58,0)+IFERROR(K61,0)+IFERROR(K63,0)+IFERROR(K65,0)+IFERROR(K67,0) -> 0 | L69: =IFERROR(L54,0)+IFERROR(L58,0)+IFERROR(L61,0)+IFERROR(L63,0)+IFERROR(L65,0)+IFERROR(L67,0) -> 0 | M69: =IFERROR(M54,0)+IFERROR(M58,0)+IFERROR(M61,0)+IFERROR(M63,0)+IFERROR(M65,0)+IFERROR(M67,0) -> 0
E70: Ratio to Revenue | F70: =IFERROR(F69/F71,0) -> 0 | G70: =IFERROR(G69/G71,0) -> 0 | H70: =IFERROR(H69/H71,0) -> 0 | I70: =IFERROR(I69/I71,0) -> 0 | J70: =IFERROR(J69/J71,0) -> 0 | K70: =IFERROR(K69/K71,0) -> 0 | L70: =IFERROR(L69/L71,0) -> 0 | M70: =IFERROR(M69/M71,0) -> 0
E71: Revenue | F71: =Revenue!F7 -> 197147298 | G71: =Revenue!G7 -> 202498052 | H71: =Revenue!H7 -> 108378024 | I71: =Revenue!I7 -> 89085937 | J71: =Revenue!J7 -> 1.8519185e+08 | K71: =Revenue!K7 -> 1.9221617e+08 | L71: =Revenue!L7 -> 1.9945696e+08 | M71: =Revenue!M7 -> 2.0706424e+08
A73: SG&A: Variable Costs | F73: Historical Performance | I73: Projection
E74: Category | F74: 2023 | G74: 2024 | H74: 01/2025-06/2025 | I74: 07/2025 - 12/2025 | J74: 2026 | K74: 2027 | L74: 2028 | M74: 2029 | N74: Analysis Method | O74: Notes & References
E75: Travel & Transportation Expenses | F75: =PL!F20+PL_A!F20 -> 10542 | G75: =PL!G20+PL_A!G20 -> 22185 | H75: =PL!H20+PL_A!H20 -> 7782 | I75: =SGA!I82 -> 6396.7466 | J75: =SGA!J82 -> 13297.557 | K75: =SGA!K82 -> 13801.933 | L75: =SGA!L82 -> 14321.852 | M75: =SGA!M82 -> 14868.088 | N75: Variable Costs
E76: Total Variable Costs | F76: =SUM(F75:F75) -> 10542 | G76: =SUM(G75:G75) -> 22185 | H76: =SUM(H75:H75) -> 7782 | I76: =SUM(I75:I75) -> 6396.7466 | J76: =SUM(J75:J75) -> 13297.557 | K76: =SUM(K75:K75) -> 13801.933 | L76: =SUM(L75:L75) -> 14321.852 | M76: =SUM(M75:M75) -> 14868.088
E77: Ratio to Revenue | F77: =IFERROR(F76/F78,0) -> 5.3472709e-05 | G77: =IFERROR(G76/G78,0) -> 0.00010955661 | H77: =IFERROR(H76/H78,0) -> 7.1804225e-05 | I77: =IFERROR(I76/I78,0) -> 7.1804225e-05 | J77: =IFERROR(J76/J78,0) -> 7.1804225e-05 | K77: =IFERROR(K76/K78,0) -> 7.1804225e-05 | L77: =IFERROR(L76/L78,0) -> 7.1804225e-05 | M77: =IFERROR(M76/M78,0) -> 7.1804225e-05
E78: Revenue | F78: =Revenue!F7 -> 197147298 | G78: =Revenue!G7 -> 202498052 | H78: =Revenue!H7 -> 108378024 | I78: =Revenue!I7 -> 89085937 | J78: =Revenue!J7 -> 1.8519185e+08 | K78: =Revenue!K7 -> 1.9221617e+08 | L78: =Revenue!L7 -> 1.9945696e+08 | M78: =Revenue!M7 -> 2.0706424e+08
A80: SG&A: Basis of Variable Costs Calculation | F80: Historical Performance | I80: Projection
D81: Analysis Method | E81: Category | F81: 2023 | G81: 2024 | H81: 01/2025-06/2025 | I81: 07/2025 - 12/2025 | J81: 2026 | K81: 2027 | L81: 2028 | M81: 2029 | N81: Analysis Method | O81: Notes & References
C82: Estimated Ratio to Revenue | D82: Current Year | E82: Travel & Transportation Expenses | F82: =PL!F20+PL_A!F20 -> 10542 | G82: =PL!G20+PL_A!G20 -> 22185 | H82: =PL!H20+PL_A!H20 -> 7782 | I82: =I83*I84 -> 6396.7466 | J82: =J83*J84 -> 13297.557 | K82: =K83*K84 -> 13801.933 | L82: =L83*L84 -> 14321.852 | M82: =M83*M84 -> 14868.088 | N82: Variable Costs
E83: Ratio to Revenue | F83: =IFERROR(F82/F84,0) -> 5.3472709e-05 | G83: =IFERROR(G82/G84,0) -> 0.00010955661 | H83: =IFERROR(H82/H84,0) -> 7.1804225e-05 | I83: =IF($D82="3-Year Average", IFERROR(($F83*12+$G83*12+$H83*6)/(12+12+6),0), IF($D82="2-Year Average", IFERROR(($G83*12+$H83*6)/(12+6),0), IF($D82="Previous Year", IFERROR($G83,0), IF($D82="Current Year", IFERROR($H83,0), "")))) -> 7.1804225e-05 | J83: =I83 -> 7.1804225e-05 | K83: =J83 -> 7.1804225e-05 | L83: =K83 -> 7.1804225e-05 | M83: =L83 -> 7.1804225e-05
E84: Revenue | F84: =Revenue!F7 -> 197147298 | G84: =Revenue!G7 -> 202498052 | H84: =Revenue!H7 -> 108378024 | I84: =Revenue!I7 -> 89085937 | J84: =Revenue!J7 -> 1.8519185e+08 | K84: =Revenue!K7 -> 1.9221617e+08 | L84: =Revenue!L7 -> 1.9945696e+08 | M84: =Revenue!M7 -> 2.0706424e+08
A86: SG&A: Fixed Costs | F86: Historical Performance | I86: Projection
C87: Analytical Criteria for Remaining Months | D87: Analysis Method | E87: Category | F87: 2023 | G87: 2024 | H87: 01/2025-06/2025 | I87: 07/2025 - 12/2025 | J87: 2026 | K87: 2027 | L87: 2028 | M87: 2029 | N87: Analysis Method | O87: Notes & References
B88: Remaining Monthly Amount and Annual Growth Rate Estimation | C88: Apportionment | D88: Inflation Rate | E88: Entertainment Expense | F88: =PL!F21+PL_A!F21 -> 61990 | G88: =PL!G21+PL_A!G21 -> 66652 | H88: =PL!H21+PL_A!H21 -> 39114 | I88: =IF($C88="Apportionment", $H88/6*(12-6), (IF($D88="Inflation Rate", Data!D$6, IF($D88="GDP Growth Rate", Data!D$8, ""))+1)*G88-$H88) -> 39114 | J88: =(IF($D88="Inflation Rate", Data!E$6, IF($D88="GDP Growth Rate", Data!E$8, ""))+1)*(H88+I88) -> 79851.231 | K88: =(IF($D88="Inflation Rate", Data!F$6, IF($D88="GDP Growth Rate", Data!F$8, ""))+1)*J88 -> 81444.263 | L88: =(IF($D88="Inflation Rate", Data!G$6, IF($D88="GDP Growth Rate", Data!G$8, ""))+1)*K88 -> 83063.375 | M88: =(IF($D88="Inflation Rate", Data!H$6, IF($D88="GDP Growth Rate", Data!H$8, ""))+1)*L88 -> 84717.997 | N88: Fixed Costs
C89: Apportionment | D89: Inflation Rate | E89: Communication Expense | F89: =PL!F22+PL_A!F22 -> 23373 | G89: =PL!G22+PL_A!G22 -> 24840 | H89: =PL!H22+PL_A!H22 -> 11962 | I89: =IF($C89="Apportionment", $H89/6*(12-6), (IF($D89="Inflation Rate", Data!D$6, IF($D89="GDP Growth Rate", Data!D$8, ""))+1)*G89-$H89) -> 11962 | J89: =(IF($D89="Inflation Rate", Data!E$6, IF($D89="GDP Growth Rate", Data!E$8, ""))+1)*(H89+I89) -> 24420.423 | K89: =(IF($D89="Inflation Rate", Data!F$6, IF($D89="GDP Growth Rate", Data!F$8, ""))+1)*J89 -> 24907.61 | L89: =(IF($D89="Inflation Rate", Data!G$6, IF($D89="GDP Growth Rate", Data!G$8, ""))+1)*K89 -> 25402.774 | M89: =(IF($D89="Inflation Rate", Data!H$6, IF($D89="GDP Growth Rate", Data!H$8, ""))+1)*L89 -> 25908.797 | N89: Fixed Costs
C90: Apportionment | D90: Inflation Rate | E90: Utilities Expense | F90: =PL!F23+PL_A!F23 -> 7076 | G90: =PL!G23+PL_A!G23 -> 3323 | H90: =PL!H23+PL_A!H23 -> 954 | I90: =IF($C90="Apportionment", $H90/6*(12-6), (IF($D90="Inflation Rate", Data!D$6, IF($D90="GDP Growth Rate", Data!D$8, ""))+1)*G90-$H90) -> 954 | J90: =(IF($D90="Inflation Rate", Data!E$6, IF($D90="GDP Growth Rate", Data!E$8, ""))+1)*(H90+I90) -> 1947.591 | K90: =(IF($D90="Inflation Rate", Data!F$6, IF($D90="GDP Growth Rate", Data!F$8, ""))+1)*J90 -> 1986.4454 | L90: =(IF($D90="Inflation Rate", Data!G$6, IF($D90="GDP Growth Rate", Data!G$8, ""))+1)*K90 -> 2025.936 | M90: =(IF($D90="Inflation Rate", Data!H$6, IF($D90="GDP Growth Rate", Data!H$8, ""))+1)*L90 -> 2066.2926 | N90: Fixed Costs
C91: Apportionment | D91: Inflation Rate | E91: Taxes & Dues | F91: =PL!F24+PL_A!F24 -> 10171028 | G91: =PL!G24+PL_A!G24 -> 10160672 | H91: =PL!H24+PL_A!H24 -> 5086491 | I91: =IF($C91="Apportionment", $H91/6*(12-6), (IF($D91="Inflation Rate", Data!D$6, IF($D91="GDP Growth Rate", Data!D$8, ""))+1)*G91-$H91) -> 5086491 | J91: =(IF($D91="Inflation Rate", Data!E$6, IF($D91="GDP Growth Rate", Data!E$8, ""))+1)*(H91+I91) -> 10384071 | K91: =(IF($D91="Inflation Rate", Data!F$6, IF($D91="GDP Growth Rate", Data!F$8, ""))+1)*J91 -> 10591234 | L91: =(IF($D91="Inflation Rate", Data!G$6, IF($D91="GDP Growth Rate", Data!G$8, ""))+1)*K91 -> 10801787 | M91: =(IF($D91="Inflation Rate", Data!H$6, IF($D91="GDP Growth Rate", Data!H$8, ""))+1)*L91 -> 11016959 | N91: Fixed Costs
C92: Apportionment | D92: Inflation Rate | E92: Rental Expense | F92: =PL!F26+PL_A!F26 -> 1993980 | G92: =PL!G26+PL_A!G26 -> 2000140 | H92: =PL!H26+PL_A!H26 -> 1019680 | I92: =IF($C92="Apportionment", $H92/6*(12-6), (IF($D92="Inflation Rate", Data!D$6, IF($D92="GDP Growth Rate", Data!D$8, ""))+1)*G92-$H92) -> 1019680 | J92: =(IF($D92="Inflation Rate", Data!E$6, IF($D92="GDP Growth Rate", Data!E$8, ""))+1)*(H92+I92) -> 2081676.7 | K92: =(IF($D92="Inflation Rate", Data!F$6, IF($D92="GDP Growth Rate", Data!F$8, ""))+1)*J92 -> 2123206.2 | L92: =(IF($D92="Inflation Rate", Data!G$6, IF($D92="GDP Growth Rate", Data!G$8, ""))+1)*K92 -> 2165415.5 | M92: =(IF($D92="Inflation Rate", Data!H$6, IF($D92="GDP Growth Rate", Data!H$8, ""))+1)*L92 -> 2208550.6 | N92: Fixed Costs
C93: Apportionment | D93: Inflation Rate | E93: Insurance Expense | F93: =PL!F27+PL_A!F27 -> 404461 | G93: =PL!G27+PL_A!G27 -> 404461 | H93: =PL!H27+PL_A!H27 -> 202461 | I93: =IF($C93="Apportionment", $H93/6*(12-6), (IF($D93="Inflation Rate", Data!D$6, IF($D93="GDP Growth Rate", Data!D$8, ""))+1)*G93-$H93) -> 202461 | J93: =(IF($D93="Inflation Rate", Data!E$6, IF($D93="GDP Growth Rate", Data!E$8, ""))+1)*(H93+I93) -> 413324.13 | K93: =(IF($D93="Inflation Rate", Data!F$6, IF($D93="GDP Growth Rate", Data!F$8, ""))+1)*J93 -> 421569.95 | L93: =(IF($D93="Inflation Rate", Data!G$6, IF($D93="GDP Growth Rate", Data!G$8, ""))+1)*K93 -> 429950.76 | M93: =(IF($D93="Inflation Rate", Data!H$6, IF($D93="GDP Growth Rate", Data!H$8, ""))+1)*L93 -> 438515.38 | N93: Fixed Costs
C94: Apportionment | D94: Inflation Rate | E94: Vehicle Maintenance Expense | F94: =PL!F28+PL_A!F28 -> 247888 | G94: =PL!G28+PL_A!G28 -> 253437 | H94: =PL!H28+PL_A!H28 -> 134700 | I94: =IF($C94="Apportionment", $H94/6*(12-6), (IF($D94="Inflation Rate", Data!D$6, IF($D94="GDP Growth Rate", Data!D$8, ""))+1)*G94-$H94) -> 134700 | J94: =(IF($D94="Inflation Rate", Data!E$6, IF($D94="GDP Growth Rate", Data!E$8, ""))+1)*(H94+I94) -> 274990.05 | K94: =(IF($D94="Inflation Rate", Data!F$6, IF($D94="GDP Growth Rate", Data!F$8, ""))+1)*J94 -> 280476.1 | L94: =(IF($D94="Inflation Rate", Data!G$6, IF($D94="GDP Growth Rate", Data!G$8, ""))+1)*K94 -> 286051.97 | M94: =(IF($D94="Inflation Rate", Data!H$6, IF($D94="GDP Growth Rate", Data!H$8, ""))+1)*L94 -> 291750.12 | N94: Fixed Costs
C95: Apportionment | D95: Inflation Rate | E95: Freight Expense | F95: =PL!F29+PL_A!F29 -> 829 | G95: =PL!G29+PL_A!G29 -> 132 | H95: =PL!H29+PL_A!H29 -> 900 | I95: =IF($C95="Apportionment", $H95/6*(12-6), (IF($D95="Inflation Rate", Data!D$6, IF($D95="GDP Growth Rate", Data!D$8, ""))+1)*G95-$H95) -> 900 | J95: =(IF($D95="Inflation Rate", Data!E$6, IF($D95="GDP Growth Rate", Data!E$8, ""))+1)*(H95+I95) -> 1837.35 | K95: =(IF($D95="Inflation Rate", Data!F$6, IF($D95="GDP Growth Rate", Data!F$8, ""))+1)*J95 -> 1874.0051 | L95: =(IF($D95="Inflation Rate", Data!G$6, IF($D95="GDP Growth Rate", Data!G$8, ""))+1)*K95 -> 1911.2604 | M95: =(IF($D95="Inflation Rate", Data!H$6, IF($D95="GDP Growth Rate", Data!H$8, ""))+1)*L95 -> 1949.3327 | N95: Fixed Costs
C96: Apportionment | D96: Inflation Rate | E96: Training Expense | F96: =PL!F30+PL_A!F30 -> 7540 | G96: =PL!G30+PL_A!G30 -> 16740 | H96: =PL!H30+PL_A!H30 -> 16510 | I96: =IF($C96="Apportionment", $H96/6*(12-6), (IF($D96="Inflation Rate", Data!D$6, IF($D96="GDP Growth Rate", Data!D$8, ""))+1)*G96-$H96) -> 16510 | J96: =(IF($D96="Inflation Rate", Data!E$6, IF($D96="GDP Growth Rate", Data!E$8, ""))+1)*(H96+I96) -> 33705.165 | K96: =(IF($D96="Inflation Rate", Data!F$6, IF($D96="GDP Growth Rate", Data!F$8, ""))+1)*J96 -> 34377.583 | L96: =(IF($D96="Inflation Rate", Data!G$6, IF($D96="GDP Growth Rate", Data!G$8, ""))+1)*K96 -> 35061.009 | M96: =(IF($D96="Inflation Rate", Data!H$6, IF($D96="GDP Growth Rate", Data!H$8, ""))+1)*L96 -> 35759.425 | N96: Fixed Costs
C97: Apportionment | D97: Inflation Rate | E97: Books & Printing Expense | F97: =PL!F31+PL_A!F31 -> 439 | G97: =PL!G31+PL_A!G31 -> 2700 | H97: =PL!H31+PL_A!H31 -> 0 | I97: =IF($C97="Apportionment", $H97/6*(12-6), (IF($D97="Inflation Rate", Data!D$6, IF($D97="GDP Growth Rate", Data!D$8, ""))+1)*G97-$H97) -> 0 | J97: =(IF($D97="Inflation Rate", Data!E$6, IF($D97="GDP Growth Rate", Data!E$8, ""))+1)*(H97+I97) -> 0 | K97: =(IF($D97="Inflation Rate", Data!F$6, IF($D97="GDP Growth Rate", Data!F$8, ""))+1)*J97 -> 0 | L97: =(IF($D97="Inflation Rate", Data!G$6, IF($D97="GDP Growth Rate", Data!G$8, ""))+1)*K97 -> 0 | M97: =(IF($D97="Inflation Rate", Data!H$6, IF($D97="GDP Growth Rate", Data!H$8, ""))+1)*L97 -> 0 | N97: Fixed Costs
C98: Apportionment | D98: Inflation Rate | E98: Office Supplies Expense | F98: =PL!F32+PL_A!F32 -> 156622 | G98: =PL!G32+PL_A!G32 -> 150596 | H98: =PL!H32+PL_A!H32 -> 241225 | I98: =IF($C98="Apportionment", $H98/6*(12-6), (IF($D98="Inflation Rate", Data!D$6, IF($D98="GDP Growth Rate", Data!D$8, ""))+1)*G98-$H98) -> 241225 | J98: =(IF($D98="Inflation Rate", Data!E$6, IF($D98="GDP Growth Rate", Data!E$8, ""))+1)*(H98+I98) -> 492460.84 | K98: =(IF($D98="Inflation Rate", Data!F$6, IF($D98="GDP Growth Rate", Data!F$8, ""))+1)*J98 -> 502285.43 | L98: =(IF($D98="Inflation Rate", Data!G$6, IF($D98="GDP Growth Rate", Data!G$8, ""))+1)*K98 -> 512270.87 | M98: =(IF($D98="Inflation Rate", Data!H$6, IF($D98="GDP Growth Rate", Data!H$8, ""))+1)*L98 -> 522475.3 | N98: Fixed Costs
C99: Apportionment | D99: Inflation Rate | E99: Service Fee Expense | F99: =PL!F33+PL_A!F33 -> 3699844 | G99: =PL!G33+PL_A!G33 -> 4060563 | H99: =PL!H33+PL_A!H33 -> 1832194 | I99: =IF($C99="Apportionment", $H99/6*(12-6), (IF($D99="Inflation Rate", Data!D$6, IF($D99="GDP Growth Rate", Data!D$8, ""))+1)*G99-$H99) -> 1832194 | J99: =(IF($D99="Inflation Rate", Data!E$6, IF($D99="GDP Growth Rate", Data!E$8, ""))+1)*(H99+I99) -> 3740424.1 | K99: =(IF($D99="Inflation Rate", Data!F$6, IF($D99="GDP Growth Rate", Data!F$8, ""))+1)*J99 -> 3815045.5 | L99: =(IF($D99="Inflation Rate", Data!G$6, IF($D99="GDP Growth Rate", Data!G$8, ""))+1)*K99 -> 3890888.6 | M99: =(IF($D99="Inflation Rate", Data!H$6, IF($D99="GDP Growth Rate", Data!H$8, ""))+1)*L99 -> 3968395.1 | N99: Fixed Costs
C100: Apportionment | D100: Inflation Rate | E100: Advertising & Promotion Expense | F100: =PL!F34+PL_A!F34 -> 107213 | G100: =PL!G34+PL_A!G34 -> 112837 | H100: =PL!H34+PL_A!H34 -> 28950 | I100: =IF($C100="Apportionment", $H100/6*(12-6), (IF($D100="Inflation Rate", Data!D$6, IF($D100="GDP Growth Rate", Data!D$8, ""))+1)*G100-$H100) -> 28950 | J100: =(IF($D100="Inflation Rate", Data!E$6, IF($D100="GDP Growth Rate", Data!E$8, ""))+1)*(H100+I100) -> 59101.425 | K100: =(IF($D100="Inflation Rate", Data!F$6, IF($D100="GDP Growth Rate", Data!F$8, ""))+1)*J100 -> 60280.498 | L100: =(IF($D100="Inflation Rate", Data!G$6, IF($D100="GDP Growth Rate", Data!G$8, ""))+1)*K100 -> 61478.875 | M100: =(IF($D100="Inflation Rate", Data!H$6, IF($D100="GDP Growth Rate", Data!H$8, ""))+1)*L100 -> 62703.534 | N100: Fixed Costs
E101: Total Fixed Costs | F101: =SUM(F88:F100) -> 16882283 | G101: =SUM(G88:G100) -> 17257093 | H101: =SUM(H88:H100) -> 8615141 | I101: =SUM(I88:I100) -> 8615141 | J101: =SUM(J88:J100) -> 17587810 | K101: =SUM(K88:K100) -> 17938687 | L101: =SUM(L88:L100) -> 18295308 | M101: =SUM(M88:M100) -> 18659751
C102: Basis for Estimating Annual Growth Rate | D102: Inflation Rate | E102: =(IF($D102="Inflation Rate", "Inflation Rate", IF($D102="GDP Growth Rate", "GDP Growth Rate", ""))) -> Inflation Rate | I102: =(IF($D102="Inflation Rate", Data!D$6, IF($D102="GDP Growth Rate", Data!D$8, ""))) -> 0.02198 | J102: =(IF($D102="Inflation Rate", Data!E$6, IF($D102="GDP Growth Rate", Data!E$8, ""))) -> 0.02075 | K102: =(IF($D102="Inflation Rate", Data!F$6, IF($D102="GDP Growth Rate", Data!F$8, ""))) -> 0.01995 | L102: =(IF($D102="Inflation Rate", Data!G$6, IF($D102="GDP Growth Rate", Data!G$8, ""))) -> 0.01988 | M102: =(IF($D102="Inflation Rate", Data!H$6, IF($D102="GDP Growth Rate", Data!H$8, ""))) -> 0.01992
E103: Ratio to Revenue | F103: =IFERROR(F101/F104,0) -> 0.08563284 | G103: =IFERROR(G101/G104,0) -> 0.085221032 | H103: =IFERROR(H101/H104,0) -> 0.079491586 | I103: =IFERROR(I101/I104,0) -> 0.096705959 | J103: =IFERROR(J101/J104,0) -> 0.09497076 | K103: =IFERROR(K101/K104,0) -> 0.093325587 | L103: =IFERROR(L101/L104,0) -> 0.091725597 | M103: =IFERROR(M101/M104,0) -> 0.090115756
E104: Revenue | F104: =Revenue!F7 -> 197147298 | G104: =Revenue!G7 -> 202498052 | H104: =Revenue!H7 -> 108378024 | I104: =Revenue!I7 -> 89085937 | J104: =Revenue!J7 -> 1.8519185e+08 | K104: =Revenue!K7 -> 1.9221617e+08 | L104: =Revenue!L7 -> 1.9945696e+08 | M104: =Revenue!M7 -> 2.0706424e+08
A106: SG&A: Depreciation and Amortization Expense | F106: Historical Performance | I106: Projection
E107: Category | F107: 2023 | G107: 2024 | H107: 01/2025-06/2025 | I107: 07/2025 - 12/2025 | J107: 2026 | K107: 2027 | L107: 2028 | M107: 2029 | N107: Analysis Method | O107: Notes & References
E108: Depreciation Expenses | F108: =PL!F25+PL_A!F25 -> 34091 | G108: =PL!G25+PL_A!G25 -> 32781 | H108: =PL!H25+PL_A!H25 -> 13299 | I108: =SGA!I130 -> 3350.1526 | J108: =SGA!J130 -> 8399.7675 | K108: =SGA!K130 -> 10955.964 | L108: =SGA!L130 -> 12930.075 | M108: =SGA!M130 -> 15366.216 | N108: Depreciation and Amortization
...

Sheet NO
A1: Non-Operating | H1: DCF Value | I1: =DCF!I44 -> 5.3337033e+08 | J1: =DCF!J44 -> 1.0553496e+09 | K1: =DCF!K44 -> 1.0786351e+09 | L1: =DCF!L44 -> 1.1008666e+09 | M1: =DCF!M44 -> 1.1211167e+09
F3: Historical Performance | I3: Projection
A4: Main Category | B4: Medium Category | C4: Subcategory | D4: Detailed Category | E4: Category | F4: 2023 | G4: 2024 | H4: 01/2025-06/2025 | I4: 07/2025 - 12/2025 | J4: 2026 | K4: 2027 | L4: 2028 | M4: 2029 | N4: Analysis Method | O4: Notes & References
A5: V. Non-Operating Income & Expenses | B5: Interest Income | C5: Interest Income | D5: Interest Income | E5: Interest Income | F5: =PL!F35+PL_A!F35 -> 834356 | G5: =PL!G35+PL_A!G35 -> 804784 | H5: =PL!H35+PL_A!H35 -> 396278 | I5: 0 | J5: 0 | K5: 0 | L5: 0 | M5: 0 | N5: Non-Operating
E6: Total | F6: =SUM(F5:F5) -> 834356 | G6: =SUM(G5:G5) -> 804784 | H6: =SUM(H5:H5) -> 396278 | I6: =SUM(I5:I5) -> 0 | J6: =SUM(J5:J5) -> 0 | K6: =SUM(K5:K5) -> 0 | L6: =SUM(L5:L5) -> 0 | M6: =SUM(M5:M5) -> 0

Sheet Est_PL
A1: Estimated Profit and Loss Statement reflecting estimates (accout-level basis) | H1: DCF Value | I1: =DCF!I44 -> 5.3337033e+08 | J1: =DCF!J44 -> 1.0553496e+09 | K1: =DCF!K44 -> 1.0786351e+09 | L1: =DCF!L44 -> 1.1008666e+09 | M1: =DCF!M44 -> 1.1211167e+09
F3: Historical Performance | I3: Projection
A4: Main Category | B4: Medium Category | C4: Subcategory | D4: Detailed Category | E4: Sub-Detailed Category | F4: 2023 | G4: 2024 | H4: 01/2025-06/2025 | I4: 07/2025 - 12/2025 | J4: 2026 | K4: 2027 | L4: 2028 | M4: 2029 | N4: Account Type | O4: Analysis Method | P4: Notes & References
A5: I. Revenue | B5: Product Revenue | C5: Product Revenue | D5: Product Revenue | E5: Product Revenue | F5: =Revenue!F5 -> 168063711 | G5: =Revenue!G5 -> 170880819 | H5: =Revenue!H5 -> 89085937 | I5: =Revenue!I5 -> 89085937 | J5: =Revenue!J5 -> 1.8519185e+08 | K5: =Revenue!K5 -> 1.9221617e+08 | L5: =Revenue!L5 -> 1.9945696e+08 | M5: =Revenue!M5 -> 2.0706424e+08 | N5: Revenue | O5: Revenue Growth Rate
A6: I. Revenue | B6: Service Revenue | C6: Service Revenue | D6: Service Revenue | E6: Service Revenue | F6: =Revenue!F6 -> 29083587 | G6: =Revenue!G6 -> 31617233 | H6: =Revenue!H6 -> 19292087 | I6: =Revenue!I6 -> 0 | J6: =Revenue!J6 -> 0 | K6: =Revenue!K6 -> 0 | L6: =Revenue!L6 -> 0 | M6: =Revenue!M6 -> 0 | N6: Revenue | O6: Market Share
A7: II. Cost of Goods Sold | B7: Labor Costs | C7: Labor Costs | D7: Labor Costs | E7: Labor Costs | F7: =COGS!F19 -> 22889937 | G7: =COGS!G19 -> 22775909 | H7: =COGS!H19 -> 11399548 | I7: =COGS!I19 -> 0 | J7: =COGS!J19 -> 0 | K7: =COGS!K19 -> 0 | L7: =COGS!L19 -> 0 | M7: =COGS!M19 -> 0 | N7: COGS | O7: Labor Costs
A8: II. Cost of Goods Sold | B8: Retirement Benefits | C8: Retirement Benefits | D8: Retirement Benefits | E8: Retirement Benefits | F8: =COGS!F20 -> 2245173 | G8: =COGS!G20 -> 2231672 | H8: =COGS!H20 -> 1284506 | I8: =COGS!I20 -> 0 | J8: =COGS!J20 -> 0 | K8: =COGS!K20 -> 0 | L8: =COGS!L20 -> 0 | M8: =COGS!M20 -> 0 | N8: COGS | O8: Labor Costs
A9: II. Cost of Goods Sold | B9: Material Cost | C9: Material Cost | D9: Material Cost | E9: Material Cost | F9: =COGS!F21 -> 43512069 | G9: =COGS!G21 -> 43080381 | H9: =COGS!H21 -> 22570358 | I9: =COGS!I21 -> 18552668 | J9: =COGS!J21 -> 38567286 | K9: =COGS!K21 -> 40030143 | L9: =COGS!L21 -> 41538079 | M9: =COGS!M21 -> 43122341 | N9: COGS | O9: Variable Costs
A10: II. Cost of Goods Sold | B10: Depreciation Expenses | C10: Depreciation Expenses | D10: Depreciation Expenses | E10: Depreciation Expenses | F10: =COGS!F22 -> 6160194 | G10: =COGS!G22 -> 6160194 | H10: =COGS!H22 -> 3180097 | I10: =COGS!I22 -> 629559.51 | J10: =COGS!J22 -> 1647989.7 | K10: =COGS!K22 -> 2204947.1 | L10: =COGS!L22 -> 2597912 | M10: =COGS!M22 -> 3087756.3 | N10: COGS | O10: Depreciation and Amortization
A11: II. Cost of Goods Sold | B11: Rental Expense | C11: Rental Expense | D11: Rental Expense | E11: Rental Expense | F11: =COGS!F23 -> 785495 | G11: =COGS!G23 -> 833423 | H11: =COGS!H23 -> 482154 | I11: =COGS!I23 -> 482154 | J11: =COGS!J23 -> 984317.39 | K11: =COGS!K23 -> 1003954.5 | L11: =COGS!L23 -> 1023913.1 | M11: =COGS!M23 -> 1044309.5 | N11: COGS | O11: Fixed Costs
A12: II. Cost of Goods Sold | B12: Repair Expense | C12: Repair Expense | D12: Repair Expense | E12: Repair Expense | F12: =COGS!F24 -> 0 | G12: =COGS!G24 -> 200000 | H12: =COGS!H24 -> 2500 | I12: =COGS!I24 -> 2500 | J12: =COGS!J24 -> 5103.75 | K12: =COGS!K24 -> 5205.5698 | L12: =COGS!L24 -> 5309.0565 | M12: =COGS!M24 -> 5414.8129 | N12: COGS | O12: Fixed Costs
A13: II. Cost of Goods Sold | B13: Insurance Expense | C13: Insurance Expense | D13: Insurance Expense | E13: Insurance Expense | F13: =COGS!F25 -> 1139403 | G13: =COGS!G25 -> 1255062 | H13: =COGS!H25 -> 605071 | I13: =COGS!I25 -> 605071 | J13: =COGS!J25 -> 1235252.4 | K13: =COGS!K25 -> 1259895.7 | L13: =COGS!L25 -> 1284942.5 | M13: =COGS!M25 -> 1310538.5 | N13: COGS | O13: Fixed Costs
A14: II. Cost of Goods Sold | B14: Freight Expense | C14: Freight Expense | D14: Freight Expense | E14: Freight Expense | F14: =COGS!F26 -> 399023 | G14: =COGS!G26 -> 734996 | H14: =COGS!H26 -> 404825 | I14: =COGS!I26 -> 404825 | J14: =COGS!J26 -> 826450.24 | K14: =COGS!K26 -> 842937.92 | L14: =COGS!L26 -> 859695.53 | M14: =COGS!M26 -> 876820.66 | N14: COGS | O14: Fixed Costs
A15: II. Cost of Goods Sold | B15: Amortization of Intangible Assets | C15: Amortization of Intangible Assets | D15: Amortization of Intangible Assets | E15: Amortization of Intangible Assets | F15: =COGS!F27 -> 400630 | G15: =COGS!G27 -> 400630 | H15: =COGS!H27 -> 200315 | I15: =COGS!I27 -> 40943.585 | J15: =COGS!J27 -> 106513.64 | K15: =COGS!K27 -> 142003.97 | L15: =COGS!L27 -> 167350.53 | M15: =COGS!M27 -> 198901.64 | N15: COGS | O15: Depreciation and Amortization
A16: IV. Selling & Administrative Expenses | B16: Employee Salary | C16: Employee Salary | D16: Employee Salary | E16: Employee Salary | F16: =SGA!F19 -> 21567004 | G16: =SGA!G19 -> 21670978 | H16: =SGA!H19 -> 10844209 | I16: =SGA!I19 -> 0 | J16: =SGA!J19 -> 0 | K16: =SGA!K19 -> 0 | L16: =SGA!L19 -> 0 | M16: =SGA!M19 -> 0 | N16: SGA | O16: Labor Costs
A17: IV. Selling & Administrative Expenses | B17: Bonus | C17: Bonus | D17: Bonus | E17: Bonus | F17: =SGA!F20 -> 3138445 | G17: =SGA!G20 -> 3211345 | H17: =SGA!H20 -> 1109083 | I17: =SGA!I20 -> 0 | J17: =SGA!J20 -> 0 | K17: =SGA!K20 -> 0 | L17: =SGA!L20 -> 0 | M17: =SGA!M20 -> 0 | N17: SGA | O17: Labor Costs
A18: IV. Selling & Administrative Expenses | B18: Retirement Benefits | C18: Retirement Benefits | D18: Retirement Benefits | E18: Retirement Benefits | F18: =SGA!F21 -> 2213123 | G18: =SGA!G21 -> 2196649 | H18: =SGA!H21 -> 1056179 | I18: =SGA!I21 -> 0 | J18: =SGA!J21 -> 0 | K18: =SGA!K21 -> 0 | L18: =SGA!L21 -> 0 | M18: =SGA!M21 -> 0 | N18: SGA | O18: Labor Costs
A19: IV. Selling & Administrative Expenses | B19: Employee Welfare Expenses | C19: Employee Welfare Expenses | D19: Employee Welfare Expenses | E19: Employee Welfare Expenses | F19: =SGA!F22 -> 198497 | G19: =SGA!G22 -> 237952 | H19: =SGA!H22 -> 145553 | I19: =SGA!I22 -> 0 | J19: =SGA!J22 -> 0 | K19: =SGA!K22 -> 0 | L19: =SGA!L22 -> 0 | M19: =SGA!M22 -> 0 | N19: SGA | O19: Labor Costs
A20: IV. Selling & Administrative Expenses | B20: Travel & Transportation Expenses | C20: Travel & Transportation Expenses | D20: Travel & Transportation Expenses | E20: Travel & Transportation Expenses | F20: =SGA!F23 -> 10542 | G20: =SGA!G23 -> 22185 | H20: =SGA!H23 -> 7782 | I20: =SGA!I23 -> 6396.7466 | J20: =SGA!J23 -> 13297.557 | K20: =SGA!K23 -> 13801.933 | L20: =SGA!L23 -> 14321.852 | M20: =SGA!M23 -> 14868.088 | N20: SGA | O20: Variable Costs
A21: IV. Selling & Administrative Expenses | B21: Entertainment Expense | C21: Entertainment Expense | D21: Entertainment Expense | E21: Entertainment Expense | F21: =SGA!F24 -> 61990 | G21: =SGA!G24 -> 66652 | H21: =SGA!H24 -> 39114 | I21: =SGA!I24 -> 39114 | J21: =SGA!J24 -> 79851.231 | K21: =SGA!K24 -> 81444.263 | L21: =SGA!L24 -> 83063.375 | M21: =SGA!M24 -> 84717.997 | N21: SGA | O21: Fixed Costs
A22: IV. Selling & Administrative Expenses | B22: Communication Expense | C22: Communication Expense | D22: Communication Expense | E22: Communication Expense | F22: =SGA!F25 -> 23373 | G22: =SGA!G25 -> 24840 | H22: =SGA!H25 -> 11962 | I22: =SGA!I25 -> 11962 | J22: =SGA!J25 -> 24420.423 | K22: =SGA!K25 -> 24907.61 | L22: =SGA!L25 -> 25402.774 | M22: =SGA!M25 -> 25908.797 | N22: SGA | O22: Fixed Costs
A23: IV. Selling & Administrative Expenses | B23: Utilities Expense | C23: Utilities Expense | D23: Utilities Expense | E23: Utilities Expense | F23: =SGA!F26 -> 7076 | G23: =SGA!G26 -> 3323 | H23: =SGA!H26 -> 954 | I23: =SGA!I26 -> 954 | J23: =SGA!J26 -> 1947.591 | K23: =SGA!K26 -> 1986.4454 | L23: =SGA!L26 -> 2025.936 | M23: =SGA!M26 -> 2066.2926 | N23: SGA | O23: Fixed Costs
A24: IV. Selling & Administrative Expenses | B24: Taxes & Dues | C24: Taxes & Dues | D24: Taxes & Dues | E24: Taxes & Dues | F24: =SGA!F27 -> 10171028 | G24: =SGA!G27 -> 10160672 | H24: =SGA!H27 -> 5086491 | I24: =SGA!I27 -> 5086491 | J24: =SGA!J27 -> 10384071 | K24: =SGA!K27 -> 10591234 | L24: =SGA!L27 -> 10801787 | M24: =SGA!M27 -> 11016959 | N24: SGA | O24: Fixed Costs
A25: IV. Selling & Administrative Expenses | B25: Depreciation Expenses | C25: Depreciation Expenses | D25: Depreciation Expenses | E25: Depreciation Expenses | F25: =SGA!F28 -> 34091 | G25: =SGA!G28 -> 32781 | H25: =SGA!H28 -> 13299 | I25: =SGA!I28 -> 3350.1526 | J25: =SGA!J28 -> 8399.7675 | K25: =SGA!K28 -> 10955.964 | L25: =SGA!L28 -> 12930.075 | M25: =SGA!M28 -> 15366.216 | N25: SGA | O25: Depreciation and Amortization
A26: IV. Selling & Administrative Expenses | B26: Rental Expense | C26: Rental Expense | D26: Rental Expense | E26: Rental Expense | F26: =SGA!F29 -> 1993980 | G26: =SGA!G29 -> 2000140 | H26: =SGA!H29 -> 1019680 | I26: =SGA!I29 -> 1019680 | J26: =SGA!J29 -> 2081676.7 | K26: =SGA!K29 -> 2123206.2 | L26: =SGA!L29 -> 2165415.5 | M26: =SGA!M29 -> 2208550.6 | N26: SGA | O26: Fixed Costs
A27: IV. Selling & Administrative Expenses | B27: Insurance Expense | C27: Insurance Expense | D27: Insurance Expense | E27: Insurance Expense | F27: =SGA!F30 -> 404461 | G27: =SGA!G30 -> 404461 | H27: =SGA!H30 -> 202461 | I27: =SGA!I30 -> 202461 | J27: =SGA!J30 -> 413324.13 | K27: =SGA!K30 -> 421569.95 | L27: =SGA!L30 -> 429950.76 | M27: =SGA!M30 -> 438515.38 | N27: SGA | O27: Fixed Costs
... A34: IV. Selling & Administrative Expenses | B34: Advertising & Promotion Expense | C34: Advertising & Promotion Expense | D34: Advertising & Promotion Expense | E34: Advertising & Promotion Expense | F34: =SGA!F37 -> 107213 | G34: =SGA!G37 -> 112837 | H34: =SGA!H37 -> 28950 | I34: =SGA!I37 -> 28950 | J34: =SGA!J37 -> 59101.425 | K34: =SGA!K37 -> 60280.498 | L34: =SGA!L37 -> 61478.875 | M34: =SGA!M37 -> 62703.534 | N34: SGA | O34: Fixed Costs
A35: V. Non-Operating Income & Expenses | B35: Interest Income | C35: Interest Income | D35: Interest Income | E35: Interest Income | F35: =NO!F5 -> 834356 | G35: =NO!G5 -> 804784 | H35: =NO!H5 -> 396278 | I35: =NO!I5 -> 0 | J35: =NO!J5 -> 0 | K35: =NO!K5 -> 0 | L35: =NO!L5 -> 0 | M35: =NO!M5 -> 0 | N35: NO | O35: Non-Operating

Sheet Report_Est_PL
A1: Estimated Profit and Loss Statement reflecting estimates | H1: DCF Value | I1: =DCF!I44 -> 5.3337033e+08 | J1: =DCF!J44 -> 1.0553496e+09 | K1: =DCF!K44 -> 1.0786351e+09 | L1: =DCF!L44 -> 1.1008666e+09 | M1: =DCF!M44 -> 1.1211167e+09
F3: Historical Performance | I3: Projection
A4: Main Category | B4: Medium Category | C4: Subcategory | D4: Detailed Category | E4: Sub-Detailed Category | F4: 2023 | G4: 2024 | H4: 01/2025-06/2025 | I4: 07/2025 - 12/2025 | J4: 2026 | K4: 2027 | L4: 2028 | M4: 2029 | N4: Account Type | O4: Analysis Method | P4: Notes & References
A5: I. Revenue | F5: =SUMIF(Est_PL!$A$5:$A$35,A5,Est_PL!$F$5:$F$35) -> 197147298 | G5: =SUMIF(Est_PL!$A$5:$A$35,A5,Est_PL!$G$5:$G$35) -> 202498052 | H5: =SUMIF(Est_PL!$A$5:$A$35,A5,Est_PL!$H$5:$H$35) -> 108378024 | I5: =SUMIF(Est_PL!$A$5:$A$35,A5,Est_PL!$I$5:$I$35) -> 89085937 | J5: =SUMIF(Est_PL!$A$5:$A$35,A5,Est_PL!$J$5:$J$35) -> 1.8519185e+08 | K5: =SUMIF(Est_PL!$A$5:$A$35,A5,Est_PL!$K$5:$K$35) -> 1.9221617e+08 | L5: =SUMIF(Est_PL!$A$5:$A$35,A5,Est_PL!$L$5:$L$35) -> 1.9945696e+08 | M5: =SUMIF(Est_PL!$A$5:$A$35,A5,Est_PL!$M$5:$M$35) -> 2.0706424e+08
B6: Product Revenue | F6: =SUMIF(Est_PL!$B$5:$B$35,B6,Est_PL!$F$5:$F$35) -> 168063711 | G6: =SUMIF(Est_PL!$B$5:$B$35,B6,Est_PL!$G$5:$G$35) -> 170880819 | H6: =SUMIF(Est_PL!$B$5:$B$35,B6,Est_PL!$H$5:$H$35) -> 89085937 | I6: =SUMIF(Est_PL!$B$5:$B$35,B6,Est_PL!$I$5:$I$35) -> 89085937 | J6: =SUMIF(Est_PL!$B$5:$B$35,B6,Est_PL!$J$5:$J$35) -> 1.8519185e+08 | K6: =SUMIF(Est_PL!$B$5:$B$35,B6,Est_PL!$K$5:$K$35) -> 1.9221617e+08 | L6: =SUMIF(Est_PL!$B$5:$B$35,B6,Est_PL!$L$5:$L$35) -> 1.9945696e+08 | M6: =SUMIF(Est_PL!$B$5:$B$35,B6,Est_PL!$M$5:$M$35) -> 2.0706424e+08 | N6: Revenue | O6: Revenue Growth Rate
B7: Service Revenue | F7: =SUMIF(Est_PL!$B$5:$B$35,B7,Est_PL!$F$5:$F$35) -> 29083587 | G7: =SUMIF(Est_PL!$B$5:$B$35,B7,Est_PL!$G$5:$G$35) -> 31617233 | H7: =SUMIF(Est_PL!$B$5:$B$35,B7,Est_PL!$H$5:$H$35) -> 19292087 | I7: =SUMIF(Est_PL!$B$5:$B$35,B7,Est_PL!$I$5:$I$35) -> 0 | J7: =SUMIF(Est_PL!$B$5:$B$35,B7,Est_PL!$J$5:$J$35) -> 0 | K7: =SUMIF(Est_PL!$B$5:$B$35,B7,Est_PL!$K$5:$K$35) -> 0 | L7: =SUMIF(Est_PL!$B$5:$B$35,B7,Est_PL!$L$5:$L$35) -> 0 | M7: =SUMIF(Est_PL!$B$5:$B$35,B7,Est_PL!$M$5:$M$35) -> 0 | N7: Revenue | O7: Market Share
A8: II. Cost of Goods Sold | F8: =SUMIF(Est_PL!$A$5:$A$35,A8,Est_PL!$F$5:$F$35) -> 77531924 | G8: =SUMIF(Est_PL!$A$5:$A$35,A8,Est_PL!$G$5:$G$35) -> 77672267 | H8: =SUMIF(Est_PL!$A$5:$A$35,A8,Est_PL!$H$5:$H$35) -> 40129374 | I8: =SUMIF(Est_PL!$A$5:$A$35,A8,Est_PL!$I$5:$I$35) -> 20717721 | J8: =SUMIF(Est_PL!$A$5:$A$35,A8,Est_PL!$J$5:$J$35) -> 43372913 | K8: =SUMIF(Est_PL!$A$5:$A$35,A8,Est_PL!$K$5:$K$35) -> 45489088 | L8: =SUMIF(Est_PL!$A$5:$A$35,A8,Est_PL!$L$5:$L$35) -> 47477201 | M8: =SUMIF(Est_PL!$A$5:$A$35,A8,Est_PL!$M$5:$M$35) -> 49646083
B9: Labor Costs | F9: =SUMIF(Est_PL!$B$5:$B$35,B9,Est_PL!$F$5:$F$35) -> 22889937 | G9: =SUMIF(Est_PL!$B$5:$B$35,B9,Est_PL!$G$5:$G$35) -> 22775909 | H9: =SUMIF(Est_PL!$B$5:$B$35,B9,Est_PL!$H$5:$H$35) -> 11399548 | I9: =SUMIF(Est_PL!$B$5:$B$35,B9,Est_PL!$I$5:$I$35) -> 0 | J9: =SUMIF(Est_PL!$B$5:$B$35,B9,Est_PL!$J$5:$J$35) -> 0 | K9: =SUMIF(Est_PL!$B$5:$B$35,B9,Est_PL!$K$5:$K$35) -> 0 | L9: =SUMIF(Est_PL!$B$5:$B$35,B9,Est_PL!$L$5:$L$35) -> 0 | M9: =SUMIF(Est_PL!$B$5:$B$35,B9,Est_PL!$M$5:$M$35) -> 0 | N9: COGS | O9: Labor Costs
B10: Retirement Benefits | F10: =SUMIF(Est_PL!$B$5:$B$35,B10,Est_PL!$F$5:$F$35) -> 2245173 | G10: =SUMIF(Est_PL!$B$5:$B$35,B10,Est_PL!$G$5:$G$35) -> 2231672 | H10: =SUMIF(Est_PL!$B$5:$B$35,B10,Est_PL!$H$5:$H$35) -> 1284506 | I10: =SUMIF(Est_PL!$B$5:$B$35,B10,Est_PL!$I$5:$I$35) -> 0 | J10: =SUMIF(Est_PL!$B$5:$B$35,B10,Est_PL!$J$5:$J$35) -> 0 | K10: =SUMIF(Est_PL!$B$5:$B$35,B10,Est_PL!$K$5:$K$35) -> 0 | L10: =SUMIF(Est_PL!$B$5:$B$35,B10,Est_PL!$L$5:$L$35) -> 0 | M10: =SUMIF(Est_PL!$B$5:$B$35,B10,Est_PL!$M$5:$M$35) -> 0 | N10: COGS | O10: Labor Costs
B11: Material Cost | F11: =SUMIF(Est_PL!$B$5:$B$35,B11,Est_PL!$F$5:$F$35) -> 43512069 | G11: =SUMIF(Est_PL!$B$5:$B$35,B11,Est_PL!$G$5:$G$35) -> 43080381 | H11: =SUMIF(Est_PL!$B$5:$B$35,B11,Est_PL!$H$5:$H$35) -> 22570358 | I11: =SUMIF(Est_PL!$B$5:$B$35,B11,Est_PL!$I$5:$I$35) -> 18552668 | J11: =SUMIF(Est_PL!$B$5:$B$35,B11,Est_PL!$J$5:$J$35) -> 38567286 | K11: =SUMIF(Est_PL!$B$5:$B$35,B11,Est_PL!$K$5:$K$35) -> 40030143 | L11: =SUMIF(Est_PL!$B$5:$B$35,B11,Est_PL!$L$5:$L$35) -> 41538079 | M11: =SUMIF(Est_PL!$B$5:$B$35,B11,Est_PL!$M$5:$M$35) -> 43122341 | N11: COGS | O11: Variable Costs
B12: Depreciation Expenses | F12: =SUMIF(Est_PL!$B$5:$B$35,B12,Est_PL!$F$5:$F$35) -> 6160194 | G12: =SUMIF(Est_PL!$B$5:$B$35,B12,Est_PL!$G$5:$G$35) -> 6160194 | H12: =SUMIF(Est_PL!$B$5:$B$35,B12,Est_PL!$H$5:$H$35) -> 3180097 | I12: =SUMIF(Est_PL!$B$5:$B$35,B12,Est_PL!$I$5:$I$35) -> 629559.51 | J12: =SUMIF(Est_PL!$B$5:$B$35,B12,Est_PL!$J$5:$J$35) -> 1647989.7 | K12: =SUMIF(Est_PL!$B$5:$B$35,B12,Est_PL!$K$5:$K$35) -> 2204947.1 | L12: =SUMIF(Est_PL!$B$5:$B$35,B12,Est_PL!$L$5:$L$35) -> 2597912 | M12: =SUMIF(Est_PL!$B$5:$B$35,B12,Est_PL!$M$5:$M$35) -> 3087756.3 | N12: COGS | O12: Depreciation and Amortization
B13: Rental Expense | F13: =SUMIF(Est_PL!$B$5:$B$35,B13,Est_PL!$F$5:$F$35) -> 785495 | G13: =SUMIF(Est_PL!$B$5:$B$35,B13,Est_PL!$G$5:$G$35) -> 833423 | H13: =SUMIF(Est_PL!$B$5:$B$35,B13,Est_PL!$H$5:$H$35) -> 482154 | I13: =SUMIF(Est_PL!$B$5:$B$35,B13,Est_PL!$I$5:$I$35) -> 482154 | J13: =SUMIF(Est_PL!$B$5:$B$35,B13,Est_PL!$J$5:$J$35) -> 984317.39 | K13: =SUMIF(Est_PL!$B$5:$B$35,B13,Est_PL!$K$5:$K$35) -> 1003954.5 | L13: =SUMIF(Est_PL!$B$5:$B$35,B13,Est_PL!$L$5:$L$35) -> 1023913.1 | M13: =SUMIF(Est_PL!$B$5:$B$35,B13,Est_PL!$M$5:$M$35) -> 1044309.5 | N13: COGS | O13: Fixed Costs
B14: Repair Expense | F14: =SUMIF(Est_PL!$B$5:$B$35,B14,Est_PL!$F$5:$F$35) -> 0 | G14: =SUMIF(Est_PL!$B$5:$B$35,B14,Est_PL!$G$5:$G$35) -> 200000 | H14: =SUMIF(Est_PL!$B$5:$B$35,B14,Est_PL!$H$5:$H$35) -> 2500 | I14: =SUMIF(Est_PL!$B$5:$B$35,B14,Est_PL!$I$5:$I$35) -> 2500 | J14: =SUMIF(Est_PL!$B$5:$B$35,B14,Est_PL!$J$5:$J$35) -> 5103.75 | K14: =SUMIF(Est_PL!$B$5:$B$35,B14,Est_PL!$K$5:$K$35) -> 5205.5698 | L14: =SUMIF(Est_PL!$B$5:$B$35,B14,Est_PL!$L$5:$L$35) -> 5309.0565 | M14: =SUMIF(Est_PL!$B$5:$B$35,B14,Est_PL!$M$5:$M$35) -> 5414.8129 | N14: COGS | O14: Fixed Costs
B15: Insurance Expense | F15: =SUMIF(Est_PL!$B$5:$B$35,B15,Est_PL!$F$5:$F$35) -> 1139403 | G15: =SUMIF(Est_PL!$B$5:$B$35,B15,Est_PL!$G$5:$G$35) -> 1255062 | H15: =SUMIF(Est_PL!$B$5:$B$35,B15,Est_PL!$H$5:$H$35) -> 605071 | I15: =SUMIF(Est_PL!$B$5:$B$35,B15,Est_PL!$I$5:$I$35) -> 605071 | J15: =SUMIF(Est_PL!$B$5:$B$35,B15,Est_PL!$J$5:$J$35) -> 1235252.4 | K15: =SUMIF(Est_PL!$B$5:$B$35,B15,Est_PL!$K$5:$K$35) -> 1259895.7 | L15: =SUMIF(Est_PL!$B$5:$B$35,B15,Est_PL!$L$5:$L$35) -> 1284942.5 | M15: =SUMIF(Est_PL!$B$5:$B$35,B15,Est_PL!$M$5:$M$35) -> 1310538.5 | N15: COGS | O15: Fixed Costs
B16: Freight Expense | F16: =SUMIF(Est_PL!$B$5:$B$35,B16,Est_PL!$F$5:$F$35) -> 399023 | G16: =SUMIF(Est_PL!$B$5:$B$35,B16,Est_PL!$G$5:$G$35) -> 734996 | H16: =SUMIF(Est_PL!$B$5:$B$35,B16,Est_PL!$H$5:$H$35) -> 404825 | I16: =SUMIF(Est_PL!$B$5:$B$35,B16,Est_PL!$I$5:$I$35) -> 404825 | J16: =SUMIF(Est_PL!$B$5:$B$35,B16,Est_PL!$J$5:$J$35) -> 826450.24 | K16: =SUMIF(Est_PL!$B$5:$B$35,B16,Est_PL!$K$5:$K$35) -> 842937.92 | L16: =SUMIF(Est_PL!$B$5:$B$35,B16,Est_PL!$L$5:$L$35) -> 859695.53 | M16: =SUMIF(Est_PL!$B$5:$B$35,B16,Est_PL!$M$5:$M$35) -> 876820.66 | N16: COGS | O16: Fixed Costs
B17: Amortization of Intangible Assets | F17: =SUMIF(Est_PL!$B$5:$B$35,B17,Est_PL!$F$5:$F$35) -> 400630 | G17: =SUMIF(Est_PL!$B$5:$B$35,B17,Est_PL!$G$5:$G$35) -> 400630 | H17: =SUMIF(Est_PL!$B$5:$B$35,B17,Est_PL!$H$5:$H$35) -> 200315 | I17: =SUMIF(Est_PL!$B$5:$B$35,B17,Est_PL!$I$5:$I$35) -> 40943.585 | J17: =SUMIF(Est_PL!$B$5:$B$35,B17,Est_PL!$J$5:$J$35) -> 106513.64 | K17: =SUMIF(Est_PL!$B$5:$B$35,B17,Est_PL!$K$5:$K$35) -> 142003.97 | L17: =SUMIF(Est_PL!$B$5:$B$35,B17,Est_PL!$L$5:$L$35) -> 167350.53 | M17: =SUMIF(Est_PL!$B$5:$B$35,B17,Est_PL!$M$5:$M$35) -> 198901.64 | N17: COGS | O17: Depreciation and Amortization
A18: IV. Selling & Administrative Expenses | F18: =SUMIF(Est_PL!$A$5:$A$35,A18,Est_PL!$F$5:$F$35) -> 44043985 | G18: =SUMIF(Est_PL!$A$5:$A$35,A18,Est_PL!$G$5:$G$35) -> 44628983 | H18: =SUMIF(Est_PL!$A$5:$A$35,A18,Est_PL!$H$5:$H$35) -> 21791246 | I18: =SUMIF(Est_PL!$A$5:$A$35,A18,Est_PL!$I$5:$I$35) -> 8624887.9 | J18: =SUMIF(Est_PL!$A$5:$A$35,A18,Est_PL!$J$5:$J$35) -> 17609508 | K18: =SUMIF(Est_PL!$A$5:$A$35,A18,Est_PL!$K$5:$K$35) -> 17963445 | L18: =SUMIF(Est_PL!$A$5:$A$35,A18,Est_PL!$L$5:$L$35) -> 18322560 | M18: =SUMIF(Est_PL!$A$5:$A$35,A18,Est_PL!$M$5:$M$35) -> 18689985
B19: Employee Salary | F19: =SUMIF(Est_PL!$B$5:$B$35,B19,Est_PL!$F$5:$F$35) -> 21567004 | G19: =SUMIF(Est_PL!$B$5:$B$35,B19,Est_PL!$G$5:$G$35) -> 21670978 | H19: =SUMIF(Est_PL!$B$5:$B$35,B19,Est_PL!$H$5:$H$35) -> 10844209 | I19: =SUMIF(Est_PL!$B$5:$B$35,B19,Est_PL!$I$5:$I$35) -> 0 | J19: =SUMIF(Est_PL!$B$5:$B$35,B19,Est_PL!$J$5:$J$35) -> 0 | K19: =SUMIF(Est_PL!$B$5:$B$35,B19,Est_PL!$K$5:$K$35) -> 0 | L19: =SUMIF(Est_PL!$B$5:$B$35,B19,Est_PL!$L$5:$L$35) -> 0 | M19: =SUMIF(Est_PL!$B$5:$B$35,B19,Est_PL!$M$5:$M$35) -> 0 | N19: SGA | O19: Labor Costs
B20: Bonus | F20: =SUMIF(Est_PL!$B$5:$B$35,B20,Est_PL!$F$5:$F$35) -> 3138445 | G20: =SUMIF(Est_PL!$B$5:$B$35,B20,Est_PL!$G$5:$G$35) -> 3211345 | H20: =SUMIF(Est_PL!$B$5:$B$35,B20,Est_PL!$H$5:$H$35) -> 1109083 | I20: =SUMIF(Est_PL!$B$5:$B$35,B20,Est_PL!$I$5:$I$35) -> 0 | J20: =SUMIF(Est_PL!$B$5:$B$35,B20,Est_PL!$J$5:$J$35) -> 0 | K20: =SUMIF(Est_PL!$B$5:$B$35,B20,Est_PL!$K$5:$K$35) -> 0 | L20: =SUMIF(Est_PL!$B$5:$B$35,B20,Est_PL!$L$5:$L$35) -> 0 | M20: =SUMIF(Est_PL!$B$5:$B$35,B20,Est_PL!$M$5:$M$35) -> 0 | N20: SGA | O20: Labor Costs
B21: Retirement Benefits | F21: =SUMIF(Est_PL!$B$5:$B$35,B21,Est_PL!$F$5:$F$35) -> 2213123 | G21: =SUMIF(Est_PL!$B$5:$B$35,B21,Est_PL!$G$5:$G$35) -> 2196649 | H21: =SUMIF(Est_PL!$B$5:$B$35,B21,Est_PL!$H$5:$H$35) -> 1056179 | I21: =SUMIF(Est_PL!$B$5:$B$35,B21,Est_PL!$I$5:$I$35) -> 0 | J21: =SUMIF(Est_PL!$B$5:$B$35,B21,Est_PL!$J$5:$J$35) -> 0 | K21: =SUMIF(Est_PL!$B$5:$B$35,B21,Est_PL!$K$5:$K$35) -> 0 | L21: =SUMIF(Est_PL!$B$5:$B$35,B21,Est_PL!$L$5:$L$35) -> 0 | M21: =SUMIF(Est_PL!$B$5:$B$35,B21,Est_PL!$M$5:$M$35) -> 0 | N21: SGA | O21: Labor Costs
B22: Employee Welfare Expenses | F22: =SUMIF(Est_PL!$B$5:$B$35,B22,Est_PL!$F$5:$F$35) -> 198497 | G22: =SUMIF(Est_PL!$B$5:$B$35,B22,Est_PL!$G$5:$G$35) -> 237952 | H22: =SUMIF(Est_PL!$B$5:$B$35,B22,Est_PL!$H$5:$H$35) -> 145553 | I22: =SUMIF(Est_PL!$B$5:$B$35,B22,Est_PL!$I$5:$I$35) -> 0 | J22: =SUMIF(Est_PL!$B$5:$B$35,B22,Est_PL!$J$5:$J$35) -> 0 | K22: =SUMIF(Est_PL!$B$5:$B$35,B22,Est_PL!$K$5:$K$35) -> 0 | L22: =SUMIF(Est_PL!$B$5:$B$35,B22,Est_PL!$L$5:$L$35) -> 0 | M22: =SUMIF(Est_PL!$B$5:$B$35,B22,Est_PL!$M$5:$M$35) -> 0 | N22: SGA | O22: Labor Costs
B23: Travel & Transportation Expenses | F23: =SUMIF(Est_PL!$B$5:$B$35,B23,Est_PL!$F$5:$F$35) -> 10542 | G23: =SUMIF(Est_PL!$B$5:$B$35,B23,Est_PL!$G$5:$G$35) -> 22185 | H23: =SUMIF(Est_PL!$B$5:$B$35,B23,Est_PL!$H$5:$H$35) -> 7782 | I23: =SUMIF(Est_PL!$B$5:$B$35,B23,Est_PL!$I$5:$I$35) -> 6396.7466 | J23: =SUMIF(Est_PL!$B$5:$B$35,B23,Est_PL!$J$5:$J$35) -> 13297.557 | K23: =SUMIF(Est_PL!$B$5:$B$35,B23,Est_PL!$K$5:$K$35) -> 13801.933 | L23: =SUMIF(Est_PL!$B$5:$B$35,B23,Est_PL!$L$5:$L$35) -> 14321.852 | M23: =SUMIF(Est_PL!$B$5:$B$35,B23,Est_PL!$M$5:$M$35) -> 14868.088 | N23: SGA | O23: Variable Costs
B24: Entertainment Expense | F24: =SUMIF(Est_PL!$B$5:$B$35,B24,Est_PL!$F$5:$F$35) -> 61990 | G24: =SUMIF(Est_PL!$B$5:$B$35,B24,Est_PL!$G$5:$G$35) -> 66652 | H24: =SUMIF(Est_PL!$B$5:$B$35,B24,Est_PL!$H$5:$H$35) -> 39114 | I24: =SUMIF(Est_PL!$B$5:$B$35,B24,Est_PL!$I$5:$I$35) -> 39114 | J24: =SUMIF(Est_PL!$B$5:$B$35,B24,Est_PL!$J$5:$J$35) -> 79851.231 | K24: =SUMIF(Est_PL!$B$5:$B$35,B24,Est_PL!$K$5:$K$35) -> 81444.263 | L24: =SUMIF(Est_PL!$B$5:$B$35,B24,Est_PL!$L$5:$L$35) -> 83063.375 | M24: =SUMIF(Est_PL!$B$5:$B$35,B24,Est_PL!$M$5:$M$35) -> 84717.997 | N24: SGA | O24: Fixed Costs
B25: Communication Expense | F25: =SUMIF(Est_PL!$B$5:$B$35,B25,Est_PL!$F$5:$F$35) -> 23373 | G25: =SUMIF(Est_PL!$B$5:$B$35,B25,Est_PL!$G$5:$G$35) -> 24840 | H25: =SUMIF(Est_PL!$B$5:$B$35,B25,Est_PL!$H$5:$H$35) -> 11962 | I25: =SUMIF(Est_PL!$B$5:$B$35,B25,Est_PL!$I$5:$I$35) -> 11962 | J25: =SUMIF(Est_PL!$B$5:$B$35,B25,Est_PL!$J$5:$J$35) -> 24420.423 | K25: =SUMIF(Est_PL!$B$5:$B$35,B25,Est_PL!$K$5:$K$35) -> 24907.61 | L25: =SUMIF(Est_PL!$B$5:$B$35,B25,Est_PL!$L$5:$L$35) -> 25402.774 | M25: =SUMIF(Est_PL!$B$5:$B$35,B25,Est_PL!$M$5:$M$35) -> 25908.797 | N25: SGA | O25: Fixed Costs
B26: Utilities Expense | F26: =SUMIF(Est_PL!$B$5:$B$35,B26,Est_PL!$F$5:$F$35) -> 7076 | G26: =SUMIF(Est_PL!$B$5:$B$35,B26,Est_PL!$G$5:$G$35) -> 3323 | H26: =SUMIF(Est_PL!$B$5:$B$35,B26,Est_PL!$H$5:$H$35) -> 954 | I26: =SUMIF(Est_PL!$B$5:$B$35,B26,Est_PL!$I$5:$I$35) -> 954 | J26: =SUMIF(Est_PL!$B$5:$B$35,B26,Est_PL!$J$5:$J$35) -> 1947.591 | K26: =SUMIF(Est_PL!$B$5:$B$35,B26,Est_PL!$K$5:$K$35) -> 1986.4454 | L26: =SUMIF(Est_PL!$B$5:$B$35,B26,Est_PL!$L$5:$L$35) -> 2025.936 | M26: =SUMIF(Est_PL!$B$5:$B$35,B26,Est_PL!$M$5:$M$35) -> 2066.2926 | N26: SGA | O26: Fixed Costs
B27: Taxes & Dues | F27: =SUMIF(Est_PL!$B$5:$B$35,B27,Est_PL!$F$5:$F$35) -> 10171028 | G27: =SUMIF(Est_PL!$B$5:$B$35,B27,Est_PL!$G$5:$G$35) -> 10160672 | H27: =SUMIF(Est_PL!$B$5:$B$35,B27,Est_PL!$H$5:$H$35) -> 5086491 | I27: =SUMIF(Est_PL!$B$5:$B$35,B27,Est_PL!$I$5:$I$35) -> 5086491 | J27: =SUMIF(Est_PL!$B$5:$B$35,B27,Est_PL!$J$5:$J$35) -> 10384071 | K27: =SUMIF(Est_PL!$B$5:$B$35,B27,Est_PL!$K$5:$K$35) -> 10591234 | L27: =SUMIF(Est_PL!$B$5:$B$35,B27,Est_PL!$L$5:$L$35) -> 10801787 | M27: =SUMIF(Est_PL!$B$5:$B$35,B27,Est_PL!$M$5:$M$35) -> 11016959 | N27: SGA | O27: Fixed Costs
B28: Depreciation Expenses | F28: =SUMIF(Est_PL!$B$5:$B$35,B28,Est_PL!$F$5:$F$35) -> 34091 | G28: =SUMIF(Est_PL!$B$5:$B$35,B28,Est_PL!$G$5:$G$35) -> 32781 | H28: =SUMIF(Est_PL!$B$5:$B$35,B28,Est_PL!$H$5:$H$35) -> 13299 | I28: =SUMIF(Est_PL!$B$5:$B$35,B28,Est_PL!$I$5:$I$35) -> 3350.1526 | J28: =SUMIF(Est_PL!$B$5:$B$35,B28,Est_PL!$J$5:$J$35) -> 8399.7675 | K28: =SUMIF(Est_PL!$B$5:$B$35,B28,Est_PL!$K$5:$K$35) -> 10955.964 | L28: =SUMIF(Est_PL!$B$5:$B$35,B28,Est_PL!$L$5:$L$35) -> 12930.075 | M28: =SUMIF(Est_PL!$B$5:$B$35,B28,Est_PL!$M$5:$M$35) -> 15366.216 | N28: SGA | O28: Depreciation and Amortization
B29: Rental Expense | F29: =SUMIF(Est_PL!$B$5:$B$35,B29,Est_PL!$F$5:$F$35) -> 1993980 | G29: =SUMIF(Est_PL!$B$5:$B$35,B29,Est_PL!$G$5:$G$35) -> 2000140 | H29: =SUMIF(Est_PL!$B$5:$B$35,B29,Est_PL!$H$5:$H$35) -> 1019680 | I29: =SUMIF(Est_PL!$B$5:$B$35,B29,Est_PL!$I$5:$I$35) -> 1019680 | J29: =SUMIF(Est_PL!$B$5:$B$35,B29,Est_PL!$J$5:$J$35) -> 2081676.7 | K29: =SUMIF(Est_PL!$B$5:$B$35,B29,Est_PL!$K$5:$K$35) -> 2123206.2 | L29: =SUMIF(Est_PL!$B$5:$B$35,B29,Est_PL!$L$5:$L$35) -> 2165415.5 | M29: =SUMIF(Est_PL!$B$5:$B$35,B29,Est_PL!$M$5:$M$35) -> 2208550.6 | N29: SGA | O29: Fixed Costs
B30: Insurance Expense | F30: =SUMIF(Est_PL!$B$5:$B$35,B30,Est_PL!$F$5:$F$35) -> 404461 | G30: =SUMIF(Est_PL!$B$5:$B$35,B30,Est_PL!$G$5:$G$35) -> 404461 | H30: =SUMIF(Est_PL!$B$5:$B$35,B30,Est_PL!$H$5:$H$35) -> 202461 | I30: =SUMIF(Est_PL!$B$5:$B$35,B30,Est_PL!$I$5:$I$35) -> 202461 | J30: =SUMIF(Est_PL!$B$5:$B$35,B30,Est_PL!$J$5:$J$35) -> 413324.13 | K30: =SUMIF(Est_PL!$B$5:$B$35,B30,Est_PL!$K$5:$K$35) -> 421569.95 | L30: =SUMIF(Est_PL!$B$5:$B$35,B30,Est_PL!$L$5:$L$35) -> 429950.76 | M30: =SUMIF(Est_PL!$B$5:$B$35,B30,Est_PL!$M$5:$M$35) -> 438515.38 | N30: SGA | O30: Fixed Costs
... B37: Advertising & Promotion Expense | F37: =SUMIF(Est_PL!$B$5:$B$35,B37,Est_PL!$F$5:$F$35) -> 107213 | G37: =SUMIF(Est_PL!$B$5:$B$35,B37,Est_PL!$G$5:$G$35) -> 112837 | H37: =SUMIF(Est_PL!$B$5:$B$35,B37,Est_PL!$H$5:$H$35) -> 28950 | I37: =SUMIF(Est_PL!$B$5:$B$35,B37,Est_PL!$I$5:$I$35) -> 28950 | J37: =SUMIF(Est_PL!$B$5:$B$35,B37,Est_PL!$J$5:$J$35) -> 59101.425 | K37: =SUMIF(Est_PL!$B$5:$B$35,B37,Est_PL!$K$5:$K$35) -> 60280.498 | L37: =SUMIF(Est_PL!$B$5:$B$35,B37,Est_PL!$L$5:$L$35) -> 61478.875 | M37: =SUMIF(Est_PL!$B$5:$B$35,B37,Est_PL!$M$5:$M$35) -> 62703.534 | N37: SGA | O37: Fixed Costs
A38: V. Non-Operating Income & Expenses | F38: =SUMIF(Est_PL!$A$5:$A$35,A38,Est_PL!$F$5:$F$35) -> 834356 | G38: =SUMIF(Est_PL!$A$5:$A$35,A38,Est_PL!$G$5:$G$35) -> 804784 | H38: =SUMIF(Est_PL!$A$5:$A$35,A38,Est_PL!$H$5:$H$35) -> 396278 | I38: =SUMIF(Est_PL!$A$5:$A$35,A38,Est_PL!$I$5:$I$35) -> 0 | J38: =SUMIF(Est_PL!$A$5:$A$35,A38,Est_PL!$J$5:$J$35) -> 0 | K38: =SUMIF(Est_PL!$A$5:$A$35,A38,Est_PL!$K$5:$K$35) -> 0 | L38: =SUMIF(Est_PL!$A$5:$A$35,A38,Est_PL!$L$5:$L$35) -> 0 | M38: =SUMIF(Est_PL!$A$5:$A$35,A38,Est_PL!$M$5:$M$35) -> 0
B39: Interest Income | F39: =SUMIF(Est_PL!$B$5:$B$35,B39,Est_PL!$F$5:$F$35) -> 834356 | G39: =SUMIF(Est_PL!$B$5:$B$35,B39,Est_PL!$G$5:$G$35) -> 804784 | H39: =SUMIF(Est_PL!$B$5:$B$35,B39,Est_PL!$H$5:$H$35) -> 396278 | I39: =SUMIF(Est_PL!$B$5:$B$35,B39,Est_PL!$I$5:$I$35) -> 0 | J39: =SUMIF(Est_PL!$B$5:$B$35,B39,Est_PL!$J$5:$J$35) -> 0 | K39: =SUMIF(Est_PL!$B$5:$B$35,B39,Est_PL!$K$5:$K$35) -> 0 | L39: =SUMIF(Est_PL!$B$5:$B$35,B39,Est_PL!$L$5:$L$35) -> 0 | M39: =SUMIF(Est_PL!$B$5:$B$35,B39,Est_PL!$M$5:$M$35) -> 0 | N39: NO | O39: Non-Operating

Sheet TAX
A1: TAX | H1: DCF Value | I1: =DCF!I44 -> 5.3337033e+08 | J1: =DCF!J44 -> 1.0553496e+09 | K1: =DCF!K44 -> 1.0786351e+09 | L1: =DCF!L44 -> 1.1008666e+09 | M1: =DCF!M44 -> 1.1211167e+09
A2: Note: Determine the tax rate based on the operating profit of the company being evaluated.
F3: Historical Performance | I3: Projection
E4: Category | F4: 2023 | G4: 2024 | H4: 01/2025-06/2025 | I4: 07/2025 - 12/2025 | J4: 2026 | K4: 2027 | L4: 2028 | M4: 2029 | N4: Analysis Method | O4: Notes & References
E5: Operating Profit | F5: =IFERROR(Revenue!F7,0)-IFERROR(COGS!F28,0)-IFERROR(SGA!F38,0) -> 75571389 | G5: =IFERROR(Revenue!G7,0)-IFERROR(COGS!G28,0)-IFERROR(SGA!G38,0) -> 80196802 | H5: =IFERROR(Revenue!H7,0)-IFERROR(COGS!H28,0)-IFERROR(SGA!H38,0) -> 46457404 | I5: =IFERROR(Revenue!I7,0)-IFERROR(COGS!I28,0)-IFERROR(SGA!I38,0) -> 59743328 | J5: =IFERROR(Revenue!J7,0)-IFERROR(COGS!J28,0)-IFERROR(SGA!J38,0) -> 1.2420942e+08 | K5: =IFERROR(Revenue!K7,0)-IFERROR(COGS!K28,0)-IFERROR(SGA!K38,0) -> 1.2876364e+08 | L5: =IFERROR(Revenue!L7,0)-IFERROR(COGS!L28,0)-IFERROR(SGA!L38,0) -> 1.3365719e+08 | M5: =IFERROR(Revenue!M7,0)-IFERROR(COGS!M28,0)-IFERROR(SGA!M38,0) -> 1.3872818e+08
E6: Adjustment
E7: Calculated Tax Amount | F7: =IF((F5+F6)<=0, 0, (F5+F6)*F8) -> 0 | G7: =IF((G5+G6)<=0, 0, (G5+G6)*G8) -> 0 | I7: =IF((H5+H6+I5+I6)<=0, 0, (H5+H6+I5+I6)*I8) -> 0 | J7: =IF((J5+J6)<=0, 0, (J5+J6)*J8) -> 0 | K7: =IF((K5+K6)<=0, 0, (K5+K6)*K8) -> 0 | L7: =IF((L5+L6)<=0, 0, (L5+L6)*L8) -> 0 | M7: =IF((M5+M6)<=0, 0, (M5+M6)*M8) -> 0
E8: Tax Rate | F8: =$B$12 -> 0 | G8: =$B$12 -> 0 | I8: =$B$12 -> 0 | J8: =$B$12 -> 0 | K8: =$B$12 -> 0 | L8: =$B$12 -> 0 | M8: =$B$12 -> 0
B11: Manually entered
A12: Marginal Tax Rate | D12: Average Tax Rate | E12: =AVERAGE(I8:M8) -> 0

Sheet NOA
A1: Non-operating Assets: Leaving the fields blank does not affect the valuation, but they are necessary when preparing the projected balance sheet. | H1: DCF Value | I1: =DCF!I44 -> 5.3337033e+08 | J1: =DCF!J44 -> 1.0553496e+09 | K1: =DCF!K44 -> 1.0786351e+09 | L1: =DCF!L44 -> 1.1008666e+09 | M1: =DCF!M44 -> 1.1211167e+09
F3: Historical Performance | I3: Projection
A4: Main Category | B4: Medium Category | C4: Subcategory | D4: Detailed Category | E4: Category | F4: 2023 | G4: 2024 | H4: 45838 | I4: 2025 | J4: 2026 | K4: 2027 | L4: 2028 | M4: 2029 | N4: Notes & References
A5: Assets | B5: I. Current Assets | C5: (1) Quick Assets | D5: Checking Deposits | E5: Checking Deposits | F5: =BS!F5+BS_A!F5 -> 6917692 | G5: =BS!G5+BS_A!G5 -> 6093467 | H5: =BS!H5+BS_A!H5 -> 8179986
A6: Assets | B6: I. Current Assets | C6: (1) Quick Assets | D6: Short-term Financial Products | E6: Short-term Financial Products | F6: =BS!F9+BS_A!F9 -> 0 | G6: =BS!G9+BS_A!G9 -> 0 | H6: =BS!H9+BS_A!H9 -> 8000000
A7: Assets | B7: I. Current Assets | C7: (1) Quick Assets | D7: Long-term Financial Products | E7: Long-term Financial Products | F7: =BS!F10+BS_A!F10 -> 0 | G7: =BS!G10+BS_A!G10 -> 0 | H7: =BS!H10+BS_A!H10 -> 10000000
E8: Total Non-Operating Assets | F8: =IFERROR(SUM(F5:F7),0) -> 6917692 | G8: =IFERROR(SUM(G5:G7),0) -> 6093467 | H8: =IFERROR(SUM(H5:H7),0) -> 26179986 | I8: =IFERROR(SUM(I5:I7),0) -> 0 | J8: =IFERROR(SUM(J5:J7),0) -> 0 | K8: =IFERROR(SUM(K5:K7),0) -> 0 | L8: =IFERROR(SUM(L5:L7),0) -> 0 | M8: =IFERROR(SUM(M5:M7),0) -> 0

Sheet WC
A1: Working Capital | H1: DCF Value | I1: =DCF!I44 -> 5.3337033e+08 | J1: =DCF!J44 -> 1.0553496e+09 | K1: =DCF!K44 -> 1.0786351e+09 | L1: =DCF!L44 -> 1.1008666e+09 | M1: =DCF!M44 -> 1.1211167e+09
F3: Historical Performance | I3: Projection
A4: Main Category | B4: Medium Category | C4: Subcategory | D4: Detailed Category | E4: Category | F4: 2023 | G4: 2024 | H4: 45838 | I4: 2025 | J4: 2026 | K4: 2027 | L4: 2028 | M4: 2029 | N4: Notes & References
A5: Assets | B5: I. Current Assets | C5: (1) Quick Assets | D5: Accounts Receivable | E5: Accounts Receivable | F5: =BS!F6+BS_A!F6 -> 19199229 | G5: =BS!G6+BS_A!G6 -> 26833964 | H5: =BS!H6+BS_A!H6 -> 20012390 | I5: =WC!I16 -> 16181830 | J5: =WC!J16 -> 16957636 | K5: =WC!K16 -> 17600839 | L5: =WC!L16 -> 18213961 | M5: =WC!M16 -> 18960446
A6: Assets | B6: I. Current Assets | C6: (2) Inventory Assets | D6: Finished Goods | E6: Finished Goods | F6: =BS!F12+BS_A!F12 -> 5640062 | G6: =BS!G12+BS_A!G12 -> 5031332 | H6: =BS!H12+BS_A!H12 -> 2422232 | I6: =WC!I19 -> 1958594 | J6: =WC!J19 -> 2052494.9 | K6: =WC!K19 -> 2130346 | L6: =WC!L19 -> 2204556.3 | M6: =WC!M19 -> 2294908.3
A7: Assets | B7: I. Current Assets | C7: (2) Inventory Assets | D7: Work in Progress | E7: Work in Progress | F7: =BS!F13+BS_A!F13 -> 17147 | G7: =BS!G13+BS_A!G13 -> 14051 | H7: =BS!H13+BS_A!H13 -> 20563 | I7: =WC!I22 -> 16627.048 | J7: =WC!J22 -> 17424.199 | K7: =WC!K22 -> 18085.099 | L7: =WC!L22 -> 18715.09 | M7: =WC!M22 -> 19482.113
A8: Liabilities | B8: I. Current Liabilities | C8: Accounts Payable | D8: Accounts Payable | E8: Accounts Payable | F8: =BS!F22+BS_A!F22 -> 452900 | G8: =BS!G22+BS_A!G22 -> 436583 | H8: =BS!H22+BS_A!H22 -> 657908 | I8: =WC!I25 -> 531978.21 | J8: =WC!J25 -> 557482.85 | K8: =WC!K25 -> 578628.17 | L8: =WC!L25 -> 598784.59 | M8: =WC!M25 -> 623325.31
E9: Total Working Capital Assets | F9: =IFERROR(SUMIFS(F$5:F$8,$A$5:$A8,"*Assets*"),0) -> 24856438 | G9: =IFERROR(SUMIFS(G$5:G$8,$A$5:$A8,"*Assets*"),0) -> 31879347 | H9: =IFERROR(SUMIFS(H$5:H$8,$A$5:$A8,"*Assets*"),0) -> 22455185 | I9: =IFERROR(SUMIFS(I$5:I$8,$A$5:$A8,"*Assets*"),0) -> 18157051 | J9: =IFERROR(SUMIFS(J$5:J$8,$A$5:$A8,"*Assets*"),0) -> 19027555 | K9: =IFERROR(SUMIFS(K$5:K$8,$A$5:$A8,"*Assets*"),0) -> 19749270 | L9: =IFERROR(SUMIFS(L$5:L$8,$A$5:$A8,"*Assets*"),0) -> 20437232 | M9: =IFERROR(SUMIFS(M$5:M$8,$A$5:$A8,"*Assets*"),0) -> 21274836
E10: Total Operating Liabilities | F10: =IFERROR(SUMIFS(F$5:F$8,$A$5:$A8,"*Liabilities*"),0) -> 452900 | G10: =IFERROR(SUMIFS(G$5:G$8,$A$5:$A8,"*Liabilities*"),0) -> 436583 | H10: =IFERROR(SUMIFS(H$5:H$8,$A$5:$A8,"*Liabilities*"),0) -> 657908 | I10: =IFERROR(SUMIFS(I$5:I$8,$A$5:$A8,"*Liabilities*"),0) -> 531978.21 | J10: =IFERROR(SUMIFS(J$5:J$8,$A$5:$A8,"*Liabilities*"),0) -> 557482.85 | K10: =IFERROR(SUMIFS(K$5:K$8,$A$5:$A8,"*Liabilities*"),0) -> 578628.17 | L10: =IFERROR(SUMIFS(L$5:L$8,$A$5:$A8,"*Liabilities*"),0) -> 598784.59 | M10: =IFERROR(SUMIFS(M$5:M$8,$A$5:$A8,"*Liabilities*"),0) -> 623325.31
E11: Total Net Working Capital (NWC) | F11: =F9-F10 -> 24403538 | G11: =G9-G10 -> 31442764 | H11: =H9-H10 -> 21797277 | I11: =I9-I10 -> 17625073 | J11: =J9-J10 -> 18470072 | K11: =K9-K10 -> 19170642 | L11: =L9-L10 -> 19838448 | M11: =M9-M10 -> 20651511
E12: Net Change in Working Capital | F12: 0 | G12: =IFERROR(G11-F11,0) -> 7039226 | H12: =IFERROR(H11-G11,0) -> -9645487 | I12: =IFERROR(I11-H11,0) -> -4172204.2 | J12: =IFERROR(J11-I11,0) -> 844999.11 | K12: =IFERROR(K11-J11,0) -> 700569.83 | L12: =IFERROR(L11-K11,0) -> 667806.16 | M12: =IFERROR(M11-L11,0) -> 813063.3
A14: Basis of Working Capital Calculation | F14: Historical Performance | I14: Projection
D15: Analysis Method | E15: Category | F15: 2023 | G15: 2024 | H15: 45838 | I15: 2025 | J15: 2026 | K15: 2027 | L15: 2028 | M15: 2029 | N15: Notes & References
C16: Estimate of Turnover Period | D16: Current Year | E16: Accounts Receivable | F16: =BS!F6+BS_A!F6 -> 19199229 | G16: =BS!G6+BS_A!G6 -> 26833964 | H16: =BS!H6+BS_A!H6 -> 20012390 | I16: =IFERROR(I17/(DATEVALUE((WC!G$4+1)&"-12-31")-BI!$C$5)*I18, 0) -> 16181830 | J16: =IFERROR(J17/(DATEVALUE((WC!J$4)&"-12-31")-DATEVALUE((WC!J$4-1)&"-12-31"))*J18, 0) -> 16957636 | K16: =IFERROR(K17/(DATEVALUE((WC!K$4)&"-12-31")-DATEVALUE((WC!K$4-1)&"-12-31"))*K18, 0) -> 17600839 | L16: =IFERROR(L17/(DATEVALUE((WC!L$4)&"-12-31")-DATEVALUE((WC!L$4-1)&"-12-31"))*L18, 0) -> 18213961 | M16: =IFERROR(M17/(DATEVALUE((WC!M$4)&"-12-31")-DATEVALUE((WC!M$4-1)&"-12-31"))*M18, 0) -> 18960446
C17: Factor of Variation (primarily for Accounts Receivable: Revenue, Inventory and Accounts Payable: COGS) | D17: Revenue | E17: Factor of Variation | F17: =IF($D17="Revenue",IFERROR(Revenue!F7,0),IF($D17="COGS",IFERROR(COGS!F28,0),"")) -> 197147298 | G17: =IF($D17="Revenue",IFERROR(Revenue!G7,0),IF($D17="COGS",IFERROR(COGS!G28,0),"")) -> 202498052 | H17: =IF($D17="Revenue",IFERROR(Revenue!H7,0),IF($D17="COGS",IFERROR(COGS!H28,0),"")) -> 108378024 | I17: =IF($D17="Revenue",IFERROR(Revenue!I7,0),IF($D17="COGS",IFERROR(COGS!I28,0),"")) -> 89085937 | J17: =IF($D17="Revenue",IFERROR(Revenue!J7,0),IF($D17="COGS",IFERROR(COGS!J28,0),"")) -> 1.8519185e+08 | K17: =IF($D17="Revenue",IFERROR(Revenue!K7,0),IF($D17="COGS",IFERROR(COGS!K28,0),"")) -> 1.9221617e+08 | L17: =IF($D17="Revenue",IFERROR(Revenue!L7,0),IF($D17="COGS",IFERROR(COGS!L28,0),"")) -> 1.9945696e+08 | M17: =IF($D17="Revenue",IFERROR(Revenue!M7,0),IF($D17="COGS",IFERROR(COGS!M28,0),"")) -> 2.0706424e+08
E18: Turnover Period | F18: =IFERROR(F16/(F17/(DATEVALUE(WC!F$4&"-12-31")-DATEVALUE((WC!F$4-1)&"-12-31"))),0) -> 35.545598 | G18: =IFERROR(G16/(G17/(DATEVALUE(WC!G$4&"-12-31")-DATEVALUE((WC!G$4-1)&"-12-31"))),0) -> 48.500372 | H18: =IFERROR(H16/(H17/(BI!$C$5-DATEVALUE((WC!G$4)&"-12-31"))),0) -> 33.422298 | I18: =IF($D16="3-Year Average", IFERROR(($F18*12+$G18*12+$H18*6)/(12+12+6),0), IF($D16="2-Year Average", IFERROR(($G18*12+$H18*6)/(12+6),0), IF($D16="Previous Year", IFERROR(G18,0), IF($D16="Current Year", IFERROR(H18,0), "")))) -> 33.422298 | J18: =I18 -> 33.422298 | K18: =J18 -> 33.422298 | L18: =K18 -> 33.422298 | M18: =L18 -> 33.422298
C19: Estimate of Turnover Period | D19: Current Year | E19: Finished Goods | F19: =BS!F12+BS_A!F12 -> 5640062 | G19: =BS!G12+BS_A!G12 -> 5031332 | H19: =BS!H12+BS_A!H12 -> 2422232 | I19: =IFERROR(I20/(DATEVALUE((WC!G$4+1)&"-12-31")-BI!$C$5)*I21, 0) -> 1958594 | J19: =IFERROR(J20/(DATEVALUE((WC!J$4)&"-12-31")-DATEVALUE((WC!J$4-1)&"-12-31"))*J21, 0) -> 2052494.9 | K19: =IFERROR(K20/(DATEVALUE((WC!K$4)&"-12-31")-DATEVALUE((WC!K$4-1)&"-12-31"))*K21, 0) -> 2130346 | L19: =IFERROR(L20/(DATEVALUE((WC!L$4)&"-12-31")-DATEVALUE((WC!L$4-1)&"-12-31"))*L21, 0) -> 2204556.3 | M19: =IFERROR(M20/(DATEVALUE((WC!M$4)&"-12-31")-DATEVALUE((WC!M$4-1)&"-12-31"))*M21, 0) -> 2294908.3
C20: Factor of Variation (primarily for Accounts Receivable: Revenue, Inventory and Accounts Payable: COGS) | D20: Revenue | E20: Factor of Variation | F20: =IF($D20="Revenue",IFERROR(Revenue!F7,0),IF($D20="COGS",IFERROR(COGS!F28,0),"")) -> 197147298 | G20: =IF($D20="Revenue",IFERROR(Revenue!G7,0),IF($D20="COGS",IFERROR(COGS!G28,0),"")) -> 202498052 | H20: =IF($D20="Revenue",IFERROR(Revenue!H7,0),IF($D20="COGS",IFERROR(COGS!H28,0),"")) -> 108378024 | I20: =IF($D20="Revenue",IFERROR(Revenue!I7,0),IF($D20="COGS",IFERROR(COGS!I28,0),"")) -> 89085937 | J20: =IF($D20="Revenue",IFERROR(Revenue!J7,0),IF($D20="COGS",IFERROR(COGS!J28,0),"")) -> 1.8519185e+08 | K20: =IF($D20="Revenue",IFERROR(Revenue!K7,0),IF($D20="COGS",IFERROR(COGS!K28,0),"")) -> 1.9221617e+08 | L20: =IF($D20="Revenue",IFERROR(Revenue!L7,0),IF($D20="COGS",IFERROR(COGS!L28,0),"")) -> 1.9945696e+08 | M20: =IF($D20="Revenue",IFERROR(Revenue!M7,0),IF($D20="COGS",IFERROR(COGS!M28,0),"")) -> 2.0706424e+08
E21: Turnover Period | F21: =IFERROR(F19/(F20/(DATEVALUE(WC!F$4&"-12-31")-DATEVALUE((WC!F$4-1)&"-12-31"))),0) -> 10.442053 | G21: =IFERROR(G19/(G20/(DATEVALUE(WC!G$4&"-12-31")-DATEVALUE((WC!G$4-1)&"-12-31"))),0) -> 9.0937542 | H21: =IFERROR(H19/(H20/(BI!$C$5-DATEVALUE((WC!G$4)&"-12-31"))),0) -> 4.0453219 | I21: =IF($D19="3-Year Average", IFERROR(($F21*12+$G21*12+$H21*6)/(12+12+6),0), IF($D19="2-Year Average", IFERROR(($G21*12+$H21*6)/(12+6),0), IF($D19="Previous Year", IFERROR(G21,0), IF($D19="Current Year", IFERROR(H21,0), "")))) -> 4.0453219 | J21: =I21 -> 4.0453219 | K21: =J21 -> 4.0453219 | L21: =K21 -> 4.0453219 | M21: =L21 -> 4.0453219
C22: Estimate of Turnover Period | D22: Current Year | E22: Work in Progress | F22: =BS!F13+BS_A!F13 -> 17147 | G22: =BS!G13+BS_A!G13 -> 14051 | H22: =BS!H13+BS_A!H13 -> 20563 | I22: =IFERROR(I23/(DATEVALUE((WC!G$4+1)&"-12-31")-BI!$C$5)*I24, 0) -> 16627.048 | J22: =IFERROR(J23/(DATEVALUE((WC!J$4)&"-12-31")-DATEVALUE((WC!J$4-1)&"-12-31"))*J24, 0) -> 17424.199 | K22: =IFERROR(K23/(DATEVALUE((WC!K$4)&"-12-31")-DATEVALUE((WC!K$4-1)&"-12-31"))*K24, 0) -> 18085.099 | L22: =IFERROR(L23/(DATEVALUE((WC!L$4)&"-12-31")-DATEVALUE((WC!L$4-1)&"-12-31"))*L24, 0) -> 18715.09 | M22: =IFERROR(M23/(DATEVALUE((WC!M$4)&"-12-31")-DATEVALUE((WC!M$4-1)&"-12-31"))*M24, 0) -> 19482.113
C23: Factor of Variation (primarily for Accounts Receivable: Revenue, Inventory and Accounts Payable: COGS) | D23: Revenue | E23: Factor of Variation | F23: =IF($D23="Revenue",IFERROR(Revenue!F7,0),IF($D23="COGS",IFERROR(COGS!F28,0),"")) -> 197147298 | G23: =IF($D23="Revenue",IFERROR(Revenue!G7,0),IF($D23="COGS",IFERROR(COGS!G28,0),"")) -> 202498052 | H23: =IF($D23="Revenue",IFERROR(Revenue!H7,0),IF($D23="COGS",IFERROR(COGS!H28,0),"")) -> 108378024 | I23: =IF($D23="Revenue",IFERROR(Revenue!I7,0),IF($D23="COGS",IFERROR(COGS!I28,0),"")) -> 89085937 | J23: =IF($D23="Revenue",IFERROR(Revenue!J7,0),IF($D23="COGS",IFERROR(COGS!J28,0),"")) -> 1.8519185e+08 | K23: =IF($D23="Revenue",IFERROR(Revenue!K7,0),IF($D23="COGS",IFERROR(COGS!K28,0),"")) -> 1.9221617e+08 | L23: =IF($D23="Revenue",IFERROR(Revenue!L7,0),IF($D23="COGS",IFERROR(COGS!L28,0),"")) -> 1.9945696e+08 | M23: =IF($D23="Revenue",IFERROR(Revenue!M7,0),IF($D23="COGS",IFERROR(COGS!M28,0),"")) -> 2.0706424e+08
E24: Turnover Period | F24: =IFERROR(F22/(F23/(DATEVALUE(WC!F$4&"-12-31")-DATEVALUE((WC!F$4-1)&"-12-31"))),0) -> 0.031746086 | G24: =IFERROR(G22/(G23/(DATEVALUE(WC!G$4&"-12-31")-DATEVALUE((WC!G$4-1)&"-12-31"))),0) -> 0.025396126 | H24: =IFERROR(H22/(H23/(BI!$C$5-DATEVALUE((WC!G$4)&"-12-31"))),0) -> 0.034341861 | I24: =IF($D22="3-Year Average", IFERROR(($F24*12+$G24*12+$H24*6)/(12+12+6),0), IF($D22="2-Year Average", IFERROR(($G24*12+$H24*6)/(12+6),0), IF($D22="Previous Year", IFERROR(G24,0), IF($D22="Current Year", IFERROR(H24,0), "")))) -> 0.034341861 | J24: =I24 -> 0.034341861 | K24: =J24 -> 0.034341861 | L24: =K24 -> 0.034341861 | M24: =L24 -> 0.034341861
C25: Estimate of Turnover Period | D25: Current Year | E25: Accounts Payable | F25: =BS!F22+BS_A!F22 -> 452900 | G25: =BS!G22+BS_A!G22 -> 436583 | H25: =BS!H22+BS_A!H22 -> 657908 | I25: =IFERROR(I26/(DATEVALUE((WC!G$4+1)&"-12-31")-BI!$C$5)*I27, 0) -> 531978.21 | J25: =IFERROR(J26/(DATEVALUE((WC!J$4)&"-12-31")-DATEVALUE((WC!J$4-1)&"-12-31"))*J27, 0) -> 557482.85 | K25: =IFERROR(K26/(DATEVALUE((WC!K$4)&"-12-31")-DATEVALUE((WC!K$4-1)&"-12-31"))*K27, 0) -> 578628.17 | L25: =IFERROR(L26/(DATEVALUE((WC!L$4)&"-12-31")-DATEVALUE((WC!L$4-1)&"-12-31"))*L27, 0) -> 598784.59 | M25: =IFERROR(M26/(DATEVALUE((WC!M$4)&"-12-31")-DATEVALUE((WC!M$4-1)&"-12-31"))*M27, 0) -> 623325.31
C26: Factor of Variation (primarily for Accounts Receivable: Revenue, Inventory and Accounts Payable: COGS) | D26: Revenue | E26: Factor of Variation | F26: =IF($D26="Revenue",IFERROR(Revenue!F7,0),IF($D26="COGS",IFERROR(COGS!F28,0),"")) -> 197147298 | G26: =IF($D26="Revenue",IFERROR(Revenue!G7,0),IF($D26="COGS",IFERROR(COGS!G28,0),"")) -> 202498052 | H26: =IF($D26="Revenue",IFERROR(Revenue!H7,0),IF($D26="COGS",IFERROR(COGS!H28,0),"")) -> 108378024 | I26: =IF($D26="Revenue",IFERROR(Revenue!I7,0),IF($D26="COGS",IFERROR(COGS!I28,0),"")) -> 89085937 | J26: =IF($D26="Revenue",IFERROR(Revenue!J7,0),IF($D26="COGS",IFERROR(COGS!J28,0),"")) -> 1.8519185e+08 | K26: =IF($D26="Revenue",IFERROR(Revenue!K7,0),IF($D26="COGS",IFERROR(COGS!K28,0),"")) -> 1.9221617e+08 | L26: =IF($D26="Revenue",IFERROR(Revenue!L7,0),IF($D26="COGS",IFERROR(COGS!L28,0),"")) -> 1.9945696e+08 | M26: =IF($D26="Revenue",IFERROR(Revenue!M7,0),IF($D26="COGS",IFERROR(COGS!M28,0),"")) -> 2.0706424e+08
E27: Turnover Period | F27: =IFERROR(F25/(F26/(DATEVALUE(WC!F$4&"-12-31")-DATEVALUE((WC!F$4-1)&"-12-31"))),0) -> 0.83850249 | G27: =IFERROR(G25/(G26/(DATEVALUE(WC!G$4&"-12-31")-DATEVALUE((WC!G$4-1)&"-12-31"))),0) -> 0.78909094 | H27: =IFERROR(H25/(H26/(BI!$C$5-DATEVALUE((WC!G$4)&"-12-31"))),0) -> 1.0987592 | I27: =IF($D25="3-Year Average", IFERROR(($F27*12+$G27*12+$H27*6)/(12+12+6),0), IF($D25="2-Year Average", IFERROR(($G27*12+$H27*6)/(12+6),0), IF($D25="Previous Year", IFERROR(G27,0), IF($D25="Current Year", IFERROR(H27,0), "")))) -> 1.0987592 | J27: =I27 -> 1.0987592 | K27: =J27 -> 1.0987592 | L27: =K27 -> 1.0987592 | M27: =L27 -> 1.0987592

Sheet OAL
A1: Other Operating Assets and Liabilities (excluding Working Capital): Assumed to remain the same in the future. | H1: DCF Value | I1: =DCF!I44 -> 5.3337033e+08 | J1: =DCF!J44 -> 1.0553496e+09 | K1: =DCF!K44 -> 1.0786351e+09 | L1: =DCF!L44 -> 1.1008666e+09 | M1: =DCF!M44 -> 1.1211167e+09
F3: Historical Performance | I3: Projection
A4: Main Category | B4: Medium Category | C4: Subcategory | D4: Detailed Category | E4: Category | F4: 2023 | G4: 2024 | H4: 45838 | I4: 2025 | J4: 2026 | K4: 2027 | L4: 2028 | M4: 2029 | N4: Notes & References
A5: Assets | B5: I. Current Assets | C5: (1) Quick Assets | D5: Accrued Receivables | E5: Accrued Receivables | F5: =BS!F7+BS_A!F7 -> 11000 | G5: =BS!G7+BS_A!G7 -> 0 | H5: =BS!H7+BS_A!H7 -> 0 | I5: =$H5 -> 0 | J5: =$H5 -> 0 | K5: =$H5 -> 0 | L5: =$H5 -> 0 | M5: =$H5 -> 0
A6: Assets | B6: I. Current Assets | C6: (1) Quick Assets | D6: Accrued Income | E6: Accrued Income | F6: =BS!F8+BS_A!F8 -> 0 | G6: =BS!G8+BS_A!G8 -> 0 | H6: =BS!H8+BS_A!H8 -> 175208 | I6: =$H6 -> 175208 | J6: =$H6 -> 175208 | K6: =$H6 -> 175208 | L6: =$H6 -> 175208 | M6: =$H6 -> 175208
A7: Assets | B7: I. Current Assets | C7: (1) Quick Assets | D7: Prepaid Expenses | E7: Prepaid Expenses | F7: =BS!F11+BS_A!F11 -> 5620521 | G7: =BS!G11+BS_A!G11 -> 5704825 | H7: =BS!H11+BS_A!H11 -> 0 | I7: =$H7 -> 0 | J7: =$H7 -> 0 | K7: =$H7 -> 0 | L7: =$H7 -> 0 | M7: =$H7 -> 0
A8: Assets | B8: II. Non-Current Assets | C8: (3) Other Non-Current Assets | D8: Lease Deposits | E8: Lease Deposits | F8: =BS!F20+BS_A!F20 -> 1146200 | G8: =BS!G20+BS_A!G20 -> 1146200 | H8: =BS!H20+BS_A!H20 -> 1146200 | I8: =$H8 -> 1146200 | J8: =$H8 -> 1146200 | K8: =$H8 -> 1146200 | L8: =$H8 -> 1146200 | M8: =$H8 -> 1146200
A9: Assets | B9: II. Non-Current Assets | C9: (3) Other Non-Current Assets | D9: Long-term Prepaid Expenses | E9: Long-term Prepaid Expenses | F9: =BS!F21+BS_A!F21 -> 654158 | G9: =BS!G21+BS_A!G21 -> 527063 | H9: =BS!H21+BS_A!H21 -> 527063 | I9: =$H9 -> 527063 | J9: =$H9 -> 527063 | K9: =$H9 -> 527063 | L9: =$H9 -> 527063 | M9: =$H9 -> 527063
A10: Liabilities | B10: I. Current Liabilities | C10: Withholding Deposits | D10: Withholding Deposits | E10: Withholding Deposits | F10: =BS!F23+BS_A!F23 -> 17793 | G10: =BS!G23+BS_A!G23 -> 18672 | H10: =BS!H23+BS_A!H23 -> 20976 | I10: =$H10 -> 20976 | J10: =$H10 -> 20976 | K10: =$H10 -> 20976 | L10: =$H10 -> 20976 | M10: =$H10 -> 20976
A11: Liabilities | B11: I. Current Liabilities | C11: Accrued Expenses | D11: Accrued Expenses | E11: Accrued Expenses | F11: =BS!F24+BS_A!F24 -> 1599047 | G11: =BS!G24+BS_A!G24 -> 1665678 | H11: =BS!H24+BS_A!H24 -> 1637413 | I11: =$H11 -> 1637413 | J11: =$H11 -> 1637413 | K11: =$H11 -> 1637413 | L11: =$H11 -> 1637413 | M11: =$H11 -> 1637413
A12: Liabilities | B12: II. Non-Current Liabilities | C12: Provision for Retirement Benefits | D12: Provision for Retirement Benefits | E12: Provision for Retirement Benefits | F12: =BS!F26+BS_A!F26 -> 459530 | G12: =BS!G26+BS_A!G26 -> 656179 | H12: =BS!H26+BS_A!H26 -> 656179 | I12: =$H12 -> 656179 | J12: =$H12 -> 656179 | K12: =$H12 -> 656179 | L12: =$H12 -> 656179 | M12: =$H12 -> 656179
E13: Total OAL Assets | F13: =IFERROR(SUMIFS(F$5:F$12,$A$5:$A12,"Assets"),0) -> 7431879 | G13: =IFERROR(SUMIFS(G$5:G$12,$A$5:$A12,"Assets"),0) -> 7378088 | H13: =IFERROR(SUMIFS(H$5:H$12,$A$5:$A12,"Assets"),0) -> 1848471 | I13: =IFERROR(SUMIFS(I$5:I$12,$A$5:$A12,"Assets"),0) -> 1848471 | J13: =IFERROR(SUMIFS(J$5:J$12,$A$5:$A12,"Assets"),0) -> 1848471 | K13: =IFERROR(SUMIFS(K$5:K$12,$A$5:$A12,"Assets"),0) -> 1848471 | L13: =IFERROR(SUMIFS(L$5:L$12,$A$5:$A12,"Assets"),0) -> 1848471 | M13: =IFERROR(SUMIFS(M$5:M$12,$A$5:$A12,"Assets"),0) -> 1848471
E14: Total OAL Liabilities | F14: =IFERROR(SUMIFS(F$5:F$12,$A$5:$A12,"Liabilities"),0) -> 2076370 | G14: =IFERROR(SUMIFS(G$5:G$12,$A$5:$A12,"Liabilities"),0) -> 2340529 | H14: =IFERROR(SUMIFS(H$5:H$12,$A$5:$A12,"Liabilities"),0) -> 2314568 | I14: =IFERROR(SUMIFS(I$5:I$12,$A$5:$A12,"Liabilities"),0) -> 2314568 | J14: =IFERROR(SUMIFS(J$5:J$12,$A$5:$A12,"Liabilities"),0) -> 2314568 | K14: =IFERROR(SUMIFS(K$5:K$12,$A$5:$A12,"Liabilities"),0) -> 2314568 | L14: =IFERROR(SUMIFS(L$5:L$12,$A$5:$A12,"Liabilities"),0) -> 2314568 | M14: =IFERROR(SUMIFS(M$5:M$12,$A$5:$A12,"Liabilities"),0) -> 2314568

Sheet FA
A1: Fixed Assets: Depreciation analysis can be linked for calculation; leaving the fields blank does not affect the valuation, but they are necessary when preparing the projected balance sheet. | H1: DCF Value | I1: =DCF!I44 -> 5.3337033e+08 | J1: =DCF!J44 -> 1.0553496e+09 | K1: =DCF!K44 -> 1.0786351e+09 | L1: =DCF!L44 -> 1.1008666e+09 | M1: =DCF!M44 -> 1.1211167e+09
F3: Historical Performance | I3: Projection
A4: Main Category | B4: Medium Category | C4: Subcategory | D4: Detailed Category | E4: Category | F4: 2023 | G4: 2024 | H4: 45838 | I4: 2025 | J4: 2026 | K4: 2027 | L4: 2028 | M4: 2029 | N4: Notes & References
A5: Assets | B5: II. Non-Current Assets | C5: (1) Tangible Assets | D5: Land | E5: Land | F5: =BS!F14+BS_A!F14 -> 2544067 | G5: =BS!G14+BS_A!G14 -> 2544067 | H5: =BS!H14+BS_A!H14 -> 2544067
A6: Assets | B6: II. Non-Current Assets | C6: (1) Tangible Assets | D6: Building | E6: Building - Acquisition Cost | F6: =BS!F15+BS_A!F15 -> 27174134 | G6: =BS!G15+BS_A!G15 -> 27174134 | H6: =BS!H15+BS_A!H15 -> 27174134
A7: Assets | B7: II. Non-Current Assets | C7: (1) Tangible Assets | D7: Building | E7: Building - Accumulated Depreciation | F7: =BS!F16+BS_A!F16 -> -5389028 | G7: =BS!G16+BS_A!G16 -> -6747734 | H7: =BS!H16+BS_A!H16 -> -7427088
A8: Assets | B8: II. Non-Current Assets | C8: (1) Tangible Assets | D8: Machinery | E8: Machinery - Acquisition Cost | F8: =BS!F17+BS_A!F17 -> 37395794 | G8: =BS!G17+BS_A!G17 -> 37395794 | H8: =BS!H17+BS_A!H17 -> 37395794
A9: Assets | B9: II. Non-Current Assets | C9: (1) Tangible Assets | D9: Machinery | E9: Machinery - Accumulated Depreciation | F9: =BS!F18+BS_A!F18 -> -7415501 | G9: =BS!G18+BS_A!G18 -> -9285290 | H9: =BS!H18+BS_A!H18 -> -10220185
A10: Assets | B10: II. Non-Current Assets | C10: (2) Intangible Assets | D10: Patent Rights | E10: Patent Rights | F10: =BS!F19+BS_A!F19 -> 3380178 | G10: =BS!G19+BS_A!G19 -> 2979548 | H10: =BS!H19+BS_A!H19 -> 2779233
E11: Total Fixed Assets | F11: =IFERROR(SUM(F5:F10),0) -> 57689644 | G11: =IFERROR(SUM(G5:G10),0) -> 54060519 | H11: =IFERROR(SUM(H5:H10),0) -> 52245955 | I11: =IFERROR(SUM(I5:I10),0) -> 0 | J11: =IFERROR(SUM(J5:J10),0) -> 0 | K11: =IFERROR(SUM(K5:K10),0) -> 0 | L11: =IFERROR(SUM(L5:L10),0) -> 0 | M11: =IFERROR(SUM(M5:M10),0) -> 0

Sheet IBD
A1: Interest-Bearing Debt: Leaving the fields blank does not affect the valuation, but they are necessary when preparing the projected balance sheet. | H1: DCF Value | I1: =DCF!I44 -> 5.3337033e+08 | J1: =DCF!J44 -> 1.0553496e+09 | K1: =DCF!K44 -> 1.0786351e+09 | L1: =DCF!L44 -> 1.1008666e+09 | M1: =DCF!M44 -> 1.1211167e+09
F3: Historical Performance | I3: Projection
A4: Main Category | B4: Medium Category | C4: Subcategory | D4: Detailed Category | E4: Category | F4: 2023 | G4: 2024 | H4: 45838 | I4: 2025 | J4: 2026 | K4: 2027 | L4: 2028 | M4: 2029 | N4: Notes & References
A5: Liabilities | B5: I. Current Liabilities | C5: Current Portion of Long-Term Debt | D5: Current Portion of Long-Term Debt | E5: Current Portion of Long-Term Debt | F5: =BS!F25+BS_A!F25 -> 6024000 | G5: =BS!G25+BS_A!G25 -> 6024000 | H5: =BS!H25+BS_A!H25 -> 4024000
A6: Liabilities | B6: II. Non-Current Liabilities | C6: Convertible Bonds | D6: Convertible Bonds | E6: Convertible Bonds | F6: =BS!F27+BS_A!F27 -> 10000000 | G6: =BS!G27+BS_A!G27 -> 10000000 | H6: =BS!H27+BS_A!H27 -> 10000000
E7: Deduction of IBD (Asset) | F7: =IFERROR(SUMIFS(F$5:F$6,$A$5:$A6,"*Assets*"),0) -> 0 | G7: =IFERROR(SUMIFS(G$5:G$6,$A$5:$A6,"*Assets*"),0) -> 0 | H7: =IFERROR(SUMIFS(H$5:H$6,$A$5:$A6,"*Assets*"),0) -> 0 | I7: =IFERROR(SUMIFS(I$5:I$6,$A$5:$A6,"*Assets*"),0) -> 0 | J7: =IFERROR(SUMIFS(J$5:J$6,$A$5:$A6,"*Assets*"),0) -> 0 | K7: =IFERROR(SUMIFS(K$5:K$6,$A$5:$A6,"*Assets*"),0) -> 0 | L7: =IFERROR(SUMIFS(L$5:L$6,$A$5:$A6,"*Assets*"),0) -> 0 | M7: =IFERROR(SUMIFS(M$5:M$6,$A$5:$A6,"*Assets*"),0) -> 0
E8: IBD (Liabilities) | F8: =IFERROR(SUMIFS(F$5:F$6,$A$5:$A6,"*Liabilities*"),0) -> 16024000 | G8: =IFERROR(SUMIFS(G$5:G$6,$A$5:$A6,"*Liabilities*"),0) -> 16024000 | H8: =IFERROR(SUMIFS(H$5:H$6,$A$5:$A6,"*Liabilities*"),0) -> 14024000 | I8: =IFERROR(SUMIFS(I$5:I$6,$A$5:$A6,"*Liabilities*"),0) -> 0 | J8: =IFERROR(SUMIFS(J$5:J$6,$A$5:$A6,"*Liabilities*"),0) -> 0 | K8: =IFERROR(SUMIFS(K$5:K$6,$A$5:$A6,"*Liabilities*"),0) -> 0 | L8: =IFERROR(SUMIFS(L$5:L$6,$A$5:$A6,"*Liabilities*"),0) -> 0 | M8: =IFERROR(SUMIFS(M$5:M$6,$A$5:$A6,"*Liabilities*"),0) -> 0
E9: Total Interest-Bearing Debt | F9: =-F7+F8 -> 16024000 | G9: =-G7+G8 -> 16024000 | H9: =-H7+H8 -> 14024000 | I9: =-I7+I8 -> 0 | J9: =-J7+J8 -> 0 | K9: =-K7+K8 -> 0 | L9: =-L7+L8 -> 0 | M9: =-M7+M8 -> 0

Sheet EQU
A1: Equity Items | H1: DCF Value | I1: =DCF!I44 -> 5.3337033e+08 | J1: =DCF!J44 -> 1.0553496e+09 | K1: =DCF!K44 -> 1.0786351e+09 | L1: =DCF!L44 -> 1.1008666e+09 | M1: =DCF!M44 -> 1.1211167e+09
F3: Historical Performance | I3: Projection
A4: Main Category | B4: Medium Category | C4: Subcategory | D4: Detailed Category | E4: Category | F4: 2023 | G4: 2024 | H4: 45838 | I4: 2025 | J4: 2026 | K4: 2027 | L4: 2028 | M4: 2029 | N4: Notes & References
A5: Equity | B5: Equity | C5: Equity | D5: Equity | E5: Equity | F5: =BS!F28+BS_A!F28 -> 78342383 | G5: =BS!G28+BS_A!G28 -> 80610309 | H5: =BS!H28+BS_A!H28 -> 85733121
E6: Total Equity Items | F6: =IFERROR(SUM(F5:F5),0) -> 78342383 | G6: =IFERROR(SUM(G5:G5),0) -> 80610309 | H6: =IFERROR(SUM(H5:H5),0) -> 85733121 | I6: =IFERROR(SUM(I5:I5),0) -> 0 | J6: =IFERROR(SUM(J5:J5),0) -> 0 | K6: =IFERROR(SUM(K5:K5),0) -> 0 | L6: =IFERROR(SUM(L5:L5),0) -> 0 | M6: =IFERROR(SUM(M5:M5),0) -> 0

Sheet Est_BS
A1: Estimated Balance Sheet reflecting estimates (accout-level basis) | H1: DCF Value | I1: =DCF!I44 -> 5.3337033e+08 | J1: =DCF!J44 -> 1.0553496e+09 | K1: =DCF!K44 -> 1.0786351e+09 | L1: =DCF!L44 -> 1.1008666e+09 | M1: =DCF!M44 -> 1.1211167e+09
F3: Historical Performance | I3: Projection
A4: Main Category | B4: Medium Category | C4: Subcategory | D4: Detailed Category | E4: Sub-Detailed Category | F4: 2023 | G4: 2024 | H4: 45838 | I4: 2025 | J4: 2026 | K4: 2027 | L4: 2028 | M4: 2029 | N4: Account Type | O4: Notes & References
A5: Assets | B5: I. Current Assets | C5: (1) Quick Assets | D5: Checking Deposits | E5: Checking Deposits | F5: =NOA!F5 -> 6917692 | G5: =NOA!G5 -> 6093467 | H5: =NOA!H5 -> 8179986 | I5: =NOA!I5 -> 0 | J5: =NOA!J5 -> 0 | K5: =NOA!K5 -> 0 | L5: =NOA!L5 -> 0 | M5: =NOA!M5 -> 0 | N5: NOA
A6: Assets | B6: I. Current Assets | C6: (1) Quick Assets | D6: Accounts Receivable | E6: Accounts Receivable | F6: =WC!F5 -> 19199229 | G6: =WC!G5 -> 26833964 | H6: =WC!H5 -> 20012390 | I6: =WC!I5 -> 16181830 | J6: =WC!J5 -> 16957636 | K6: =WC!K5 -> 17600839 | L6: =WC!L5 -> 18213961 | M6: =WC!M5 -> 18960446 | N6: WC
A7: Assets | B7: I. Current Assets | C7: (1) Quick Assets | D7: Accrued Receivables | E7: Accrued Receivables | F7: =OAL!F5 -> 11000 | G7: =OAL!G5 -> 0 | H7: =OAL!H5 -> 0 | I7: =OAL!I5 -> 0 | J7: =OAL!J5 -> 0 | K7: =OAL!K5 -> 0 | L7: =OAL!L5 -> 0 | M7: =OAL!M5 -> 0 | N7: OAL
A8: Assets | B8: I. Current Assets | C8: (1) Quick Assets | D8: Accrued Income | E8: Accrued Income | F8: =OAL!F6 -> 0 | G8: =OAL!G6 -> 0 | H8: =OAL!H6 -> 175208 | I8: =OAL!I6 -> 175208 | J8: =OAL!J6 -> 175208 | K8: =OAL!K6 -> 175208 | L8: =OAL!L6 -> 175208 | M8: =OAL!M6 -> 175208 | N8: OAL
A9: Assets | B9: I. Current Assets | C9: (1) Quick Assets | D9: Short-term Financial Products | E9: Short-term Financial Products | F9: =NOA!F6 -> 0 | G9: =NOA!G6 -> 0 | H9: =NOA!H6 -> 8000000 | I9: =NOA!I6 -> 0 | J9: =NOA!J6 -> 0 | K9: =NOA!K6 -> 0 | L9: =NOA!L6 -> 0 | M9: =NOA!M6 -> 0 | N9: NOA
A10: Assets | B10: I. Current Assets | C10: (1) Quick Assets | D10: Long-term Financial Products | E10: Long-term Financial Products | F10: =NOA!F7 -> 0 | G10: =NOA!G7 -> 0 | H10: =NOA!H7 -> 10000000 | I10: =NOA!I7 -> 0 | J10: =NOA!J7 -> 0 | K10: =NOA!K7 -> 0 | L10: =NOA!L7 -> 0 | M10: =NOA!M7 -> 0 | N10: NOA
A11: Assets | B11: I. Current Assets | C11: (1) Quick Assets | D11: Prepaid Expenses | E11: Prepaid Expenses | F11: =OAL!F7 -> 5620521 | G11: =OAL!G7 -> 5704825 | H11: =OAL!H7 -> 0 | I11: =OAL!I7 -> 0 | J11: =OAL!J7 -> 0 | K11: =OAL!K7 -> 0 | L11: =OAL!L7 -> 0 | M11: =OAL!M7 -> 0 | N11: OAL
A12: Assets | B12: I. Current Assets | C12: (2) Inventory Assets | D12: Finished Goods | E12: Finished Goods | F12: =WC!F6 -> 5640062 | G12: =WC!G6 -> 5031332 | H12: =WC!H6 -> 2422232 | I12: =WC!I6 -> 1958594 | J12: =WC!J6 -> 2052494.9 | K12: =WC!K6 -> 2130346 | L12: =WC!L6 -> 2204556.3 | M12: =WC!M6 -> 2294908.3 | N12: WC
A13: Assets | B13: I. Current Assets | C13: (2) Inventory Assets | D13: Work in Progress | E13: Work in Progress | F13: =WC!F7 -> 17147 | G13: =WC!G7 -> 14051 | H13: =WC!H7 -> 20563 | I13: =WC!I7 -> 16627.048 | J13: =WC!J7 -> 17424.199 | K13: =WC!K7 -> 18085.099 | L13: =WC!L7 -> 18715.09 | M13: =WC!M7 -> 19482.113 | N13: WC
A14: Assets | B14: II. Non-Current Assets | C14: (1) Tangible Assets | D14: Land | E14: Land | F14: =FA!F5 -> 2544067 | G14: =FA!G5 -> 2544067 | H14: =FA!H5 -> 2544067 | I14: =FA!I5 -> 0 | J14: =FA!J5 -> 0 | K14: =FA!K5 -> 0 | L14: =FA!L5 -> 0 | M14: =FA!M5 -> 0 | N14: FA
A15: Assets | B15: II. Non-Current Assets | C15: (1) Tangible Assets | D15: Building | E15: Building - Acquisition Cost | F15: =FA!F6 -> 27174134 | G15: =FA!G6 -> 27174134 | H15: =FA!H6 -> 27174134 | I15: =FA!I6 -> 0 | J15: =FA!J6 -> 0 | K15: =FA!K6 -> 0 | L15: =FA!L6 -> 0 | M15: =FA!M6 -> 0 | N15: FA
A16: Assets | B16: II. Non-Current Assets | C16: (1) Tangible Assets | D16: Building | E16: Building - Accumulated Depreciation | F16: =FA!F7 -> -5389028 | G16: =FA!G7 -> -6747734 | H16: =FA!H7 -> -7427088 | I16: =FA!I7 -> 0 | J16: =FA!J7 -> 0 | K16: =FA!K7 -> 0 | L16: =FA!L7 -> 0 | M16: =FA!M7 -> 0 | N16: FA
A17: Assets | B17: II. Non-Current Assets | C17: (1) Tangible Assets | D17: Machinery | E17: Machinery - Acquisition Cost | F17: =FA!F8 -> 37395794 | G17: =FA!G8 -> 37395794 | H17: =FA!H8 -> 37395794 | I17: =FA!I8 -> 0 | J17: =FA!J8 -> 0 | K17: =FA!K8 -> 0 | L17: =FA!L8 -> 0 | M17: =FA!M8 -> 0 | N17: FA
A18: Assets | B18: II. Non-Current Assets | C18: (1) Tangible Assets | D18: Machinery | E18: Machinery - Accumulated Depreciation | F18: =FA!F9 -> -7415501 | G18: =FA!G9 -> -9285290 | H18: =FA!H9 -> -10220185 | I18: =FA!I9 -> 0 | J18: =FA!J9 -> 0 | K18: =FA!K9 -> 0 | L18: =FA!L9 -> 0 | M18: =FA!M9 -> 0 | N18: FA
A19: Assets | B19: II. Non-Current Assets | C19: (2) Intangible Assets | D19: Patent Rights | E19: Patent Rights | F19: =FA!F10 -> 3380178 | G19: =FA!G10 -> 2979548 | H19: =FA!H10 -> 2779233 | I19: =FA!I10 -> 0 | J19: =FA!J10 -> 0 | K19: =FA!K10 -> 0 | L19: =FA!L10 -> 0 | M19: =FA!M10 -> 0 | N19: FA
A20: Assets | B20: II. Non-Current Assets | C20: (3) Other Non-Current Assets | D20: Lease Deposits | E20: Lease Deposits | F20: =OAL!F8 -> 1146200 | G20: =OAL!G8 -> 1146200 | H20: =OAL!H8 -> 1146200 | I20: =OAL!I8 -> 1146200 | J20: =OAL!J8 -> 1146200 | K20: =OAL!K8 -> 1146200 | L20: =OAL!L8 -> 1146200 | M20: =OAL!M8 -> 1146200 | N20: OAL
A21: Assets | B21: II. Non-Current Assets | C21: (3) Other Non-Current Assets | D21: Long-term Prepaid Expenses | E21: Long-term Prepaid Expenses | F21: =OAL!F9 -> 654158 | G21: =OAL!G9 -> 527063 | H21: =OAL!H9 -> 527063 | I21: =OAL!I9 -> 527063 | J21: =OAL!J9 -> 527063 | K21: =OAL!K9 -> 527063 | L21: =OAL!L9 -> 527063 | M21: =OAL!M9 -> 527063 | N21: OAL
A22: Liabilities | B22: I. Current Liabilities | C22: Accounts Payable | D22: Accounts Payable | E22: Accounts Payable | F22: =WC!F8 -> 452900 | G22: =WC!G8 -> 436583 | H22: =WC!H8 -> 657908 | I22: =WC!I8 -> 531978.21 | J22: =WC!J8 -> 557482.85 | K22: =WC!K8 -> 578628.17 | L22: =WC!L8 -> 598784.59 | M22: =WC!M8 -> 623325.31 | N22: WC
A23: Liabilities | B23: I. Current Liabilities | C23: Withholding Deposits | D23: Withholding Deposits | E23: Withholding Deposits | F23: =OAL!F10 -> 17793 | G23: =OAL!G10 -> 18672 | H23: =OAL!H10 -> 20976 | I23: =OAL!I10 -> 20976 | J23: =OAL!J10 -> 20976 | K23: =OAL!K10 -> 20976 | L23: =OAL!L10 -> 20976 | M23: =OAL!M10 -> 20976 | N23: OAL
A24: Liabilities | B24: I. Current Liabilities | C24: Accrued Expenses | D24: Accrued Expenses | E24: Accrued Expenses | F24: =OAL!F11 -> 1599047 | G24: =OAL!G11 -> 1665678 | H24: =OAL!H11 -> 1637413 | I24: =OAL!I11 -> 1637413 | J24: =OAL!J11 -> 1637413 | K24: =OAL!K11 -> 1637413 | L24: =OAL!L11 -> 1637413 | M24: =OAL!M11 -> 1637413 | N24: OAL
A25: Liabilities | B25: I. Current Liabilities | C25: Current Portion of Long-Term Debt | D25: Current Portion of Long-Term Debt | E25: Current Portion of Long-Term Debt | F25: =IBD!F5 -> 6024000 | G25: =IBD!G5 -> 6024000 | H25: =IBD!H5 -> 4024000 | I25: =IBD!I5 -> 0 | J25: =IBD!J5 -> 0 | K25: =IBD!K5 -> 0 | L25: =IBD!L5 -> 0 | M25: =IBD!M5 -> 0 | N25: IBD
A26: Liabilities | B26: II. Non-Current Liabilities | C26: Provision for Retirement Benefits | D26: Provision for Retirement Benefits | E26: Provision for Retirement Benefits | F26: =OAL!F12 -> 459530 | G26: =OAL!G12 -> 656179 | H26: =OAL!H12 -> 656179 | I26: =OAL!I12 -> 656179 | J26: =OAL!J12 -> 656179 | K26: =OAL!K12 -> 656179 | L26: =OAL!L12 -> 656179 | M26: =OAL!M12 -> 656179 | N26: OAL
A27: Liabilities | B27: II. Non-Current Liabilities | C27: Convertible Bonds | D27: Convertible Bonds | E27: Convertible Bonds | F27: =IBD!F6 -> 10000000 | G27: =IBD!G6 -> 10000000 | H27: =IBD!H6 -> 10000000 | I27: =IBD!I6 -> 0 | J27: =IBD!J6 -> 0 | K27: =IBD!K6 -> 0 | L27: =IBD!L6 -> 0 | M27: =IBD!M6 -> 0 | N27: IBD
A28: Equity | B28: Equity | C28: Equity | D28: Equity | E28: Equity | F28: =EQU!F5 -> 78342383 | G28: =EQU!G5 -> 80610309 | H28: =EQU!H5 -> 85733121 | I28: =EQU!I5 -> 0 | J28: =EQU!J5 -> 0 | K28: =EQU!K5 -> 0 | L28: =EQU!L5 -> 0 | M28: =EQU!M5 -> 0 | N28: EQU

Sheet Report_Est_BS
A1: Estimated Balance Sheet reflecting estimates | H1: DCF Value | I1: =DCF!I44 -> 5.3337033e+08 | J1: =DCF!J44 -> 1.0553496e+09 | K1: =DCF!K44 -> 1.0786351e+09 | L1: =DCF!L44 -> 1.1008666e+09 | M1: =DCF!M44 -> 1.1211167e+09
F3: Historical Performance | I3: Projection
A4: Main Category | B4: Medium Category | C4: Subcategory | D4: Detailed Category | E4: Sub-Detailed Category | F4: 2023 | G4: 2024 | H4: 45838 | I4: 2025 | J4: 2026 | K4: 2027 | L4: 2028 | M4: 2029 | N4: Account Type | O4: Notes & References
A5: Assets | F5: =SUMIF(Est_BS!$A$5:$A$28,A5,Est_BS!$F$5:$F$28) -> 96895653 | G5: =SUMIF(Est_BS!$A$5:$A$28,A5,Est_BS!$G$5:$G$28) -> 99411421 | H5: =SUMIF(Est_BS!$A$5:$A$28,A5,Est_BS!$H$5:$H$28) -> 102729597 | I5: =SUMIF(Est_BS!$A$5:$A$28,A5,Est_BS!$I$5:$I$28) -> 20005522 | J5: =SUMIF(Est_BS!$A$5:$A$28,A5,Est_BS!$J$5:$J$28) -> 20876026 | K5: =SUMIF(Est_BS!$A$5:$A$28,A5,Est_BS!$K$5:$K$28) -> 21597741 | L5: =SUMIF(Est_BS!$A$5:$A$28,A5,Est_BS!$L$5:$L$28) -> 22285703 | M5: =SUMIF(Est_BS!$A$5:$A$28,A5,Est_BS!$M$5:$M$28) -> 23123307
B6: I. Current Assets | F6: =SUMIF(Est_BS!$B$5:$B$28,B6,Est_BS!$F$5:$F$28) -> 37405651 | G6: =SUMIF(Est_BS!$B$5:$B$28,B6,Est_BS!$G$5:$G$28) -> 43677639 | H6: =SUMIF(Est_BS!$B$5:$B$28,B6,Est_BS!$H$5:$H$28) -> 48810379 | I6: =SUMIF(Est_BS!$B$5:$B$28,B6,Est_BS!$I$5:$I$28) -> 18332259 | J6: =SUMIF(Est_BS!$B$5:$B$28,B6,Est_BS!$J$5:$J$28) -> 19202763 | K6: =SUMIF(Est_BS!$B$5:$B$28,B6,Est_BS!$K$5:$K$28) -> 19924478 | L6: =SUMIF(Est_BS!$B$5:$B$28,B6,Est_BS!$L$5:$L$28) -> 20612440 | M6: =SUMIF(Est_BS!$B$5:$B$28,B6,Est_BS!$M$5:$M$28) -> 21450044
C7: (1) Quick Assets | F7: =SUMIF(Est_BS!$C$5:$C$28,C7,Est_BS!$F$5:$F$28) -> 31748442 | G7: =SUMIF(Est_BS!$C$5:$C$28,C7,Est_BS!$G$5:$G$28) -> 38632256 | H7: =SUMIF(Est_BS!$C$5:$C$28,C7,Est_BS!$H$5:$H$28) -> 46367584 | I7: =SUMIF(Est_BS!$C$5:$C$28,C7,Est_BS!$I$5:$I$28) -> 16357038 | J7: =SUMIF(Est_BS!$C$5:$C$28,C7,Est_BS!$J$5:$J$28) -> 17132844 | K7: =SUMIF(Est_BS!$C$5:$C$28,C7,Est_BS!$K$5:$K$28) -> 17776047 | L7: =SUMIF(Est_BS!$C$5:$C$28,C7,Est_BS!$L$5:$L$28) -> 18389169 | M7: =SUMIF(Est_BS!$C$5:$C$28,C7,Est_BS!$M$5:$M$28) -> 19135654
D8: Checking Deposits | F8: =SUMIF(Est_BS!$D$5:$D$28,D8,Est_BS!$F$5:$F$28) -> 6917692 | G8: =SUMIF(Est_BS!$D$5:$D$28,D8,Est_BS!$G$5:$G$28) -> 6093467 | H8: =SUMIF(Est_BS!$D$5:$D$28,D8,Est_BS!$H$5:$H$28) -> 8179986 | I8: =SUMIF(Est_BS!$D$5:$D$28,D8,Est_BS!$I$5:$I$28) -> 0 | J8: =SUMIF(Est_BS!$D$5:$D$28,D8,Est_BS!$J$5:$J$28) -> 0 | K8: =SUMIF(Est_BS!$D$5:$D$28,D8,Est_BS!$K$5:$K$28) -> 0 | L8: =SUMIF(Est_BS!$D$5:$D$28,D8,Est_BS!$L$5:$L$28) -> 0 | M8: =SUMIF(Est_BS!$D$5:$D$28,D8,Est_BS!$M$5:$M$28) -> 0 | N8: NOA
D9: Accounts Receivable | F9: =SUMIF(Est_BS!$D$5:$D$28,D9,Est_BS!$F$5:$F$28) -> 19199229 | G9: =SUMIF(Est_BS!$D$5:$D$28,D9,Est_BS!$G$5:$G$28) -> 26833964 | H9: =SUMIF(Est_BS!$D$5:$D$28,D9,Est_BS!$H$5:$H$28) -> 20012390 | I9: =SUMIF(Est_BS!$D$5:$D$28,D9,Est_BS!$I$5:$I$28) -> 16181830 | J9: =SUMIF(Est_BS!$D$5:$D$28,D9,Est_BS!$J$5:$J$28) -> 16957636 | K9: =SUMIF(Est_BS!$D$5:$D$28,D9,Est_BS!$K$5:$K$28) -> 17600839 | L9: =SUMIF(Est_BS!$D$5:$D$28,D9,Est_BS!$L$5:$L$28) -> 18213961 | M9: =SUMIF(Est_BS!$D$5:$D$28,D9,Est_BS!$M$5:$M$28) -> 18960446 | N9: WC
D10: Accrued Receivables | F10: =SUMIF(Est_BS!$D$5:$D$28,D10,Est_BS!$F$5:$F$28) -> 11000 | G10: =SUMIF(Est_BS!$D$5:$D$28,D10,Est_BS!$G$5:$G$28) -> 0 | H10: =SUMIF(Est_BS!$D$5:$D$28,D10,Est_BS!$H$5:$H$28) -> 0 | I10: =SUMIF(Est_BS!$D$5:$D$28,D10,Est_BS!$I$5:$I$28) -> 0 | J10: =SUMIF(Est_BS!$D$5:$D$28,D10,Est_BS!$J$5:$J$28) -> 0 | K10: =SUMIF(Est_BS!$D$5:$D$28,D10,Est_BS!$K$5:$K$28) -> 0 | L10: =SUMIF(Est_BS!$D$5:$D$28,D10,Est_BS!$L$5:$L$28) -> 0 | M10: =SUMIF(Est_BS!$D$5:$D$28,D10,Est_BS!$M$5:$M$28) -> 0 | N10: OAL
D11: Accrued Income | F11: =SUMIF(Est_BS!$D$5:$D$28,D11,Est_BS!$F$5:$F$28) -> 0 | G11: =SUMIF(Est_BS!$D$5:$D$28,D11,Est_BS!$G$5:$G$28) -> 0 | H11: =SUMIF(Est_BS!$D$5:$D$28,D11,Est_BS!$H$5:$H$28) -> 175208 | I11: =SUMIF(Est_BS!$D$5:$D$28,D11,Est_BS!$I$5:$I$28) -> 175208 | J11: =SUMIF(Est_BS!$D$5:$D$28,D11,Est_BS!$J$5:$J$28) -> 175208 | K11: =SUMIF(Est_BS!$D$5:$D$28,D11,Est_BS!$K$5:$K$28) -> 175208 | L11: =SUMIF(Est_BS!$D$5:$D$28,D11,Est_BS!$L$5:$L$28) -> 175208 | M11: =SUMIF(Est_BS!$D$5:$D$28,D11,Est_BS!$M$5:$M$28) -> 175208 | N11: OAL
D12: Short-term Financial Products | F12: =SUMIF(Est_BS!$D$5:$D$28,D12,Est_BS!$F$5:$F$28) -> 0 | G12: =SUMIF(Est_BS!$D$5:$D$28,D12,Est_BS!$G$5:$G$28) -> 0 | H12: =SUMIF(Est_BS!$D$5:$D$28,D12,Est_BS!$H$5:$H$28) -> 8000000 | I12: =SUMIF(Est_BS!$D$5:$D$28,D12,Est_BS!$I$5:$I$28) -> 0 | J12: =SUMIF(Est_BS!$D$5:$D$28,D12,Est_BS!$J$5:$J$28) -> 0 | K12: =SUMIF(Est_BS!$D$5:$D$28,D12,Est_BS!$K$5:$K$28) -> 0 | L12: =SUMIF(Est_BS!$D$5:$D$28,D12,Est_BS!$L$5:$L$28) -> 0 | M12: =SUMIF(Est_BS!$D$5:$D$28,D12,Est_BS!$M$5:$M$28) -> 0 | N12: NOA
D13: Long-term Financial Products | F13: =SUMIF(Est_BS!$D$5:$D$28,D13,Est_BS!$F$5:$F$28) -> 0 | G13: =SUMIF(Est_BS!$D$5:$D$28,D13,Est_BS!$G$5:$G$28) -> 0 | H13: =SUMIF(Est_BS!$D$5:$D$28,D13,Est_BS!$H$5:$H$28) -> 10000000 | I13: =SUMIF(Est_BS!$D$5:$D$28,D13,Est_BS!$I$5:$I$28) -> 0 | J13: =SUMIF(Est_BS!$D$5:$D$28,D13,Est_BS!$J$5:$J$28) -> 0 | K13: =SUMIF(Est_BS!$D$5:$D$28,D13,Est_BS!$K$5:$K$28) -> 0 | L13: =SUMIF(Est_BS!$D$5:$D$28,D13,Est_BS!$L$5:$L$28) -> 0 | M13: =SUMIF(Est_BS!$D$5:$D$28,D13,Est_BS!$M$5:$M$28) -> 0 | N13: NOA
D14: Prepaid Expenses | F14: =SUMIF(Est_BS!$D$5:$D$28,D14,Est_BS!$F$5:$F$28) -> 5620521 | G14: =SUMIF(Est_BS!$D$5:$D$28,D14,Est_BS!$G$5:$G$28) -> 5704825 | H14: =SUMIF(Est_BS!$D$5:$D$28,D14,Est_BS!$H$5:$H$28) -> 0 | I14: =SUMIF(Est_BS!$D$5:$D$28,D14,Est_BS!$I$5:$I$28) -> 0 | J14: =SUMIF(Est_BS!$D$5:$D$28,D14,Est_BS!$J$5:$J$28) -> 0 | K14: =SUMIF(Est_BS!$D$5:$D$28,D14,Est_BS!$K$5:$K$28) -> 0 | L14: =SUMIF(Est_BS!$D$5:$D$28,D14,Est_BS!$L$5:$L$28) -> 0 | M14: =SUMIF(Est_BS!$D$5:$D$28,D14,Est_BS!$M$5:$M$28) -> 0 | N14: OAL
C15: (2) Inventory Assets | F15: =SUMIF(Est_BS!$C$5:$C$28,C15,Est_BS!$F$5:$F$28) -> 5657209 | G15: =SUMIF(Est_BS!$C$5:$C$28,C15,Est_BS!$G$5:$G$28) -> 5045383 | H15: =SUMIF(Est_BS!$C$5:$C$28,C15,Est_BS!$H$5:$H$28) -> 2442795 | I15: =SUMIF(Est_BS!$C$5:$C$28,C15,Est_BS!$I$5:$I$28) -> 1975221 | J15: =SUMIF(Est_BS!$C$5:$C$28,C15,Est_BS!$J$5:$J$28) -> 2069919.1 | K15: =SUMIF(Est_BS!$C$5:$C$28,C15,Est_BS!$K$5:$K$28) -> 2148431.1 | L15: =SUMIF(Est_BS!$C$5:$C$28,C15,Est_BS!$L$5:$L$28) -> 2223271.3 | M15: =SUMIF(Est_BS!$C$5:$C$28,C15,Est_BS!$M$5:$M$28) -> 2314390.4
D16: Finished Goods | F16: =SUMIF(Est_BS!$D$5:$D$28,D16,Est_BS!$F$5:$F$28) -> 5640062 | G16: =SUMIF(Est_BS!$D$5:$D$28,D16,Est_BS!$G$5:$G$28) -> 5031332 | H16: =SUMIF(Est_BS!$D$5:$D$28,D16,Est_BS!$H$5:$H$28) -> 2422232 | I16: =SUMIF(Est_BS!$D$5:$D$28,D16,Est_BS!$I$5:$I$28) -> 1958594 | J16: =SUMIF(Est_BS!$D$5:$D$28,D16,Est_BS!$J$5:$J$28) -> 2052494.9 | K16: =SUMIF(Est_BS!$D$5:$D$28,D16,Est_BS!$K$5:$K$28) -> 2130346 | L16: =SUMIF(Est_BS!$D$5:$D$28,D16,Est_BS!$L$5:$L$28) -> 2204556.3 | M16: =SUMIF(Est_BS!$D$5:$D$28,D16,Est_BS!$M$5:$M$28) -> 2294908.3 | N16: WC
D17: Work in Progress | F17: =SUMIF(Est_BS!$D$5:$D$28,D17,Est_BS!$F$5:$F$28) -> 17147 | G17: =SUMIF(Est_BS!$D$5:$D$28,D17,Est_BS!$G$5:$G$28) -> 14051 | H17: =SUMIF(Est_BS!$D$5:$D$28,D17,Est_BS!$H$5:$H$28) -> 20563 | I17: =SUMIF(Est_BS!$D$5:$D$28,D17,Est_BS!$I$5:$I$28) -> 16627.048 | J17: =SUMIF(Est_BS!$D$5:$D$28,D17,Est_BS!$J$5:$J$28) -> 17424.199 | K17: =SUMIF(Est_BS!$D$5:$D$28,D17,Est_BS!$K$5:$K$28) -> 18085.099 | L17: =SUMIF(Est_BS!$D$5:$D$28,D17,Est_BS!$L$5:$L$28) -> 18715.09 | M17: =SUMIF(Est_BS!$D$5:$D$28,D17,Est_BS!$M$5:$M$28) -> 19482.113 | N17: WC
B18: II. Non-Current Assets | F18: =SUMIF(Est_BS!$B$5:$B$28,B18,Est_BS!$F$5:$F$28) -> 59490002 | G18: =SUMIF(Est_BS!$B$5:$B$28,B18,Est_BS!$G$5:$G$28) -> 55733782 | H18: =SUMIF(Est_BS!$B$5:$B$28,B18,Est_BS!$H$5:$H$28) -> 53919218 | I18: =SUMIF(Est_BS!$B$5:$B$28,B18,Est_BS!$I$5:$I$28) -> 1673263 | J18: =SUMIF(Est_BS!$B$5:$B$28,B18,Est_BS!$J$5:$J$28) -> 1673263 | K18: =SUMIF(Est_BS!$B$5:$B$28,B18,Est_BS!$K$5:$K$28) -> 1673263 | L18: =SUMIF(Est_BS!$B$5:$B$28,B18,Est_BS!$L$5:$L$28) -> 1673263 | M18: =SUMIF(Est_BS!$B$5:$B$28,B18,Est_BS!$M$5:$M$28) -> 1673263
C19: (1) Tangible Assets | F19: =SUMIF(Est_BS!$C$5:$C$28,C19,Est_BS!$F$5:$F$28) -> 54309466 | G19: =SUMIF(Est_BS!$C$5:$C$28,C19,Est_BS!$G$5:$G$28) -> 51080971 | H19: =SUMIF(Est_BS!$C$5:$C$28,C19,Est_BS!$H$5:$H$28) -> 49466722 | I19: =SUMIF(Est_BS!$C$5:$C$28,C19,Est_BS!$I$5:$I$28) -> 0 | J19: =SUMIF(Est_BS!$C$5:$C$28,C19,Est_BS!$J$5:$J$28) -> 0 | K19: =SUMIF(Est_BS!$C$5:$C$28,C19,Est_BS!$K$5:$K$28) -> 0 | L19: =SUMIF(Est_BS!$C$5:$C$28,C19,Est_BS!$L$5:$L$28) -> 0 | M19: =SUMIF(Est_BS!$C$5:$C$28,C19,Est_BS!$M$5:$M$28) -> 0
D20: Land | F20: =SUMIF(Est_BS!$D$5:$D$28,D20,Est_BS!$F$5:$F$28) -> 2544067 | G20: =SUMIF(Est_BS!$D$5:$D$28,D20,Est_BS!$G$5:$G$28) -> 2544067 | H20: =SUMIF(Est_BS!$D$5:$D$28,D20,Est_BS!$H$5:$H$28) -> 2544067 | I20: =SUMIF(Est_BS!$D$5:$D$28,D20,Est_BS!$I$5:$I$28) -> 0 | J20: =SUMIF(Est_BS!$D$5:$D$28,D20,Est_BS!$J$5:$J$28) -> 0 | K20: =SUMIF(Est_BS!$D$5:$D$28,D20,Est_BS!$K$5:$K$28) -> 0 | L20: =SUMIF(Est_BS!$D$5:$D$28,D20,Est_BS!$L$5:$L$28) -> 0 | M20: =SUMIF(Est_BS!$D$5:$D$28,D20,Est_BS!$M$5:$M$28) -> 0 | N20: FA
D21: Building | F21: =SUMIF(Est_BS!$D$5:$D$28,D21,Est_BS!$F$5:$F$28) -> 21785106 | G21: =SUMIF(Est_BS!$D$5:$D$28,D21,Est_BS!$G$5:$G$28) -> 20426400 | H21: =SUMIF(Est_BS!$D$5:$D$28,D21,Est_BS!$H$5:$H$28) -> 19747046 | I21: =SUMIF(Est_BS!$D$5:$D$28,D21,Est_BS!$I$5:$I$28) -> 0 | J21: =SUMIF(Est_BS!$D$5:$D$28,D21,Est_BS!$J$5:$J$28) -> 0 | K21: =SUMIF(Est_BS!$D$5:$D$28,D21,Est_BS!$K$5:$K$28) -> 0 | L21: =SUMIF(Est_BS!$D$5:$D$28,D21,Est_BS!$L$5:$L$28) -> 0 | M21: =SUMIF(Est_BS!$D$5:$D$28,D21,Est_BS!$M$5:$M$28) -> 0
E22: Building - Acquisition Cost | F22: =SUMIF(Est_BS!$E$5:$E$28,E22,Est_BS!$F$5:$F$28) -> 27174134 | G22: =SUMIF(Est_BS!$E$5:$E$28,E22,Est_BS!$G$5:$G$28) -> 27174134 | H22: =SUMIF(Est_BS!$E$5:$E$28,E22,Est_BS!$H$5:$H$28) -> 27174134 | I22: =SUMIF(Est_BS!$E$5:$E$28,E22,Est_BS!$I$5:$I$28) -> 0 | J22: =SUMIF(Est_BS!$E$5:$E$28,E22,Est_BS!$J$5:$J$28) -> 0 | K22: =SUMIF(Est_BS!$E$5:$E$28,E22,Est_BS!$K$5:$K$28) -> 0 | L22: =SUMIF(Est_BS!$E$5:$E$28,E22,Est_BS!$L$5:$L$28) -> 0 | M22: =SUMIF(Est_BS!$E$5:$E$28,E22,Est_BS!$M$5:$M$28) -> 0 | N22: FA
E23: Building - Accumulated Depreciation | F23: =SUMIF(Est_BS!$E$5:$E$28,E23,Est_BS!$F$5:$F$28) -> -5389028 | G23: =SUMIF(Est_BS!$E$5:$E$28,E23,Est_BS!$G$5:$G$28) -> -6747734 | H23: =SUMIF(Est_BS!$E$5:$E$28,E23,Est_BS!$H$5:$H$28) -> -7427088 | I23: =SUMIF(Est_BS!$E$5:$E$28,E23,Est_BS!$I$5:$I$28) -> 0 | J23: =SUMIF(Est_BS!$E$5:$E$28,E23,Est_BS!$J$5:$J$28) -> 0 | K23: =SUMIF(Est_BS!$E$5:$E$28,E23,Est_BS!$K$5:$K$28) -> 0 | L23: =SUMIF(Est_BS!$E$5:$E$28,E23,Est_BS!$L$5:$L$28) -> 0 | M23: =SUMIF(Est_BS!$E$5:$E$28,E23,Est_BS!$M$5:$M$28) -> 0 | N23: FA
D24: Machinery | F24: =SUMIF(Est_BS!$D$5:$D$28,D24,Est_BS!$F$5:$F$28) -> 29980293 | G24: =SUMIF(Est_BS!$D$5:$D$28,D24,Est_BS!$G$5:$G$28) -> 28110504 | H24: =SUMIF(Est_BS!$D$5:$D$28,D24,Est_BS!$H$5:$H$28) -> 27175609 | I24: =SUMIF(Est_BS!$D$5:$D$28,D24,Est_BS!$I$5:$I$28) -> 0 | J24: =SUMIF(Est_BS!$D$5:$D$28,D24,Est_BS!$J$5:$J$28) -> 0 | K24: =SUMIF(Est_BS!$D$5:$D$28,D24,Est_BS!$K$5:$K$28) -> 0 | L24: =SUMIF(Est_BS!$D$5:$D$28,D24,Est_BS!$L$5:$L$28) -> 0 | M24: =SUMIF(Est_BS!$D$5:$D$28,D24,Est_BS!$M$5:$M$28) -> 0
E25: Machinery - Acquisition Cost | F25: =SUMIF(Est_BS!$E$5:$E$28,E25,Est_BS!$F$5:$F$28) -> 37395794 | G25: =SUMIF(Est_BS!$E$5:$E$28,E25,Est_BS!$G$5:$G$28) -> 37395794 | H25: =SUMIF(Est_BS!$E$5:$E$28,E25,Est_BS!$H$5:$H$28) -> 37395794 | I25: =SUMIF(Est_BS!$E$5:$E$28,E25,Est_BS!$I$5:$I$28) -> 0 | J25: =SUMIF(Est_BS!$E$5:$E$28,E25,Est_BS!$J$5:$J$28) -> 0 | K25: =SUMIF(Est_BS!$E$5:$E$28,E25,Est_BS!$K$5:$K$28) -> 0 | L25: =SUMIF(Est_BS!$E$5:$E$28,E25,Est_BS!$L$5:$L$28) -> 0 | M25: =SUMIF(Est_BS!$E$5:$E$28,E25,Est_BS!$M$5:$M$28) -> 0 | N25: FA
E26: Machinery - Accumulated Depreciation | F26: =SUMIF(Est_BS!$E$5:$E$28,E26,Est_BS!$F$5:$F$28) -> -7415501 | G26: =SUMIF(Est_BS!$E$5:$E$28,E26,Est_BS!$G$5:$G$28) -> -9285290 | H26: =SUMIF(Est_BS!$E$5:$E$28,E26,Est_BS!$H$5:$H$28) -> -10220185 | I26: =SUMIF(Est_BS!$E$5:$E$28,E26,Est_BS!$I$5:$I$28) -> 0 | J26: =SUMIF(Est_BS!$E$5:$E$28,E26,Est_BS!$J$5:$J$28) -> 0 | K26: =SUMIF(Est_BS!$E$5:$E$28,E26,Est_BS!$K$5:$K$28) -> 0 | L26: =SUMIF(Est_BS!$E$5:$E$28,E26,Est_BS!$L$5:$L$28) -> 0 | M26: =SUMIF(Est_BS!$E$5:$E$28,E26,Est_BS!$M$5:$M$28) -> 0 | N26: FA
C27: (2) Intangible Assets | F27: =SUMIF(Est_BS!$C$5:$C$28,C27,Est_BS!$F$5:$F$28) -> 3380178 | G27: =SUMIF(Est_BS!$C$5:$C$28,C27,Est_BS!$G$5:$G$28) -> 2979548 | H27: =SUMIF(Est_BS!$C$5:$C$28,C27,Est_BS!$H$5:$H$28) -> 2779233 | I27: =SUMIF(Est_BS!$C$5:$C$28,C27,Est_BS!$I$5:$I$28) -> 0 | J27: =SUMIF(Est_BS!$C$5:$C$28,C27,Est_BS!$J$5:$J$28) -> 0 | K27: =SUMIF(Est_BS!$C$5:$C$28,C27,Est_BS!$K$5:$K$28) -> 0 | L27: =SUMIF(Est_BS!$C$5:$C$28,C27,Est_BS!$L$5:$L$28) -> 0 | M27: =SUMIF(Est_BS!$C$5:$C$28,C27,Est_BS!$M$5:$M$28) -> 0
D28: Patent Rights | F28: =SUMIF(Est_BS!$D$5:$D$28,D28,Est_BS!$F$5:$F$28) -> 3380178 | G28: =SUMIF(Est_BS!$D$5:$D$28,D28,Est_BS!$G$5:$G$28) -> 2979548 | H28: =SUMIF(Est_BS!$D$5:$D$28,D28,Est_BS!$H$5:$H$28) -> 2779233 | I28: =SUMIF(Est_BS!$D$5:$D$28,D28,Est_BS!$I$5:$I$28) -> 0 | J28: =SUMIF(Est_BS!$D$5:$D$28,D28,Est_BS!$J$5:$J$28) -> 0 | K28: =SUMIF(Est_BS!$D$5:$D$28,D28,Est_BS!$K$5:$K$28) -> 0 | L28: =SUMIF(Est_BS!$D$5:$D$28,D28,Est_BS!$L$5:$L$28) -> 0 | M28: =SUMIF(Est_BS!$D$5:$D$28,D28,Est_BS!$M$5:$M$28) -> 0 | N28: FA
C29: (3) Other Non-Current Assets | F29: =SUMIF(Est_BS!$C$5:$C$28,C29,Est_BS!$F$5:$F$28) -> 1800358 | G29: =SUMIF(Est_BS!$C$5:$C$28,C29,Est_BS!$G$5:$G$28) -> 1673263 | H29: =SUMIF(Est_BS!$C$5:$C$28,C29,Est_BS!$H$5:$H$28) -> 1673263 | I29: =SUMIF(Est_BS!$C$5:$C$28,C29,Est_BS!$I$5:$I$28) -> 1673263 | J29: =SUMIF(Est_BS!$C$5:$C$28,C29,Est_BS!$J$5:$J$28) -> 1673263 | K29: =SUMIF(Est_BS!$C$5:$C$28,C29,Est_BS!$K$5:$K$28) -> 1673263 | L29: =SUMIF(Est_BS!$C$5:$C$28,C29,Est_BS!$L$5:$L$28) -> 1673263 | M29: =SUMIF(Est_BS!$C$5:$C$28,C29,Est_BS!$M$5:$M$28) -> 1673263
D30: Lease Deposits | F30: =SUMIF(Est_BS!$D$5:$D$28,D30,Est_BS!$F$5:$F$28) -> 1146200 | G30: =SUMIF(Est_BS!$D$5:$D$28,D30,Est_BS!$G$5:$G$28) -> 1146200 | H30: =SUMIF(Est_BS!$D$5:$D$28,D30,Est_BS!$H$5:$H$28) -> 1146200 | I30: =SUMIF(Est_BS!$D$5:$D$28,D30,Est_BS!$I$5:$I$28) -> 1146200 | J30: =SUMIF(Est_BS!$D$5:$D$28,D30,Est_BS!$J$5:$J$28) -> 1146200 | K30: =SUMIF(Est_BS!$D$5:$D$28,D30,Est_BS!$K$5:$K$28) -> 1146200 | L30: =SUMIF(Est_BS!$D$5:$D$28,D30,Est_BS!$L$5:$L$28) -> 1146200 | M30: =SUMIF(Est_BS!$D$5:$D$28,D30,Est_BS!$M$5:$M$28) -> 1146200 | N30: OAL
D31: Long-term Prepaid Expenses | F31: =SUMIF(Est_BS!$D$5:$D$28,D31,Est_BS!$F$5:$F$28) -> 654158 | G31: =SUMIF(Est_BS!$D$5:$D$28,D31,Est_BS!$G$5:$G$28) -> 527063 | H31: =SUMIF(Est_BS!$D$5:$D$28,D31,Est_BS!$H$5:$H$28) -> 527063 | I31: =SUMIF(Est_BS!$D$5:$D$28,D31,Est_BS!$I$5:$I$28) -> 527063 | J31: =SUMIF(Est_BS!$D$5:$D$28,D31,Est_BS!$J$5:$J$28) -> 527063 | K31: =SUMIF(Est_BS!$D$5:$D$28,D31,Est_BS!$K$5:$K$28) -> 527063 | L31: =SUMIF(Est_BS!$D$5:$D$28,D31,Est_BS!$L$5:$L$28) -> 527063 | M31: =SUMIF(Est_BS!$D$5:$D$28,D31,Est_BS!$M$5:$M$28) -> 527063 | N31: OAL
A32: Liabilities | F32: =SUMIF(Est_BS!$A$5:$A$28,A32,Est_BS!$F$5:$F$28) -> 18553270 | G32: =SUMIF(Est_BS!$A$5:$A$28,A32,Est_BS!$G$5:$G$28) -> 18801112 | H32: =SUMIF(Est_BS!$A$5:$A$28,A32,Est_BS!$H$5:$H$28) -> 16996476 | I32: =SUMIF(Est_BS!$A$5:$A$28,A32,Est_BS!$I$5:$I$28) -> 2846546.2 | J32: =SUMIF(Est_BS!$A$5:$A$28,A32,Est_BS!$J$5:$J$28) -> 2872050.8 | K32: =SUMIF(Est_BS!$A$5:$A$28,A32,Est_BS!$K$5:$K$28) -> 2893196.2 | L32: =SUMIF(Est_BS!$A$5:$A$28,A32,Est_BS!$L$5:$L$28) -> 2913352.6 | M32: =SUMIF(Est_BS!$A$5:$A$28,A32,Est_BS!$M$5:$M$28) -> 2937893.3
B33: I. Current Liabilities | F33: =SUMIF(Est_BS!$B$5:$B$28,B33,Est_BS!$F$5:$F$28) -> 8093740 | G33: =SUMIF(Est_BS!$B$5:$B$28,B33,Est_BS!$G$5:$G$28) -> 8144933 | H33: =SUMIF(Est_BS!$B$5:$B$28,B33,Est_BS!$H$5:$H$28) -> 6340297 | I33: =SUMIF(Est_BS!$B$5:$B$28,B33,Est_BS!$I$5:$I$28) -> 2190367.2 | J33: =SUMIF(Est_BS!$B$5:$B$28,B33,Est_BS!$J$5:$J$28) -> 2215871.8 | K33: =SUMIF(Est_BS!$B$5:$B$28,B33,Est_BS!$K$5:$K$28) -> 2237017.2 | L33: =SUMIF(Est_BS!$B$5:$B$28,B33,Est_BS!$L$5:$L$28) -> 2257173.6 | M33: =SUMIF(Est_BS!$B$5:$B$28,B33,Est_BS!$M$5:$M$28) -> 2281714.3
C34: Accounts Payable | F34: =SUMIF(Est_BS!$C$5:$C$28,C34,Est_BS!$F$5:$F$28) -> 452900 | G34: =SUMIF(Est_BS!$C$5:$C$28,C34,Est_BS!$G$5:$G$28) -> 436583 | H34: =SUMIF(Est_BS!$C$5:$C$28,C34,Est_BS!$H$5:$H$28) -> 657908 | I34: =SUMIF(Est_BS!$C$5:$C$28,C34,Est_BS!$I$5:$I$28) -> 531978.21 | J34: =SUMIF(Est_BS!$C$5:$C$28,C34,Est_BS!$J$5:$J$28) -> 557482.85 | K34: =SUMIF(Est_BS!$C$5:$C$28,C34,Est_BS!$K$5:$K$28) -> 578628.17 | L34: =SUMIF(Est_BS!$C$5:$C$28,C34,Est_BS!$L$5:$L$28) -> 598784.59 | M34: =SUMIF(Est_BS!$C$5:$C$28,C34,Est_BS!$M$5:$M$28) -> 623325.31 | N34: WC
C35: Withholding Deposits | F35: =SUMIF(Est_BS!$C$5:$C$28,C35,Est_BS!$F$5:$F$28) -> 17793 | G35: =SUMIF(Est_BS!$C$5:$C$28,C35,Est_BS!$G$5:$G$28) -> 18672 | H35: =SUMIF(Est_BS!$C$5:$C$28,C35,Est_BS!$H$5:$H$28) -> 20976 | I35: =SUMIF(Est_BS!$C$5:$C$28,C35,Est_BS!$I$5:$I$28) -> 20976 | J35: =SUMIF(Est_BS!$C$5:$C$28,C35,Est_BS!$J$5:$J$28) -> 20976 | K35: =SUMIF(Est_BS!$C$5:$C$28,C35,Est_BS!$K$5:$K$28) -> 20976 | L35: =SUMIF(Est_BS!$C$5:$C$28,C35,Est_BS!$L$5:$L$28) -> 20976 | M35: =SUMIF(Est_BS!$C$5:$C$28,C35,Est_BS!$M$5:$M$28) -> 20976 | N35: OAL
C36: Accrued Expenses | F36: =SUMIF(Est_BS!$C$5:$C$28,C36,Est_BS!$F$5:$F$28) -> 1599047 | G36: =SUMIF(Est_BS!$C$5:$C$28,C36,Est_BS!$G$5:$G$28) -> 1665678 | H36: =SUMIF(Est_BS!$C$5:$C$28,C36,Est_BS!$H$5:$H$28) -> 1637413 | I36: =SUMIF(Est_BS!$C$5:$C$28,C36,Est_BS!$I$5:$I$28) -> 1637413 | J36: =SUMIF(Est_BS!$C$5:$C$28,C36,Est_BS!$J$5:$J$28) -> 1637413 | K36: =SUMIF(Est_BS!$C$5:$C$28,C36,Est_BS!$K$5:$K$28) -> 1637413 | L36: =SUMIF(Est_BS!$C$5:$C$28,C36,Est_BS!$L$5:$L$28) -> 1637413 | M36: =SUMIF(Est_BS!$C$5:$C$28,C36,Est_BS!$M$5:$M$28) -> 1637413 | N36: OAL
C37: Current Portion of Long-Term Debt | F37: =SUMIF(Est_BS!$C$5:$C$28,C37,Est_BS!$F$5:$F$28) -> 6024000 | G37: =SUMIF(Est_BS!$C$5:$C$28,C37,Est_BS!$G$5:$G$28) -> 6024000 | H37: =SUMIF(Est_BS!$C$5:$C$28,C37,Est_BS!$H$5:$H$28) -> 4024000 | I37: =SUMIF(Est_BS!$C$5:$C$28,C37,Est_BS!$I$5:$I$28) -> 0 | J37: =SUMIF(Est_BS!$C$5:$C$28,C37,Est_BS!$J$5:$J$28) -> 0 | K37: =SUMIF(Est_BS!$C$5:$C$28,C37,Est_BS!$K$5:$K$28) -> 0 | L37: =SUMIF(Est_BS!$C$5:$C$28,C37,Est_BS!$L$5:$L$28) -> 0 | M37: =SUMIF(Est_BS!$C$5:$C$28,C37,Est_BS!$M$5:$M$28) -> 0 | N37: IBD
B38: II. Non-Current Liabilities | F38: =SUMIF(Est_BS!$B$5:$B$28,B38,Est_BS!$F$5:$F$28) -> 10459530 | G38: =SUMIF(Est_BS!$B$5:$B$28,B38,Est_BS!$G$5:$G$28) -> 10656179 | H38: =SUMIF(Est_BS!$B$5:$B$28,B38,Est_BS!$H$5:$H$28) -> 10656179 | I38: =SUMIF(Est_BS!$B$5:$B$28,B38,Est_BS!$I$5:$I$28) -> 656179 | J38: =SUMIF(Est_BS!$B$5:$B$28,B38,Est_BS!$J$5:$J$28) -> 656179 | K38: =SUMIF(Est_BS!$B$5:$B$28,B38,Est_BS!$K$5:$K$28) -> 656179 | L38: =SUMIF(Est_BS!$B$5:$B$28,B38,Est_BS!$L$5:$L$28) -> 656179 | M38: =SUMIF(Est_BS!$B$5:$B$28,B38,Est_BS!$M$5:$M$28) -> 656179
C39: Provision for Retirement Benefits | F39: =SUMIF(Est_BS!$C$5:$C$28,C39,Est_BS!$F$5:$F$28) -> 459530 | G39: =SUMIF(Est_BS!$C$5:$C$28,C39,Est_BS!$G$5:$G$28) -> 656179 | H39: =SUMIF(Est_BS!$C$5:$C$28,C39,Est_BS!$H$5:$H$28) -> 656179 | I39: =SUMIF(Est_BS!$C$5:$C$28,C39,Est_BS!$I$5:$I$28) -> 656179 | J39: =SUMIF(Est_BS!$C$5:$C$28,C39,Est_BS!$J$5:$J$28) -> 656179 | K39: =SUMIF(Est_BS!$C$5:$C$28,C39,Est_BS!$K$5:$K$28) -> 656179 | L39: =SUMIF(Est_BS!$C$5:$C$28,C39,Est_BS!$L$5:$L$28) -> 656179 | M39: =SUMIF(Est_BS!$C$5:$C$28,C39,Est_BS!$M$5:$M$28) -> 656179 | N39: OAL
C40: Convertible Bonds | F40: =SUMIF(Est_BS!$C$5:$C$28,C40,Est_BS!$F$5:$F$28) -> 10000000 | G40: =SUMIF(Est_BS!$C$5:$C$28,C40,Est_BS!$G$5:$G$28) -> 10000000 | H40: =SUMIF(Est_BS!$C$5:$C$28,C40,Est_BS!$H$5:$H$28) -> 10000000 | I40: =SUMIF(Est_BS!$C$5:$C$28,C40,Est_BS!$I$5:$I$28) -> 0 | J40: =SUMIF(Est_BS!$C$5:$C$28,C40,Est_BS!$J$5:$J$28) -> 0 | K40: =SUMIF(Est_BS!$C$5:$C$28,C40,Est_BS!$K$5:$K$28) -> 0 | L40: =SUMIF(Est_BS!$C$5:$C$28,C40,Est_BS!$L$5:$L$28) -> 0 | M40: =SUMIF(Est_BS!$C$5:$C$28,C40,Est_BS!$M$5:$M$28) -> 0 | N40: IBD
A41: Equity | F41: =SUMIF(Est_BS!$A$5:$A$28,A41,Est_BS!$F$5:$F$28) -> 78342383 | G41: =SUMIF(Est_BS!$A$5:$A$28,A41,Est_BS!$G$5:$G$28) -> 80610309 | H41: =SUMIF(Est_BS!$A$5:$A$28,A41,Est_BS!$H$5:$H$28) -> 85733121 | I41: =SUMIF(Est_BS!$A$5:$A$28,A41,Est_BS!$I$5:$I$28) -> 0 | J41: =SUMIF(Est_BS!$A$5:$A$28,A41,Est_BS!$J$5:$J$28) -> 0 | K41: =SUMIF(Est_BS!$A$5:$A$28,A41,Est_BS!$K$5:$K$28) -> 0 | L41: =SUMIF(Est_BS!$A$5:$A$28,A41,Est_BS!$L$5:$L$28) -> 0 | M41: =SUMIF(Est_BS!$A$5:$A$28,A41,Est_BS!$M$5:$M$28) -> 0 | N41: EQU

Sheet DCF
A1: Free Cash Flow (FCF) and Valuation (PV) Results | H1: DCF Value | I1: =I44 -> 5.3337033e+08 | J1: =J44 -> 1.0553496e+09 | K1: =K44 -> 1.0786351e+09 | L1: =L44 -> 1.1008666e+09 | M1: =M44 -> 1.1211167e+09
A2: Note: Prepare the estimated Free Cash Flow (FCF) and Valuation (PV) Results by Year
F3: Historical Performance | I3: Projection
E4: Category | F4: 2023 | G4: 2024 | H4: 01/2025-06/2025 | I4: 07/2025 - 12/2025 | J4: 2026 | K4: 2027 | L4: 2028 | M4: 2029 | N4: Notes & References
E5: Revenue | F5: =Revenue!F7 -> 197147298 | G5: =Revenue!G7 -> 202498052 | H5: =Revenue!H7 -> 108378024 | I5: =Revenue!I7 -> 89085937 | J5: =Revenue!J7 -> 1.8519185e+08 | K5: =Revenue!K7 -> 1.9221617e+08 | L5: =Revenue!L7 -> 1.9945696e+08 | M5: =Revenue!M7 -> 2.0706424e+08
E6: COGS | F6: =COGS!F28 -> 77531924 | G6: =COGS!G28 -> 77672267 | H6: =COGS!H28 -> 40129374 | I6: =COGS!I28 -> 20717721 | J6: =COGS!J28 -> 43372913 | K6: =COGS!K28 -> 45489088 | L6: =COGS!L28 -> 47477201 | M6: =COGS!M28 -> 49646083
E7: SG&A | F7: =SGA!F38 -> 44043985 | G7: =SGA!G38 -> 44628983 | H7: =SGA!H38 -> 21791246 | I7: =SGA!I38 -> 8624887.9 | J7: =SGA!J38 -> 17609508 | K7: =SGA!K38 -> 17963445 | L7: =SGA!L38 -> 18322560 | M7: =SGA!M38 -> 18689985
E8: Operating Profit | F8: =F5-F6-F7 -> 75571389 | G8: =G5-G6-G7 -> 80196802 | H8: =H5-H6-H7 -> 46457404 | I8: =I5-I6-I7 -> 59743328 | J8: =J5-J6-J7 -> 1.2420942e+08 | K8: =K5-K6-K7 -> 1.2876364e+08 | L8: =L5-L6-L7 -> 1.3365719e+08 | M8: =M5-M6-M7 -> 1.3872818e+08
E9: TAX | F9: =TAX!F7 -> 0 | G9: =TAX!G7 -> 0 | H9: =TAX!H7 -> 0 | I9: =TAX!I7 -> 0 | J9: =TAX!J7 -> 0 | K9: =TAX!K7 -> 0 | L9: =TAX!L7 -> 0 | M9: =TAX!M7 -> 0
E10: Operating Profit After Tax | F10: =F8-F9 -> 75571389 | G10: =G8-G9 -> 80196802 | H10: =H8-H9 -> 46457404 | I10: =I8-I9 -> 59743328 | J10: =J8-J9 -> 1.2420942e+08 | K10: =K8-K9 -> 1.2876364e+08 | L10: =L8-L9 -> 1.3365719e+08 | M10: =M8-M9 -> 1.3872818e+08
E11: Depreciation and Amortization | F11: =+IFERROR(COGS!F89,0)+ IFERROR(SGA!F109,0) -> 6594915 | G11: =+IFERROR(COGS!G89,0)+ IFERROR(SGA!G109,0) -> 6593605 | H11: =+IFERROR(COGS!H89,0)+ IFERROR(SGA!H109,0) -> 3393711 | I11: =+IFERROR(COGS!I89,0)+ IFERROR(SGA!I109,0) -> 673853.24 | J11: =+IFERROR(COGS!J89,0)+ IFERROR(SGA!J109,0) -> 1762903.1 | K11: =+IFERROR(COGS!K89,0)+ IFERROR(SGA!K109,0) -> 2357907 | L11: =+IFERROR(COGS!L89,0)+ IFERROR(SGA!L109,0) -> 2778192.6 | M11: =+IFERROR(COGS!M89,0)+ IFERROR(SGA!M109,0) -> 3302024.2
E12: Change in Working Capital | F12: =WC!F12 -> 0 | G12: =WC!G12 -> 7039226 | H12: =WC!H12 -> -9645487 | I12: =WC!I12 -> -4172204.2 | J12: =WC!J12 -> 844999.11 | K12: =WC!K12 -> 700569.83 | L12: =WC!L12 -> 667806.16 | M12: =WC!M12 -> 813063.3
D13: Note: Ensure all fixed asset investments are included. | E13: CAPEX | F13: =+IFERROR(COGS!F101,0)+IFERROR(COGS!F120,0)+ IFERROR(SGA!F121,0) -> 0 | G13: =+IFERROR(COGS!G101,0)+IFERROR(COGS!G120,0)+ IFERROR(SGA!G121,0) -> 0 | H13: =+IFERROR(COGS!H101,0)+IFERROR(COGS!H120,0)+ IFERROR(SGA!H121,0) -> 0 | I13: =+IFERROR(COGS!I101,0)+IFERROR(COGS!I120,0)+ IFERROR(SGA!I121,0) -> 6738532.4 | J13: =+IFERROR(COGS!J101,0)+IFERROR(COGS!J120,0)+ IFERROR(SGA!J121,0) -> 4151966.2 | K13: =+IFERROR(COGS!K101,0)+IFERROR(COGS!K120,0)+ IFERROR(SGA!K121,0) -> 1798073 | L13: =+IFERROR(COGS!L101,0)+IFERROR(COGS!L120,0)+ IFERROR(SGA!L121,0) -> 2404782.2 | M13: =+IFERROR(COGS!M101,0)+IFERROR(COGS!M120,0)+ IFERROR(SGA!M121,0) -> 2833534.2
E14: Free Cash Flow | F14: =F10+F11-F12-F13 -> 82166304 | G14: =G10+G11-G12-G13 -> 79751181 | H14: =H10+H11-H12-H13 -> 59496602 | I14: =I10+I11-I12-I13 -> 57850853 | J14: =J10+J11-J12-J13 -> 1.2097536e+08 | K14: =K10+K11-K12-K13 -> 1.286229e+08 | L14: =L10+L11-L12-L13 -> 1.333628e+08 | M14: =M10+M11-M12-M13 -> 1.383836e+08
A16: Value
A17: Note: The operating value is calculated by adding the operating value during the forecast period and the terminal value, then the equity value is determined by adding non-operating assets and subtracting interest-bearing debt.
D19: Manually entered | F19: Manually entered
A20: Reference Month (End of Period) | B20: 6 | C20: Discount Point of Reference | D20: Mid | E20: Terminal Growth Rate(g) | F20: 0.01 | G20: Note: Growth is usually 0?1%, up to CPI in high-growth cases. | J20: WACC | K20: =WACC!B16 -> 0.1353
D22: Category | E22: Category | F22: 2023 | G22: 2024 | H22: 01/2025-06/2025 | I22: 07/2025 - 12/2025 | J22: 2026 | K22: 2027 | L22: 2028 | M22: 2029 | N22: Notes & References
D23: Operating Value for the Forecast Period | E23: Free Cash Flow | I23: =I14 -> 57850853 | J23: =J14 -> 1.2097536e+08 | K23: =K14 -> 1.286229e+08 | L23: =L14 -> 1.333628e+08 | M23: =M14 -> 1.383836e+08
E24: Discount Period (Beginning) | I24: 0 | J24: =I25 -> 0.5 | K24: =J25 -> 1.5 | L24: =K25 -> 2.5 | M24: =L25 -> 3.5
E25: Discount Period (End) | I25: =1/12*(12-6) -> 0.5 | J25: =I25+1 -> 1.5 | K25: =J25+1 -> 2.5 | L25: =K25+1 -> 3.5 | M25: =L25+1 -> 4.5
E26: Discount Period (Average) | I26: =(I24+I25)/2 -> 0.25 | J26: =(J24+J25)/2 -> 1 | K26: =(K24+K25)/2 -> 2 | L26: =(L24+L25)/2 -> 3 | M26: =(M24+M25)/2 -> 4
E27: Discount Factor | I27: =IF($D$20="End", POWER(1/(1+$K$20), I25), IF($D$20="Mid", POWER(1/(1+$K$20), I26), "")) -> 0.9687737 | J27: =IF($D$20="End", POWER(1/(1+$K$20), J25), IF($D$20="Mid", POWER(1/(1+$K$20), J26), "")) -> 0.88082445 | K27: =IF($D$20="End", POWER(1/(1+$K$20), K25), IF($D$20="Mid", POWER(1/(1+$K$20), K26), "")) -> 0.77585171 | L27: =IF($D$20="End", POWER(1/(1+$K$20), L25), IF($D$20="Mid", POWER(1/(1+$K$20), L26), "")) -> 0.68338916 | M27: =IF($D$20="End", POWER(1/(1+$K$20), M25), IF($D$20="Mid", POWER(1/(1+$K$20), M26), "")) -> 0.60194588
E28: Present Value by Period | I28: =I23*I27 -> 56044385 | J28: =J23*J27 -> 1.0655806e+08 | K28: =K23*K27 -> 99792300 | L28: =L23*L27 -> 91138691 | M28: =M23*M27 -> 83299440
D29: Operating Value for the Forecast Period | E29: Operating Value for the Forecast Period | I29: =SUM($I$28:I28) -> 56044385 | J29: =SUM($I$28:J28) -> 1.6260244e+08 | K29: =SUM($I$28:K28) -> 2.6239474e+08 | L29: =SUM($I$28:L28) -> 3.5353343e+08 | M29: =SUM($I$28:M28) -> 4.3683287e+08
D30: Terminal Value | E30: Revenue at the Final Period (with Growth Rate Applied) | I30: =I5*(1+$F$20) -> 89976796 | J30: =J5*(1+$F$20) -> 1.8704376e+08 | K30: =K5*(1+$F$20) -> 1.9413833e+08 | L30: =L5*(1+$F$20) -> 2.0145153e+08 | M30: =M5*(1+$F$20) -> 2.0913489e+08
E31: COGS (with Growth Rate Applied) | I31: =I6*(1+$F$20) -> 20924898 | J31: =J6*(1+$F$20) -> 43806642 | K31: =K6*(1+$F$20) -> 45943979 | L31: =L6*(1+$F$20) -> 47951973 | M31: =M6*(1+$F$20) -> 50142543
E32: SG&A (with Growth Rate Applied) | I32: =I7*(1+$F$20) -> 8711136.8 | J32: =J7*(1+$F$20) -> 17785603 | K32: =K7*(1+$F$20) -> 18143080 | L32: =L7*(1+$F$20) -> 18505786 | M32: =M7*(1+$F$20) -> 18876885
E33: Operating Profit (with Growth Rate Applied) | I33: =I8*(1+$F$20) -> 60340761 | J33: =J8*(1+$F$20) -> 1.2545152e+08 | K33: =K8*(1+$F$20) -> 1.3005128e+08 | L33: =L8*(1+$F$20) -> 1.3499377e+08 | M33: =M8*(1+$F$20) -> 1.4011546e+08
E34: TAX | I34: =I9*(1+$F$20) -> 0 | J34: =J9*(1+$F$20) -> 0 | K34: =K9*(1+$F$20) -> 0 | L34: =L9*(1+$F$20) -> 0 | M34: =M9*(1+$F$20) -> 0
E35: Operating Profit After Tax | I35: =I33-I34 -> 60340761 | J35: =J33-J34 -> 1.2545152e+08 | K35: =K33-K34 -> 1.3005128e+08 | L35: =L33-L34 -> 1.3499377e+08 | M35: =M33-M34 -> 1.4011546e+08
E36: Depreciation and Amortization | I36: 0 | J36: 0 | K36: 0 | L36: 0 | M36: 0
E37: Change in Working Capital | I37: =WC!I11*($F$20) -> 176250.73 | J37: =WC!J11*($F$20) -> 184700.72 | K37: =WC!K11*($F$20) -> 191706.42 | L37: =WC!L11*($F$20) -> 198384.48 | M37: =WC!M11*($F$20) -> 206515.11
E38: CAPEX | I38: 0 | J38: 0 | K38: 0 | L38: 0 | M38: 0
E39: Free Cash Flow at the Final Period | I39: =I35+I36-I37-I38 -> 60164511 | J39: =J35+J36-J37-J38 -> 1.2526682e+08 | K39: =K35+K36-K37-K38 -> 1.2985957e+08 | L39: =L35+L36-L37-L38 -> 1.3479538e+08 | M39: =M35+M36-M37-M38 -> 1.3990894e+08
D40: Terminal Value | E40: Terminal Value | I40: =I39/($K$20-$F$20)*I27 -> 4.6516996e+08 | J40: =J39/($K$20-$F$20)*J27 -> 8.8059119e+08 | K40: =K39/($K$20-$F$20)*K27 -> 8.0408435e+08 | L40: =L39/($K$20-$F$20)*L27 -> 7.351772e+08 | M40: =M39/($K$20-$F$20)*M27 -> 6.7212779e+08
D41: Operating Value | E41: Operating Value | I41: =I29+I40 -> 5.2121434e+08 | J41: =J29+J40 -> 1.0431936e+09 | K41: =K29+K40 -> 1.0664791e+09 | L41: =L29+L40 -> 1.0887106e+09 | M41: =M29+M40 -> 1.1089607e+09
D42: Equity Value Calculation | E42: Non-Operating Assets | I42: =NOA!$H$8 -> 26179986 | J42: =NOA!$H$8 -> 26179986 | K42: =NOA!$H$8 -> 26179986 | L42: =NOA!$H$8 -> 26179986 | M42: =NOA!$H$8 -> 26179986
E43: Interest-Bearing Debt | I43: =IBD!$H$9 -> 14024000 | J43: =IBD!$H$9 -> 14024000 | K43: =IBD!$H$9 -> 14024000 | L43: =IBD!$H$9 -> 14024000 | M43: =IBD!$H$9 -> 14024000
D44: Equity Value | E44: Equity Value | I44: =I41+I42-I43 -> 5.3337033e+08 | J44: =J41+J42-J43 -> 1.0553496e+09 | K44: =K41+K42-K43 -> 1.0786351e+09 | L44: =L41+L42-L43 -> 1.1008666e+09 | M44: =M41+M42-M43 -> 1.1211167e+09
A46: Sensitivity Analysis
A47: Note: Data - Virtual Analysis - Select row (K20) and column (F20) in the data table, then click OK to complete.
D49: WACC
B50: Enter value as a formula | C50: =D50-0.5% -> 0.1303 | D50: =K20 -> 0.1353 | E50: =D50+0.5% -> 0.1403 | F50: Note: Copy the row and column values to create a data table.
B51: =B52-0.5% -> 0.005
A52: Terminal Growth Rate(g) | B52: =F20 -> 0.01
B53: =B52+0.5% -> 0.015
A55: ① After copying the row and column values of the table, define the sensitivity analysis table. ② Go to Data - What-If Analysis - Data Table. ③ In the Row Input Cell, specify the WACC value, and in the Column Input Cell, specify the growth rate value, then click OK.

Sheet Report_DCF
A1: Report_DCF
A3: Valuation Report
A4: Currency Unit: | B4: USD
B5: =DCF!I$4 -> 07/2025 - 12/2025 | C5: =DCF!J$4 -> 2026 | D5: =DCF!K$4 -> 2027 | E5: =DCF!L$4 -> 2028 | F5: =DCF!M$4 -> 2029 | G5: T. V.
A6: Revenue | B6: =DCF!I5 -> 89085937 | C6: =DCF!J5 -> 1.8519185e+08 | D6: =DCF!K5 -> 1.9221617e+08 | E6: =DCF!L5 -> 1.9945696e+08 | F6: =DCF!M5 -> 2.0706424e+08 | G6: =DCF!M30 -> 2.0913489e+08
A7: Revenue Growth Rate | C7: =C6/(B6+DCF!H5)-1 -> -0.062148633 | D7: =D6/C6-1 -> 0.03793 | E7: =E6/D6-1 -> 0.03767 | F7: =F6/E6-1 -> 0.03814 | G7: =(G6/F6-1) -> 0.01
A8: COGS | B8: =DCF!I6 -> 20717721 | C8: =DCF!J6 -> 43372913 | D8: =DCF!K6 -> 45489088 | E8: =DCF!L6 -> 47477201 | F8: =DCF!M6 -> 49646083 | G8: =DCF!M31 -> 50142543
A9: COGS Ratio | B9: =B8/B6 -> 0.23255883 | C9: =C8/C6 -> 0.23420531 | D9: =D8/D6 -> 0.23665588 | E9: =E8/E6 -> 0.23803232 | F9: =F8/F6 -> 0.23976174 | G9: =G8/G6 -> 0.23976174
A10: Gross Profit | B10: =B6-B8 -> 68368216 | C10: =C6-C8 -> 1.4181893e+08 | D10: =D6-D8 -> 1.4672708e+08 | E10: =E6-E8 -> 1.5197975e+08 | F10: =F6-F8 -> 1.5741816e+08 | G10: =G6-G8 -> 1.5899234e+08
A11: Gross Profit Margin | B11: =B10/B6 -> 0.76744117 | C11: =C10/C6 -> 0.76579469 | D11: =D10/D6 -> 0.76334412 | E11: =E10/E6 -> 0.76196768 | F11: =F10/F6 -> 0.76023826 | G11: =G10/G6 -> 0.76023826
A12: SG&A | B12: =DCF!I7 -> 8624887.9 | C12: =DCF!J7 -> 17609508 | D12: =DCF!K7 -> 17963445 | E12: =DCF!L7 -> 18322560 | F12: =DCF!M7 -> 18689985 | G12: =DCF!M32 -> 18876885
A13: SG&A Ratio | B13: =B12/B6 -> 0.096815369 | C13: =C12/C6 -> 0.095087921 | D13: =D12/D6 -> 0.09345439 | E13: =E12/E6 -> 0.091862227 | F13: =F12/F6 -> 0.09026177 | G13: =G12/G6 -> 0.09026177
A14: Operating Profit | B14: =B10-B12 -> 59743328 | C14: =C10-C12 -> 1.2420942e+08 | D14: =D10-D12 -> 1.2876364e+08 | E14: =E10-E12 -> 1.3365719e+08 | F14: =F10-F12 -> 1.3872818e+08 | G14: =G10-G12 -> 1.4011546e+08
A15: Operating Profit Margin | B15: =B14/B6 -> 0.6706258 | C15: =C14/C6 -> 0.67070677 | D15: =D14/D6 -> 0.66988973 | E15: =E14/E6 -> 0.67010546 | F15: =F14/F6 -> 0.66997649 | G15: =G14/G6 -> 0.66997649
A16: TAX | B16: =DCF!I9 -> 0 | C16: =DCF!J9 -> 0 | D16: =DCF!K9 -> 0 | E16: =DCF!L9 -> 0 | F16: =DCF!M9 -> 0 | G16: =DCF!M34 -> 0
A17: Operating Profit After Tax | B17: =B14-B16 -> 59743328 | C17: =C14-C16 -> 1.2420942e+08 | D17: =D14-D16 -> 1.2876364e+08 | E17: =E14-E16 -> 1.3365719e+08 | F17: =F14-F16 -> 1.3872818e+08 | G17: =G14-G16 -> 1.4011546e+08
A18: CAPEX | B18: =-DCF!I13 -> -6738532.4 | C18: =-DCF!J13 -> -4151966.2 | D18: =-DCF!K13 -> -1798073 | E18: =-DCF!L13 -> -2404782.2 | F18: =-DCF!M13 -> -2833534.2 | G18: =-DCF!M38 -> 0
A19: Depreciation and Amortization | B19: =DCF!I11 -> 673853.24 | C19: =DCF!J11 -> 1762903.1 | D19: =DCF!K11 -> 2357907 | E19: =DCF!L11 -> 2778192.6 | F19: =DCF!M11 -> 3302024.2 | G19: =DCF!M36 -> 0
A20: Net Change in Working Capital | B20: =-DCF!I12 -> 4172204.2 | C20: =-DCF!J12 -> -844999.11 | D20: =-DCF!K12 -> -700569.83 | E20: =-DCF!L12 -> -667806.16 | F20: =-DCF!M12 -> -813063.3 | G20: =-DCF!M37 -> -206515.11
A21: Free Cash Flow | B21: =B17+B18+B19+B20 -> 57850853 | C21: =C17+C18+C19+C20 -> 1.2097536e+08 | D21: =D17+D18+D19+D20 -> 1.286229e+08 | E21: =E17+E18+E19+E20 -> 1.333628e+08 | F21: =F17+F18+F19+F20 -> 1.383836e+08 | G21: =(G17+G18+G19+G20)/(DCF!$K$20-DCF!$F$20) -> 1.1165917e+09
A22: Discount Factor | B22: =DCF!I27 -> 0.9687737 | C22: =DCF!J27 -> 0.88082445 | D22: =DCF!K27 -> 0.77585171 | E22: =DCF!L27 -> 0.68338916 | F22: =DCF!M27 -> 0.60194588 | G22: =F22 -> 0.60194588
A23: Discounted Free Cash Flow | B23: =DCF!I28 -> 56044385 | C23: =DCF!J28 -> 1.0655806e+08 | D23: =DCF!K28 -> 99792300 | E23: =DCF!L28 -> 91138691 | F23: =DCF!M28 -> 83299440 | G23: =G21*G22 -> 6.7212779e+08
A24: Operating Value | G24: =SUM($B$23:F23)+G23 -> 1.1089607e+09
A25: Non-Operating Assets | G25: =DCF!M42 -> 26179986
A26: Enterprise Value | G26: =G24+G25 -> 1.1351407e+09
A27: Interest-Bearing Debt | G27: =DCF!M43 -> 14024000
A28: Equity Value | G28: =G26-G27 -> 1.1211167e+09
A31: Sensitivity Analysis
D32: WACC
B33: =DCF!B50 -> Enter value as a formula | C33: =DCF!C50 -> 0.1303 | D33: =DCF!D50 -> 0.1353 | E33: =DCF!E50 -> 0.1403
B34: =DCF!B51 -> 0.005 | C34: =DCF!C51 -> 0 | D34: =DCF!D51 -> 0 | E34: =DCF!E51 -> 0
A35: Terminal Growth Rate(g) | B35: =DCF!B52 -> 0.01 | C35: =DCF!C52 -> 0 | D35: =DCF!D52 -> 0 | E35: =DCF!E52 -> 0
B36: =DCF!B53 -> 0.015 | C36: =DCF!C53 -> 0 | D36: =DCF!D53 -> 0 | E36: =DCF!E53 -> 0
A39: Non-Operating Assets and Interest-Bearing Liabilities
A40: Category | B40: Amount
A41: Checking Deposits | B41: =NOA!$H5 -> 8179986
A42: Short-term Financial Products | B42: =NOA!$H6 -> 8000000
A43: Long-term Financial Products | B43: =NOA!$H7 -> 10000000
A44: Total Non-Operating Assets | B44: =IFERROR(SUM(B41:B43),0) -> 26179986
A45: Current Portion of Long-Term Debt | B45: =IF(IBD!A5 = "Assets", -IBD!$H5, IF(IBD!A5 = "Liabilities", IBD!$H5, "")) -> 4024000
A46: Convertible Bonds | B46: =IF(IBD!A6 = "Assets", -IBD!$H6, IF(IBD!A6 = "Liabilities", IBD!$H6, "")) -> 10000000
A47: Total Interest-Bearing Liabilities | B47: =IFERROR(SUM(B45:B46),0) -> 14024000
